 Dungeon Crawl Stone Soup version 0.29.0-4-gdea44cf6ec (webtiles) character file.

Game seed: 6641480807178663960

176660 qw the Wrestler (level 17, -2/170 HPs)
             Began as a Troll Cinder Acolyte on Aug 31, 2022.
             Was a High Priest of Okawaru.
             Killed from afar by a lightning spire (6 damage)
             ... with a bolt of electricity
             ... on level 2 of the Swamp.
             The game lasted 00:28:55 (37239 turns).

qw the Wrestler (Troll Cinder Acolyte)             Turns: 37239, Time: 00:28:56

Health: -2/170     AC: 11    Str: 40    XL:     17   Next: 51%
Magic:  23/23      EV: 18    Int: 17    God:    Okawaru [*****.]
Gold:   2289       SH: 17    Dex:  8    Spells: 18/18 levels left

rFire   + . .      SeeInvis +     - Unarmed
rCold   + + .      Faith    .   w - +0 tower shield of Classification {Rampage rN+ Str+4 Dex+3}
rNeg    + . .      Spirit   .   o - +5 robe of Night {Dark Will+ SInv}
rPois   +          Reflect  .   n - +2 hat {Stlth+}
rElec   .          Harm     .   g - scarf {rC+ rF+}
rCorr   .          Rampage  +   (gloves unavailable)
Will    ++...                   (boots unavailable)
Stlth   +++.......              (no amulet)
HPRegen 1.18/turn               E - ring "Vileaced" {Drain rPois rC+ Str+4 Int+7}
MPRegen 0.18/turn               A - ring of the Hare {EV+8}

@: heroic, very slow
A: large, unfitting armour, claws 3, regeneration 1, shaggy fur 1, tough skin 1
a: Renounce Religion, Heroism, Finesse, Duel


You were on level 2 of the Swamp.
You worshipped Okawaru.
Okawaru was extremely pleased with you.
You visited 5 branches of the dungeon, and saw 25 of its levels.
You also visited: Ossuary.

You collected 3453 gold pieces.
You spent 1164 gold pieces at shops.


Innate Abilities, Weirdness & Mutations

You are too large for most types of armour.
You have claws for hands.
Your natural rate of healing is unusually fast.
You are covered in fur. (AC +1)
You have tough skin. (AC +1)


   Skills:
 - Level 11.1(16.1) Fighting
 - Level 11.0(16.0) Throwing
 - Level 1.6(6.6) Armour
 - Level 3.0(8.0) Dodging
 + Level 11.0(16.0) Shields
 - Level 22.0(27) Unarmed Combat
 - Level 1.0 Spellcasting
 - Level 2.1 Fire Magic
 - Level 10.0 Invocations


You had 18 spell levels left.
You didn't know any spells.
Your spell library contained the following spells:

 Spells                   Type           Power      Damage    Failure   Level
 Scorch                   Fire           16%        2d6       32%         2

Inventory:

Missiles
 m - 6 javelins
 s - 42 large rocks (quivered)
 t - a boomerang of dispersal
 u - 13 boomerangs
Armour
 g - a scarf of resistance (worn)
 l - the +1 robe of the Unseen Realm {Str+6 Dex+2}
   (You acquired it on level 2 of the Swamp)

   Str:       It affects your strength (+6).
   Dex:       It affects your dexterity (+2).
 n - a +2 hat of stealth (worn)
 o - the +5 robe of Night (worn) {Dark Will+ SInv}
   (You found it on level 7 of the Dungeon)

   It shrouds the wearer in darkness, reducing the range at which they can see
   and be seen by others.
   SInv:      It lets you see invisible.
   Will:      It increases your willpower.
 r - a +0 cloak
 w - the +0 tower shield of Classification (worn) {Rampage rN+ Str+4 Dex+3}
   (You acquired it on level 2 of the Swamp)

   Str:       It affects your strength (+4).
   Dex:       It affects your dexterity (+3).
   rN:        It protects you from negative energy.
   Rampage:   It bestows one free step when moving towards enemies.
 C - the +3 robe of the Yeti {rC++ Will+ Int+2}
   (Okawaru gifted it to you on level 15 of the Dungeon)

   Int:       It affects your intelligence (+2).
   rC:        It greatly protects you from cold.
   Will:      It increases your willpower.
Jewellery
 a - the amulet of Music {Spirit rF++}
   (You acquired it on level 2 of the Orcish Mines)

   [amulet of guardian spirit]

   It causes incoming damage to be divided between your reserves of health and
   magic.
   rF:        It greatly protects you from fire.
 A - the ring of the Hare (right claw) {EV+8}
   (You took it off an ogre mage on level 11 of the Dungeon)

   [ring of evasion]

   EV:        It affects your evasion (+8).
 B - the ring "Kuhoev" {Ice Will- Dex+8 Stlth-}
   (You found it on level 15 of the Dungeon)

   [ring of ice]

   It enhances your ice magic.
   Dex:       It affects your dexterity (+8).
   rF:        It makes you vulnerable to fire.
   rC:        It protects you from cold.
   Will:      It decreases your willpower.
   Stlth:     It makes you less stealthy.
 D - the ring "Suggan" {rF+ AC+4 Dex+3}
   (You found it on level 15 of the Dungeon)

   [ring of protection]

   AC:        It affects your AC (+4).
   Dex:       It affects your dexterity (+3).
   rF:        It protects you from fire.
 E - the ring "Vileaced" (left claw) {Drain rPois rC+ Str+4 Int+7}
   (You found it on level 15 of the Dungeon)

   [ring of poison resistance]

   Str:       It affects your strength (+4).
   Int:       It affects your intelligence (+7).
   rC:        It protects you from cold.
   rPois:     It protects you from poison.
   Drain:     It drains your maximum health when unequipped.
Scrolls
 b - 7 scrolls of enchant armour
 c - 21 scrolls of identify
 f - 9 scrolls of enchant weapon
 j - 3 scrolls of brand weapon
Potions
 d - 2 potions of cancellation
 e - 7 potions of mutation
 i - 3 potions of might
 k - 16 potions of curing
 p - 6 potions of haste
 q - 4 potions of magic
 z - 2 potions of resistance

Dungeon Overview and Level Annotations

Branches:
Dungeon (15/15)            Temple (1/1) D:6            Lair (5/5) D:8
  Swamp (2/4) Lair:2       Spider (0/4) Lair:3        Slime (0/5) Lair:4
    Orc (2/2) D:11            Elf (0/3) Orc:2        Vaults (0/5) D:14
 Depths (0/4) D:15        Ossuary (visited)

Altars:
Ashenzari
Cheibriados
Dithmenos
Elyvilon
Fedhas
Gozag
Hepliaklqana
Kikubaaqudgha
Makhleb
Nemelex Xobeh
Okawaru
Qazlal
Ru
Sif Muna
Trog
Uskayaw
Vehumet
Wu Jian
Xom
Yredelemnul
Zin
The Shining One
Jiyva

Shops:
D:1 (   D:4 *   D:9 *   Orc:2 *[!(

Annotations:
D:5 6 runed translucent doors, Crazy Yiuf
D:13 2 transporters, Mallanif's ghost, journeyman GnTm
D:15 2 transporters
Lair:1 3 runed translucent doors, qw's ghost, journeyman TrCA


Message History

The bolt of electricity hits you!
The lightning spire shoots out a bolt of lightning at you!
The bolt of electricity hits you.
The lightning spire shoots out a bolt of lightning at you!
The bolt of electricity hits you.
The lightning spire shoots out a bolt of lightning at you!
The bolt of electricity hits you!
The lightning spire shoots out a bolt of lightning at you!
The bolt of electricity hits you.
The lightning spire shoots out a bolt of lightning at you!
The bolt of electricity hits you!
The lightning spire shoots out a bolt of lightning at you!
The bolt of electricity hits you!
The lightning spire shoots out a bolt of lightning at you!
The bolt of electricity hits you.
The lightning spire shoots out a bolt of lightning at you!
The bolt of electricity hits you.
The lightning spire shoots out a bolt of lightning at you!
The bolt of electricity misses you.
The lightning spire shoots out a bolt of lightning at you!
The bolt of electricity hits you!
The lightning spire shoots out a bolt of lightning at you!
The bolt of electricity hits you.
The lightning spire shoots out a bolt of lightning at you!
The bolt of electricity hits you!
The lightning spire shoots out a bolt of lightning at you!
The bolt of electricity hits you!
The lightning spire shoots out a bolt of lightning at you!
The bolt of electricity hits you.
The lightning spire shoots out a bolt of lightning at you!
The bolt of electricity hits you!
The lightning spire shoots out a bolt of lightning at you!
The bolt of electricity hits you.
The lightning spire shoots out a bolt of lightning at you!
The bolt of electricity hits you!
The lightning spire shoots out a bolt of lightning at you!
The bolt of electricity hits you.
The lightning spire shoots out a bolt of lightning at you!
The bolt of electricity hits you.
You die...

.[77...~...7..(~~~7~...~.~7~77
..777.~.~~~~7.7~....~....~...7
...7~.~.~.~777.....¤.........7
...77..~..77 7777777~..7777(77777
...77.~..¤77 77777777~~777~.....
7..777~.~..7 7787~~~7~7~~777.....
7..7 777.~.7 7~~~~>~~7~~~~77~...7
...7 7...777~~~¤~~~~~~~777~.~~.
..77 7...77~~~@7~~>~~~~7 7..~~.
..7 777~~~~77~~7~7~~~787777~~~~~
..7 7...~~~777~~7777777777.¤~~~~
..7 7...~~~~~77...7777777..~~~~~
.77 77.~~~.<....~..~..~~~~^~¤~~~
7777777.~~~7~.¤(7~..~~7.~..¤~~~~.
777..77.¤.7777777777777....~~~~~~
77~~~.7~777.~7....7 7[..~~~~~~~
.~~~~...~7...~.~~.7 7~..~~....~


You could see a lightning spire.

Vanquished Creatures
  Gastronok (D:8)
  Frances (D:13)
  A thorn hunter (Swamp:2)
  A fenstrider witch (Swamp:1)
  An orc warlord (Orc:2)
  A frost giant (D:15)
  Louise (Swamp:1)
  3 ghouls (Swamp:2)
  A stone giant (D:15)
  An eleionoma (Swamp:1)
  2 bunyips (Swamp:2)
  Azrael (D:12)
  An ettin (Orc:1)
  4 great orbs of eyes (D:15)
  3 rakshasas
  A fire dragon (Lair:5)
  4 vault guards (D:15)
  19 hydras
  4 ogre magi
  7 alligators
  2 death knights (D:15)
  A ghost crab (Swamp:2)
  8 boulder beetles
  5 centaur warriors
  13 two-headed ogres
  4 death yaks
  A deep troll shaman (D:15)
  6 tengu warriors
  A spriggan berserker (D:15)
  2 sun demons (D:12)
  10 skeletal warriors
  2 deep trolls (Orc:2)
  2 goliath frogs (Swamp:2)
  4 spriggan druids
  2 swamp dragons
  A glowing orange brain (D:15)
  Pikel (D:4)
  2 deep elf zephyrmancers
  3 wizards
  9 bog bodies
  3 orc knights
  3 necromancers
  5 deep elf pyromancers
  2 wolf spiders (Lair:5)
  4 ugly things
  An orc sorcerer (Orc:2)
  7 cyclopes
  8 manticores
  8 elephants
  5 will-o-the-wisps
  A guardian serpent (Lair:5)
  9 spectral spriggans (Swamp:2)
  7 black mambas
  24 cane toads
  2 smoke demons (D:12)
  8 gargoyles
  2 centaur skeletons (D:15)
  A torpor snail (Lair:4)
  8 komodo dragons
  6 kobold demonologists
  4 freezing wraiths
  A redback zombie (D:15)
  3 unseen horrors
  A yaktaur (D:15)
  4 rime drakes
  3 efreet
  3 tengu conjurers
  2 red devils (D:12)
  A queen bee (Lair:1)
  A polar bear (shapeshifter) (D:15)
  26 trolls
  3 bloated husks (Swamp:2)
  A queen bee (shapeshifter) (D:13)
  8 tyrant leeches
  A tarantella (shapeshifter) (D:15)
  4 polar bears
  7 hornets
  11 slime creatures
  A blink frog (shapeshifter) (D:15)
  7 dream sheep
  16 blink frogs
  Sigmund (D:2)
  4 centaur simulacra
  A jumping spider (Lair:3)
  64 yaks
  6 shadows
  6 wraiths
  6 spriggans
  A vampire (D:11)
  15 wyverns
  4 fire bats (D:9)
  4 steam dragons
  10 basilisks
  16 fire elementals
  A redback (D:15)
  16 vampire mosquitoes
  Menkaure (D:5)
  2 wargs
  7 acid dragons
  5 swamp worms
  17 water moccasins
  3 hell hounds
  2 sky beasts
  2 swamp drakes (Lair:5)
  2 black bears
  2 ice beasts
  21 orc warriors
  2 black bears (shapeshifter)
  3 wolves (Lair:4)
  18 ogres
  A centaur (shapeshifter) (D:11)
  3 centaurs
  A phantom (D:7)
  3 kobold brigands
  A lemure (D:4)
  8 bullfrogs
  2 necrophages
  8 scorpions
  10 wights
  23 killer bees
  7 electric eels
  5 howler monkeys
  A centaur zombie (Ossuary)
  2 lava snakes (D:9)
  5 human zombies (Ossuary)
  3 jellies
  13 orc priests
  A gnoll bouda (D:6)
  2 hounds
  6 iguanas
  28 orc wizards
  6 scorpion zombies (Ossuary)
  3 mummies (Ossuary)
  13 gnolls
  A river rat (D:3)
  3 adders
  An ufetubus (D:6)
  2 worms
  3 dart slugs
  81 orcs
  4 bats
  9 endoplasms
  7 giant cockroaches
  A gnoll zombie (Ossuary)
  7 goblins
  7 hobgoblins
  2 jackals (D:1)
  6 quokkas
  7 ball pythons
  5 frilled lizards
  A goblin zombie (Ossuary)
  23 kobolds
  2 orc zombies (Ossuary)
  15 rats
  A ball lightning (Swamp:2)
  3 fire vortices (D:9)
947 creatures vanquished.

Vanquished Creatures (others)
  A bloated husk (Swamp:2)
  A centaur (D:8)
  An orc (D:12)
  A ball lightning (Swamp:2)
  18 foxfires
  21 fungi
  66 plants
109 creatures vanquished.

Grand Total: 1056 creatures vanquished

Notes
Turn   | Place    | Note
-------+----------+-------------------------------------------
     0 | D:1      | qw the Troll Cinder Acolyte began the quest for the Orb.
     0 | D:1      | Reached XP level 1. HP: 22/22 MP: 1/1
     0 | D:1      | 0 ||| qw: Version: 0.1-a-97-g2dd2ca4
     0 | D:1      | 0 ||| qw: Game counter: 4669
     0 | D:1      | 0 ||| qw: Always use a shield: true
     0 | D:1      | 0 ||| qw: God list: Okawaru
     0 | D:1      | 0 ||| qw: Allow faded altars: false
     0 | D:1      | 0 ||| qw: Do Orc after D:15 true
     0 | D:1      | 0 ||| qw: Do second Lair branch before Depths: true
     0 | D:1      | 0 ||| qw: Lair rune preference: random
     0 | D:1      | 0 ||| qw: Plans: Normal
     0 | D:1      | 0 ||| PLANNING D:1-11
   122 | D:1      | 122 ||| Stepping ~*~*~tactically~*~*~ (stealth).
   123 | D:1      | 123 ||| Stepping ~*~*~tactically~*~*~ (stealth).
   147 | D:1      | Reached XP level 2. HP: 29/29 MP: 2/2
   359 | D:1      | Reached skill level 4 in Unarmed Combat
   441 | D:1      | Found a faded altar of an unknown god.
   503 | D:1      | Found Punn's Weapon Shoppe.
   668 | D:1      | Reached XP level 3. HP: 36/36 MP: 3/3
   788 | D:1      | 788 ||| READING scroll labelled POORYTT LEJUTT.
   789 | D:1      | 789 ||| READING scroll labelled TONWOR MOTUEMP.
   792 | D:1      | 792 ||| READING scroll labelled WOALUY QEORAKLUDI.
   855 | D:2      | 855 ||| Stepping ~*~*~tactically~*~*~ (hiding).
   972 | D:2      | Noticed Sigmund
   981 | D:2      | Killed Sigmund
   982 | D:2      | Reached skill level 6 in Unarmed Combat
   982 | D:2      | Reached XP level 4. HP: 35/44 MP: 4/4
   982 | D:2      | Reached XP level 5. HP: 39/50 MP: 5/5
  1040 | D:2      | 1040 ||| Stepping ~*~*~tactically~*~*~ (stealth).
  1043 | D:2      | 1043 ||| Stepping ~*~*~tactically~*~*~ (stealth).
  1068 | D:2      | Found a sacrificial altar of Ru.
  1558 | D:2      | 1558 ||| Stepping ~*~*~tactically~*~*~ (stealth).
  1579 | D:2      | 1579 ||| READING 3 scrolls labelled ZUSATS QEGO.
  1580 | D:2      | 1580 ||| READING scroll labelled NUDGHIM EMUCK.
  1581 | D:2      | 1581 ||| READING 2 scrolls labelled LETSUA LYMEY.
  1587 | D:3      | 1587 ||| PLANNING SEWER
  1614 | D:3      | 1614 ||| Stepping ~*~*~tactically~*~*~ (stealth).
  1620 | D:3      | 1620 ||| Stepping ~*~*~tactically~*~*~ (outnumbered).
  1684 | D:3      | Found a hide-covered altar of Uskayaw.
  1908 | D:3      | Found an opulent altar of Gozag.
  1996 | D:3      | 1996 ||| Stepping ~*~*~tactically~*~*~ (stealth).
  2021 | D:3      | 2021 ||| Stepping ~*~*~tactically~*~*~ (stealth).
  2024 | D:3      | Reached XP level 6. HP: 59/59 MP: 6/6
  2038 | D:3      | 2038 ||| Stepping ~*~*~tactically~*~*~ (stealth).
  2302 | D:3      | 2302 ||| RIP SEWER
  2303 | D:3      | 2303 ||| PLANNING D:1-11
  2303 | D:3      | 2303 ||| Stepping ~*~*~tactically~*~*~ (stealth).
  2326 | D:3      | 2326 ||| Stepping ~*~*~tactically~*~*~ (stealth).
  2341 | D:3      | 2341 ||| READING scroll labelled VUDGHY ZEEL AW WILL.
  2342 | D:3      | 2342 ||| READING scroll labelled MATIVETUSK.
  2443 | D:3      | 2443 ||| READING 3 scrolls of identify.
  2443 | D:3      | 2443 ||| IDENTIFYING lumpy white potion
  2444 | D:3      | 2444 ||| READING 2 scrolls of identify.
  2444 | D:3      | 2444 ||| IDENTIFYING smoky yellow potion
  2487 | D:4      | 2487 ||| STAIRDANCE
  2497 | D:4      | Reached skill level 7 in Unarmed Combat
  2497 | D:4      | 2497 ||| STAIRDANCE
  2527 | D:4      | Found a shadowy altar of Dithmenos.
  2553 | D:4      | You fall into a shaft and drop 3 floors!
  2608 | D:7      | Found an ancient bone altar of Kikubaaqudgha.
  2613 | D:6      | 2613 ||| PLANNING OSSUARY
  2653 | D:6      | Found a glowing golden altar of the Shining One.
  2655 | D:6      | Noticed an angel
  2719 | D:6      | Reached skill level 8 in Unarmed Combat
  2719 | D:6      | Reached XP level 7. HP: 66/66 MP: 7/7
  2737 | D:6      | 2737 ||| Stepping ~*~*~tactically~*~*~ (hiding).
  2738 | D:6      | 2738 ||| Stepping ~*~*~tactically~*~*~ (hiding).
  2747 | D:6      | Reached skill level 3 in Fighting
  2768 | D:6      | 2768 ||| Stepping ~*~*~tactically~*~*~ (outnumbered).
  2769 | D:6      | 2769 ||| Stepping ~*~*~tactically~*~*~ (outnumbered).
  2771 | D:6      | 2771 ||| INVOKING Fiery Armour.
  2772 | D:6      | 2772 ||| Stepping ~*~*~tactically~*~*~ (outnumbered).
  2772 | D:6      | HP: 14/61 [wight/+4 long sword (2)]
  2773 | D:6      | 2773 ||| Stepping ~*~*~tactically~*~*~ (outnumbered).
  2774 | D:6      | 2774 ||| Stepping ~*~*~tactically~*~*~ (outnumbered).
  2808 | D:6      | 2808 ||| Stepping ~*~*~tactically~*~*~ (stealth).
  2882 | D:6      | Found a sand-covered staircase.
  2883 | D:6      | 2883 ||| READING scroll labelled PUNEZO AVVO.
  2884 | D:6      | 2884 ||| READING 2 scrolls of identify.
  2884 | D:6      | 2884 ||| IDENTIFYING yellow potion
  2885 | D:6      | 2885 ||| DROPPING potion of attraction.
  2891 | Ossuary  | Entered an ossuary
  2905 | Ossuary  | 2905 ||| Stepping ~*~*~tactically~*~*~ (outnumbered).
  2948 | Ossuary  | Reached skill level 9 in Unarmed Combat
  2989 | Ossuary  | Reached skill level 1 in Dodging
  3005 | Ossuary  | 3005 ||| Stepping ~*~*~tactically~*~*~ (outnumbered).
  3006 | Ossuary  | 3006 ||| Stepping ~*~*~tactically~*~*~ (outnumbered).
  3007 | Ossuary  | 3007 ||| Stepping ~*~*~tactically~*~*~ (outnumbered).
  3008 | Ossuary  | 3008 ||| Stepping ~*~*~tactically~*~*~ (outnumbered).
  3009 | Ossuary  | 3009 ||| Stepping ~*~*~tactically~*~*~ (outnumbered).
  3016 | Ossuary  | Reached XP level 8. HP: 75/75 MP: 8/8
  3171 | Ossuary  | Reached skill level 10 in Unarmed Combat
  3318 | Ossuary  | 3318 ||| READING scroll labelled BUEPLIUTOI.
  3319 | Ossuary  | 3319 ||| READING scroll labelled OVI TYUWEMOR.
  3320 | Ossuary  | 3320 ||| READING scroll labelled TESORO WILU.
  3321 | Ossuary  | 3321 ||| READING scroll labelled SUXZAUXZIR.
  3322 | Ossuary  | 3322 ||| DRINKING 3 purple potions.
  3323 | Ossuary  | 3323 ||| DRINKING 2 glowing inky potions.
  3324 | Ossuary  | 3324 ||| READING 3 scrolls of identify.
  3324 | Ossuary  | 3324 ||| IDENTIFYING fizzy cyan potion
  3325 | Ossuary  | 3325 ||| READING 2 scrolls of identify.
  3325 | Ossuary  | 3325 ||| IDENTIFYING fizzy white potion
  3326 | Ossuary  | 3326 ||| DROPPING potion of lignification.
  3327 | Ossuary  | 3327 ||| DROPPING potion of magic.
  3328 | Ossuary  | 3328 ||| Stepping randomly (stuck).
  3329 | Ossuary  | 3329 ||| Stepping ~*~*~tactically~*~*~ (cloud).
  3402 | D:6      | 3402 ||| PLANNING D:1-11
  3416 | D:5      | Entered Level 5 of the Dungeon
  3524 | D:5      | 3524 ||| Stepping ~*~*~tactically~*~*~ (stealth).
  3538 | D:5      | Found a hazy altar of Hepliaklqana.
  3614 | D:5      | Found a runed translucent door.
  3615 | D:5      | Noticed Crazy Yiuf
  3645 | D:5      | Found a runed translucent gate.
  3646 | D:5      | Found a runed translucent gate.
  3647 | D:5      | Found a runed translucent door.
  3657 | D:5      | Found a runed translucent gate.
  3714 | D:5      | 3714 ||| READING 3 scrolls of identify.
  3714 | D:5      | 3714 ||| IDENTIFYING inky potion
  3715 | D:5      | 3715 ||| READING 2 scrolls of identify.
  3715 | D:5      | 3715 ||| IDENTIFYING puce potion
  3716 | D:5      | 3716 ||| DROPPING potion of flight.
  3779 | D:4      | Found a radiant altar of Vehumet.
  3973 | D:4      | 3973 ||| Stepping ~*~*~tactically~*~*~ (hiding).
  3974 | D:4      | 3974 ||| Stepping ~*~*~tactically~*~*~ (hiding).
  3975 | D:4      | 3975 ||| Stepping ~*~*~tactically~*~*~ (hiding).
  4127 | D:4      | Found Lyfaz's General Store.
  4140 | D:4      | 4140 ||| BUYING potion of heal wounds (65 gold).
  4140 | D:4      | Bought a potion of heal wounds for 65 gold pieces
  4140 | D:4      | 4140 ||| SHOPLISTING ring of positive energy (260 gold,
                  | have 181).
  4140 | D:4      | 4140 ||| BUYING scroll of enchant armour (97 gold).
  4140 | D:4      | Bought a scroll of enchant armour for 97 gold pieces
  4140 | D:4      | 4140 ||| BUYING scroll of identify (26 gold).
  4140 | D:4      | Bought a scroll of identify for 26 gold pieces
  4245 | D:4      | Noticed Pikel
  4257 | D:4      | Killed Pikel
  4258 | D:4      | Reached skill level 11 in Unarmed Combat
  4258 | D:4      | Reached XP level 9. HP: 75/84 MP: 9/9
  4576 | D:4      | 4576 ||| UPGRADING to scarf of resistance.
  4581 | D:4      | 4581 ||| READING 2 scrolls of identify.
  4581 | D:4      | 4581 ||| IDENTIFYING glowing pink potion
  4582 | D:4      | 4582 ||| DROPPING potion of degeneration.
  4615 | D:5      | 4615 ||| Stepping ~*~*~tactically~*~*~ (stealth).
  4663 | D:5      | Found a white marble altar of Elyvilon.
  4679 | D:5      | Noticed Menkaure
  4686 | D:5      | Killed Menkaure
  4691 | D:5      | Reached skill level 12 in Unarmed Combat
  4692 | D:5      | 4692 ||| INVOKING Fiery Armour.
  4724 | D:5      | 4724 ||| DRINKING 5 potions of curing.
  4724 | D:5      | 4724 ||| (to cure confusion)
  4743 | D:5      | 4743 ||| DRINKING 4 potions of curing.
  4743 | D:5      | 4743 ||| (to cure confusion)
  4774 | D:5      | Identified the +5 short sword "Cass" {vorpal, *Corrode
                  | rElec Str+2}
  4929 | D:5      | Found the +9 staff of Olgreb {rPois∞}
  4933 | D:5      | Found a runed translucent door.
  5065 | D:5      | 5065 ||| UPGRADING to ring of positive energy.
  5177 | D:6      | Found a snail-covered altar of Cheibriados.
  5178 | D:6      | 5178 ||| Stepping ~*~*~tactically~*~*~ (hiding).
  5245 | D:6      | Found a staircase to the Ecumenical Temple.
  5251 | D:6      | 5251 ||| Stepping ~*~*~tactically~*~*~ (hiding).
  5253 | D:6      | 5253 ||| Stepping ~*~*~tactically~*~*~ (hiding).
  5258 | D:6      | 5258 ||| Stepping ~*~*~tactically~*~*~ (stealth).
  5331 | D:6      | 5331 ||| Stepping ~*~*~tactically~*~*~ (stealth).
  5332 | D:6      | 5332 ||| Stepping ~*~*~tactically~*~*~ (stealth).
  5637 | D:6      | Found a basalt altar of Yredelemnul.
  5751 | D:6      | 5751 ||| DRINKING 2 white potions.
  5752 | D:6      | 5752 ||| READING 2 scrolls of identify.
  5752 | D:6      | 5752 ||| IDENTIFYING glowing white potion
  5753 | D:6      | 5753 ||| DROPPING potion of invisibility.
  5754 | D:6      | 5754 ||| DROPPING potion of brilliance.
  5773 | D:7      | Found a burning altar of Makhleb.
  5775 | D:7      | 5775 ||| Stepping ~*~*~tactically~*~*~ (stealth).
  5778 | D:7      | 5778 ||| STAIRDANCE
  5788 | D:7      | 5788 ||| STAIRDANCE
  5790 | D:6      | 5790 ||| Stepping ~*~*~tactically~*~*~ (outnumbered).
  5791 | D:6      | 5791 ||| Stepping ~*~*~tactically~*~*~ (outnumbered).
  5792 | D:6      | 5792 ||| Stepping ~*~*~tactically~*~*~ (outnumbered).
  5793 | D:6      | 5793 ||| Stepping ~*~*~tactically~*~*~ (outnumbered).
  5832 | D:7      | 5832 ||| STAIRDANCE
  5936 | D:7      | 5936 ||| INVOKING Fiery Armour.
  5937 | D:7      | 5937 ||| STAIRDANCE
  5944 | D:7      | 5944 ||| STAIRDANCE
  5954 | D:7      | 5954 ||| STAIRDANCE
  5972 | D:7      | Identified the +2 robe of the Arcane {Rampage rElec}
  6098 | D:7      | 6098 ||| Stepping ~*~*~tactically~*~*~ (hiding).
  6104 | D:7      | 6104 ||| Stepping ~*~*~tactically~*~*~ (outnumbered).
  6105 | D:7      | 6105 ||| Stepping ~*~*~tactically~*~*~ (outnumbered).
  6107 | D:7      | 6107 ||| Stepping ~*~*~tactically~*~*~ (outnumbered).
  6108 | D:7      | 6108 ||| Stepping ~*~*~tactically~*~*~ (outnumbered).
  6109 | D:7      | 6109 ||| Stepping ~*~*~tactically~*~*~ (outnumbered).
  6110 | D:7      | 6110 ||| Stepping ~*~*~tactically~*~*~ (outnumbered).
  6111 | D:7      | 6111 ||| Stepping ~*~*~tactically~*~*~ (outnumbered).
  6112 | D:7      | 6112 ||| Stepping ~*~*~tactically~*~*~ (outnumbered).
  6113 | D:7      | 6113 ||| Stepping ~*~*~tactically~*~*~ (outnumbered).
  6114 | D:7      | 6114 ||| Stepping ~*~*~tactically~*~*~ (outnumbered).
  6116 | D:7      | 6116 ||| Stepping ~*~*~tactically~*~*~ (outnumbered).
  6117 | D:7      | 6117 ||| Stepping ~*~*~tactically~*~*~ (outnumbered).
  6167 | D:7      | Noticed a gargoyle
  6172 | D:7      | Killed a gargoyle
  6173 | D:7      | Reached skill level 13 in Unarmed Combat
  6204 | D:7      | Noticed a gargoyle
  6205 | D:7      | Noticed a gargoyle
  6207 | D:7      | Killed a gargoyle
  6208 | D:7      | Reached XP level 10. HP: 80/96 MP: 10/10
  6210 | D:7      | Killed a gargoyle
  6241 | D:7      | Noticed a gargoyle
  6247 | D:7      | 6247 ||| INVOKING Fiery Armour.
  6248 | D:7      | Killed a gargoyle
  6302 | D:7      | Noticed a gargoyle
  6309 | D:7      | Killed a gargoyle
  6310 | D:7      | Reached skill level 14 in Unarmed Combat
  6346 | D:7      | Found an ornate altar of the Wu Jian Council.
  6392 | D:7      | 6392 ||| Stepping ~*~*~tactically~*~*~ (stealth).
  6393 | D:7      | 6393 ||| Stepping ~*~*~tactically~*~*~ (stealth).
  6396 | D:7      | 6396 ||| Stepping ~*~*~tactically~*~*~ (stealth).
  6398 | D:7      | 6398 ||| Stepping ~*~*~tactically~*~*~ (stealth).
  6407 | D:7      | 6407 ||| FLEEEEING.
  6408 | D:7      | 6408 ||| FLEEEEING.
  6409 | D:7      | 6409 ||| FLEEEEING.
  6412 | D:7      | 6412 ||| FLEEEEING.
  6413 | D:7      | 6413 ||| FLEEEEING.
  6414 | D:7      | 6414 ||| FLEEEEING.
  6415 | D:7      | 6415 ||| FLEEEEING.
  6421 | D:7      | 6421 ||| FLEEEEING.
  6422 | D:7      | 6422 ||| FLEEEEING.
  6423 | D:7      | 6423 ||| FLEEEEING.
  6424 | D:7      | 6424 ||| FLEEEEING.
  6425 | D:7      | 6425 ||| FLEEEEING.
  6426 | D:7      | 6426 ||| FLEEEEING.
  6427 | D:7      | 6427 ||| FLEEEEING.
  6428 | D:7      | 6428 ||| FLEEEEING.
  6429 | D:7      | 6429 ||| FLEEEEING.
  6434 | D:7      | Reached skill level 6 in Fighting
  6631 | D:7      | 6631 ||| Stepping ~*~*~tactically~*~*~ (stealth).
  6647 | D:7      | 6647 ||| Stepping ~*~*~tactically~*~*~ (stealth).
  6657 | D:7      | 6657 ||| Stepping ~*~*~tactically~*~*~ (stealth).
  6696 | D:7      | Found the +5 robe of Night {Dark Will+ SInv}
  6826 | D:7      | 6826 ||| Stepping ~*~*~tactically~*~*~ (stealth).
  6828 | D:7      | 6828 ||| Stepping ~*~*~tactically~*~*~ (hiding).
  6829 | D:7      | 6829 ||| Stepping ~*~*~tactically~*~*~ (hiding).
  7007 | D:7      | 7007 ||| UPGRADING to +2 robe of the Arcane {Rampage
                  | rElec}.
  7017 | D:7      | 7017 ||| DROPPING +0 robe.
  7018 | D:7      | 7018 ||| UPGRADING to +5 robe of Night {Dark Will+ SInv}.
  7028 | D:7      | 7028 ||| DROPPING +2 robe of the Arcane {Rampage rElec}.
  7029 | D:7      | 7029 ||| DROPPING +6 ring of intelligence.
  7030 | D:7      | 7030 ||| READING 2 scrolls of identify.
  7030 | D:7      | 7030 ||| IDENTIFYING metallic silvery potion
  7031 | D:7      | 7031 ||| DROPPING potion of berserk rage.
  7093 | D:8      | 7093 ||| Stepping ~*~*~tactically~*~*~ (hiding).
  7095 | D:8      | 7095 ||| Stepping ~*~*~tactically~*~*~ (hiding).
  7127 | D:8      | Noticed Gastronok
  7137 | D:8      | Killed Gastronok
  7138 | D:8      | Reached skill level 15 in Unarmed Combat
  7138 | D:8      | 7138 ||| FLEEEEING.
  7139 | D:8      | 7139 ||| FLEEEEING.
  7141 | D:8      | 7141 ||| FLEEEEING.
  7142 | D:8      | 7142 ||| FLEEEEING.
  7144 | D:8      | 7144 ||| FLEEEEING.
  7145 | D:8      | 7145 ||| FLEEEEING.
  7146 | D:8      | 7146 ||| FLEEEEING.
  7147 | D:8      | 7147 ||| FLEEEEING.
  7148 | D:8      | 7148 ||| FLEEEEING.
  7149 | D:8      | 7149 ||| FLEEEEING.
  7150 | D:8      | 7150 ||| FLEEEEING.
  7151 | D:8      | 7151 ||| FLEEEEING.
  7154 | D:8      | 7154 ||| FLEEEEING.
  7155 | D:8      | 7155 ||| FLEEEEING.
  7156 | D:8      | 7156 ||| FLEEEEING.
  7157 | D:8      | 7157 ||| FLEEEEING.
  7158 | D:8      | 7158 ||| FLEEEEING.
  7159 | D:8      | 7159 ||| STAIRDANCE
  7181 | D:8      | 7181 ||| STAIRDANCE
  7221 | D:8      | Found a bloodstained altar of Trog.
  7317 | D:8      | Found a staircase to the Lair.
  7631 | D:8      | Found a shimmering altar of Xom.
  7773 | D:8      | 7773 ||| DROPPING orb of wrath.
  7774 | D:8      | 7774 ||| PLANNING LAIR
  7774 | D:8      | 7774 ||| UPGRADING to +1 hat of stealth.
  7779 | D:8      | 7779 ||| READING 3 scrolls of enchant armour.
  7779 | D:8      | 7779 ||| ENCHANTING +1 hat of stealth.
  7780 | D:8      | 7780 ||| UPGRADING to +4 ring of protection.
  7781 | D:8      | 7781 ||| READING 3 scrolls of identify.
  7781 | D:8      | 7781 ||| IDENTIFYING ruby potion
  7829 | Lair:1   | Entered Level 1 of the Lair of Beasts
  7837 | Lair:1   | 7837 ||| Stepping ~*~*~tactically~*~*~ (stealth).
  7839 | Lair:1   | 7839 ||| Stepping ~*~*~tactically~*~*~ (outnumbered).
  7842 | Lair:1   | 7842 ||| INVOKING Fiery Armour.
  7846 | Lair:1   | Reached XP level 11. HP: 87/105 MP: 11/11
  7846 | Lair:1   | 7846 ||| Stepping ~*~*~tactically~*~*~ (outnumbered).
  7858 | Lair:1   | 7858 ||| Stepping ~*~*~tactically~*~*~ (outnumbered).
  7860 | Lair:1   | 7860 ||| Stepping ~*~*~tactically~*~*~ (outnumbered).
  7862 | Lair:1   | HP: 26/105 [killer bee (1)]
  7863 | Lair:1   | 7863 ||| READING scroll of teleportation.
  7863 | Lair:1   | HP: 7/105 [killer bee (12)]
  7864 | Lair:1   | 7864 ||| DRINKING 2 potions of heal wounds.
  7865 | Lair:1   | 7865 ||| DRINKING potion of heal wounds.
  8022 | Lair:1   | 8022 ||| INVOKING Fiery Armour.
  8025 | Lair:1   | 8025 ||| Stepping ~*~*~tactically~*~*~ (outnumbered).
  8026 | Lair:1   | 8026 ||| Stepping ~*~*~tactically~*~*~ (outnumbered).
  8027 | Lair:1   | 8027 ||| Stepping ~*~*~tactically~*~*~ (outnumbered).
  8039 | Lair:1   | Reached skill level 16 in Unarmed Combat
  8125 | Lair:1   | Noticed a five-headed hydra
  8130 | Lair:1   | Found a runed translucent gate.
  8156 | Lair:1   | Noticed a boulder beetle
  8157 | Lair:1   | 8157 ||| INVOKING Fiery Armour.
  8169 | Lair:1   | Killed a boulder beetle
  8235 | Lair:1   | 8235 ||| Stepping ~*~*~tactically~*~*~ (outnumbered).
  8236 | Lair:1   | 8236 ||| Stepping ~*~*~tactically~*~*~ (outnumbered).
  8237 | Lair:1   | 8237 ||| Stepping ~*~*~tactically~*~*~ (outnumbered).
  8240 | Lair:1   | 8240 ||| Stepping ~*~*~tactically~*~*~ (outnumbered).
  8241 | Lair:1   | 8241 ||| Stepping ~*~*~tactically~*~*~ (outnumbered).
  8242 | Lair:1   | 8242 ||| Stepping ~*~*~tactically~*~*~ (outnumbered).
  8243 | Lair:1   | 8243 ||| Stepping ~*~*~tactically~*~*~ (outnumbered).
  8244 | Lair:1   | 8244 ||| Stepping ~*~*~tactically~*~*~ (outnumbered).
  8245 | Lair:1   | 8245 ||| Stepping ~*~*~tactically~*~*~ (outnumbered).
  8246 | Lair:1   | 8246 ||| Stepping ~*~*~tactically~*~*~ (outnumbered).
  8247 | Lair:1   | 8247 ||| Stepping ~*~*~tactically~*~*~ (outnumbered).
  8248 | Lair:1   | 8248 ||| Stepping ~*~*~tactically~*~*~ (outnumbered).
  8249 | Lair:1   | 8249 ||| Stepping ~*~*~tactically~*~*~ (outnumbered).
  8403 | Lair:1   | 8403 ||| INVOKING Fiery Armour.
  8650 | Lair:1   | Noticed a boulder beetle
  8661 | Lair:1   | Reached skill level 1 in Throwing
  8671 | Lair:1   | 8671 ||| Stepping ~*~*~tactically~*~*~ (stealth).
  8674 | Lair:1   | 8674 ||| Stepping ~*~*~tactically~*~*~ (outnumbered).
  8677 | Lair:1   | 8677 ||| Stepping ~*~*~tactically~*~*~ (outnumbered).
  8713 | Lair:1   | 8713 ||| Stepping ~*~*~tactically~*~*~ (stealth).
  8741 | Lair:1   | Noticed qw's ghost (journeyman TrCA)
  8749 | Lair:1   | Found a runed translucent gate.
  8749 | Lair:1   | Found a runed translucent gate.
  9022 | Lair:1   | 9022 ||| UPGRADING to +4 ring of evasion.
  9024 | Lair:1   | 9024 ||| DROPPING ring of positive energy.
  9197 | Lair:2   | Noticed a bog body
  9201 | Lair:2   | Killed a bog body
  9202 | Lair:2   | Reached skill level 3 in Throwing
  9231 | Lair:2   | Noticed a bog body
  9240 | Lair:2   | Killed a bog body
  9258 | Lair:2   | Found a staircase to the Swamp.
  9259 | Lair:2   | 9259 ||| Stepping ~*~*~tactically~*~*~ (hiding).
  9262 | Lair:2   | 9262 ||| INVOKING Fiery Armour.
  9407 | Lair:2   | Noticed a seven-headed hydra
  9408 | Lair:2   | 9408 ||| INVOKING Fiery Armour.
  9411 | Lair:2   | Killed a nine-headed hydra
  9428 | Lair:2   | 9428 ||| Stepping ~*~*~tactically~*~*~ (hiding).
  9576 | Lair:2   | Reached XP level 12. HP: 118/118 MP: 12/12
  9591 | Lair:2   | Identified the +1 ring mail of Eternal Vigilance {Will+
                  | Dex+4 Stlth-}
  9598 | Lair:2   | 9598 ||| Stepping ~*~*~tactically~*~*~ (outnumbered).
  9606 | Lair:2   | 9606 ||| READING scroll labelled DIOREJ COAGUE.
  9623 | Lair:2   | Reached skill level 6 in Throwing
  9689 | Lair:2   | Noticed a death yak
  9690 | Lair:2   | 9690 ||| Stepping ~*~*~tactically~*~*~ (stealth).
  9695 | Lair:2   | 9695 ||| Stepping ~*~*~tactically~*~*~ (stealth).
  9710 | Lair:2   | 9710 ||| INVOKING Fiery Armour.
  9711 | Lair:2   | 9711 ||| Stepping ~*~*~tactically~*~*~ (stealth).
  9713 | Lair:2   | 9713 ||| Stepping ~*~*~tactically~*~*~ (stealth).
  9720 | Lair:2   | Killed a death yak
  9769 | Lair:2   | 9769 ||| READING scroll of teleportation.
  9770 | Lair:2   | 9770 ||| FLEEEEING.
  9785 | Lair:2   | Found a dark tunnel.
  9831 | Lair:2   | 9831 ||| Stepping ~*~*~tactically~*~*~ (outnumbered).
  9832 | Lair:2   | 9832 ||| Stepping ~*~*~tactically~*~*~ (outnumbered).
  9833 | Lair:2   | 9833 ||| Stepping ~*~*~tactically~*~*~ (outnumbered).
 10001 | Lair:2   | Reached skill level 17 in Unarmed Combat
 10125 | Lair:2   | Noticed a six-headed hydra
 10126 | Lair:2   | 10126 ||| INVOKING Fiery Armour.
 10129 | Lair:2   | Killed an eight-headed hydra
 10201 | Lair:2   | 10201 ||| Stepping ~*~*~tactically~*~*~ (stealth).
 10205 | Lair:2   | 10205 ||| Stepping ~*~*~tactically~*~*~ (stealth).
 10695 | Lair:3   | 10695 ||| Stepping ~*~*~tactically~*~*~ (stealth).
 10697 | Lair:3   | 10697 ||| Stepping ~*~*~tactically~*~*~ (stealth).
 10713 | Lair:3   | Reached skill level 18 in Unarmed Combat
 10725 | Lair:3   | 10725 ||| Stepping ~*~*~tactically~*~*~ (stealth).
 10726 | Lair:3   | 10726 ||| Stepping ~*~*~tactically~*~*~ (stealth).
 10738 | Lair:3   | 10738 ||| Stepping ~*~*~tactically~*~*~ (stealth).
 10809 | Lair:3   | 10809 ||| Stepping ~*~*~tactically~*~*~ (stealth).
 10811 | Lair:3   | 10811 ||| INVOKING Fiery Armour.
 10811 | Lair:3   | Noticed a four-headed hydra
 10821 | Lair:3   | Killed a six-headed hydra
 10822 | Lair:3   | Reached skill level 1 in Armour
 10924 | Lair:3   | 10924 ||| PLANNING TEMPLE
 11041 | Temple   | Entered the Ecumenical Temple
 11121 | Temple   | 11121 ||| PLANNING CONVERSION TO OKAWARU
 11126 | Temple   | Fell from the grace of Ignis
 11126 | Temple   | Became a worshipper of Warmaster Okawaru
 11127 | Temple   | 11127 ||| PLANNING LAIR
 11449 | Lair:3   | Found a hole to the Spider Nest.
 11575 | Lair:3   | Noticed an eight-headed hydra
 11584 | Lair:3   | Killed a 13-headed hydra
 11585 | Lair:3   | Reached XP level 13. HP: 56/127 MP: 13/13
 11658 | Lair:3   | 11658 ||| Stepping ~*~*~tactically~*~*~ (stealth).
 11745 | Lair:3   | Reached * piety under Okawaru
 12080 | Lair:4   | 12080 ||| INVOKING Heroism.
 12085 | Lair:4   | Reached skill level 1 in Invocations
 12125 | Lair:4   | Identified the +0 buckler of Qazlal's Scorn {Regen+ Int+2}
 12158 | Lair:4   | Found a viscous altar of Jiyva.
 12159 | Lair:4   | Found a staircase to the Slime Pits.
 12171 | Lair:4   | 12171 ||| INVOKING Heroism.
 12172 | Lair:4   | 12172 ||| INVOKING Heroism.
 12174 | Lair:4   | 12174 ||| Stepping ~*~*~tactically~*~*~ (stealth).
 12182 | Lair:4   | You fall into a shaft and drop 1 floor!
 12182 | Lair:5   | Entered Level 5 of the Lair of Beasts
 12202 | Lair:5   | 12202 ||| DROPPING ring of wizardry.
 12207 | Lair:5   | 12207 ||| INVOKING Heroism.
 12217 | Lair:5   | 12217 ||| INVOKING Heroism.
 12225 | Lair:5   | 12225 ||| STAIRDANCE
 12257 | Lair:4   | Identified the +0 scale mail of Lilacs {rPois}
 12332 | Lair:4   | 12332 ||| INVOKING Heroism.
 12345 | Lair:4   | 12345 ||| Stepping ~*~*~tactically~*~*~ (stealth).
 12346 | Lair:4   | 12346 ||| INVOKING Heroism.
 12468 | Lair:4   | 12468 ||| INVOKING Heroism.
 12470 | Lair:4   | 12470 ||| Stepping ~*~*~tactically~*~*~ (stealth).
 12482 | Lair:4   | 12482 ||| Stepping ~*~*~tactically~*~*~ (outnumbered).
 12483 | Lair:4   | 12483 ||| Stepping ~*~*~tactically~*~*~ (outnumbered).
 12484 | Lair:4   | 12484 ||| Stepping ~*~*~tactically~*~*~ (outnumbered).
 12485 | Lair:4   | 12485 ||| Stepping ~*~*~tactically~*~*~ (outnumbered).
 12486 | Lair:4   | 12486 ||| Stepping ~*~*~tactically~*~*~ (outnumbered).
 12487 | Lair:4   | 12487 ||| INVOKING Heroism.
 12488 | Lair:4   | 12488 ||| Stepping ~*~*~tactically~*~*~ (outnumbered).
 12489 | Lair:4   | 12489 ||| Stepping ~*~*~tactically~*~*~ (outnumbered).
 12492 | Lair:4   | 12492 ||| Stepping ~*~*~tactically~*~*~ (outnumbered).
 12493 | Lair:4   | 12493 ||| Stepping ~*~*~tactically~*~*~ (outnumbered).
 12494 | Lair:4   | 12494 ||| Stepping ~*~*~tactically~*~*~ (outnumbered).
 12495 | Lair:4   | 12495 ||| Stepping ~*~*~tactically~*~*~ (outnumbered).
 12496 | Lair:4   | 12496 ||| Stepping ~*~*~tactically~*~*~ (outnumbered).
 12503 | Lair:4   | Reached skill level 3 in Invocations
 12565 | Lair:4   | 12565 ||| FLEEEEING.
 12566 | Lair:4   | 12566 ||| FLEEEEING.
 12567 | Lair:4   | 12567 ||| FLEEEEING.
 12568 | Lair:4   | 12568 ||| FLEEEEING.
 12569 | Lair:4   | 12569 ||| FLEEEEING.
 12570 | Lair:4   | 12570 ||| FLEEEEING.
 12571 | Lair:4   | 12571 ||| FLEEEEING.
 12572 | Lair:4   | 12572 ||| FLEEEEING.
 12573 | Lair:4   | 12573 ||| FLEEEEING.
 12574 | Lair:4   | 12574 ||| FLEEEEING.
 12575 | Lair:4   | 12575 ||| FLEEEEING.
 12576 | Lair:4   | 12576 ||| FLEEEEING.
 12577 | Lair:4   | 12577 ||| FLEEEEING.
 12578 | Lair:4   | 12578 ||| FLEEEEING.
 12579 | Lair:4   | 12579 ||| FLEEEEING.
 12580 | Lair:4   | 12580 ||| FLEEEEING.
 12581 | Lair:4   | 12581 ||| FLEEEEING.
 12582 | Lair:4   | 12582 ||| FLEEEEING.
 12583 | Lair:4   | 12583 ||| FLEEEEING.
 12584 | Lair:4   | 12584 ||| FLEEEEING.
 12585 | Lair:4   | 12585 ||| FLEEEEING.
 12586 | Lair:4   | 12586 ||| FLEEEEING.
 12587 | Lair:4   | 12587 ||| FLEEEEING.
 12588 | Lair:4   | 12588 ||| FLEEEEING.
 12589 | Lair:4   | 12589 ||| FLEEEEING.
 12590 | Lair:4   | 12590 ||| FLEEEEING.
 12591 | Lair:4   | 12591 ||| FLEEEEING.
 12592 | Lair:4   | 12592 ||| FLEEEEING.
 12594 | Lair:4   | 12594 ||| INVOKING Heroism.
 12627 | Lair:4   | Reached ** piety under Okawaru
 12663 | Lair:4   | 12663 ||| Stepping ~*~*~tactically~*~*~ (stealth).
 12796 | Lair:4   | 12796 ||| Stepping ~*~*~tactically~*~*~ (stealth).
 12799 | Lair:4   | 12799 ||| Stepping ~*~*~tactically~*~*~ (stealth).
 12803 | Lair:4   | 12803 ||| INVOKING Heroism.
 12805 | Lair:4   | 12805 ||| Stepping ~*~*~tactically~*~*~ (outnumbered).
 12806 | Lair:4   | 12806 ||| Stepping ~*~*~tactically~*~*~ (stealth).
 12826 | Lair:4   | 12826 ||| INVOKING Heroism.
 12830 | Lair:4   | Reached skill level 19 in Unarmed Combat
 13386 | Lair:5   | 13386 ||| Stepping ~*~*~tactically~*~*~ (outnumbered).
 13387 | Lair:5   | 13387 ||| Stepping ~*~*~tactically~*~*~ (outnumbered).
 13388 | Lair:5   | 13388 ||| Stepping ~*~*~tactically~*~*~ (outnumbered).
 13389 | Lair:5   | 13389 ||| INVOKING Heroism.
 13390 | Lair:5   | 13390 ||| Stepping ~*~*~tactically~*~*~ (outnumbered).
 13391 | Lair:5   | 13391 ||| Stepping ~*~*~tactically~*~*~ (outnumbered).
 13392 | Lair:5   | 13392 ||| Stepping ~*~*~tactically~*~*~ (outnumbered).
 13393 | Lair:5   | 13393 ||| Stepping ~*~*~tactically~*~*~ (outnumbered).
 13394 | Lair:5   | 13394 ||| Stepping ~*~*~tactically~*~*~ (outnumbered).
 13395 | Lair:5   | 13395 ||| Stepping ~*~*~tactically~*~*~ (outnumbered).
 13396 | Lair:5   | 13396 ||| Stepping ~*~*~tactically~*~*~ (outnumbered).
 13401 | Lair:5   | Reached *** piety under Okawaru
 13485 | Lair:5   | 13485 ||| Stepping ~*~*~tactically~*~*~ (hiding).
 13606 | Lair:5   | 13606 ||| Stepping ~*~*~tactically~*~*~ (stealth).
 13608 | Lair:5   | 13608 ||| Stepping ~*~*~tactically~*~*~ (stealth).
 13618 | Lair:5   | 13618 ||| Stepping ~*~*~tactically~*~*~ (outnumbered).
 13649 | Lair:5   | 13649 ||| INVOKING Heroism.
 13684 | Lair:5   | 13684 ||| INVOKING Heroism.
 13689 | Lair:5   | 13689 ||| Stepping ~*~*~tactically~*~*~ (outnumbered).
 13690 | Lair:5   | 13690 ||| Stepping ~*~*~tactically~*~*~ (outnumbered).
 13691 | Lair:5   | 13691 ||| Stepping ~*~*~tactically~*~*~ (outnumbered).
 13693 | Lair:5   | 13693 ||| Stepping ~*~*~tactically~*~*~ (outnumbered).
 13694 | Lair:5   | 13694 ||| Stepping ~*~*~tactically~*~*~ (outnumbered).
 13696 | Lair:5   | 13696 ||| Stepping ~*~*~tactically~*~*~ (outnumbered).
 13699 | Lair:5   | Reached skill level 9 in Fighting
 13874 | Lair:5   | 13874 ||| INVOKING Heroism.
 13883 | Lair:5   | HP: 32/131 [poisoned by a cane toad]
 13884 | Lair:5   | 13884 ||| READING 2 scrolls of teleportation.
 13887 | Lair:5   | HP: 13/131 [poisoned by a black mamba]
 13889 | Lair:5   | 13889 ||| DRINKING 9 potions of curing.
 13889 | Lair:5   | 13889 ||| (to cure poison)
 13931 | Lair:5   | 13931 ||| INVOKING Heroism.
 13940 | Lair:5   | 13940 ||| Stepping ~*~*~tactically~*~*~ (stealth).
 13944 | Lair:5   | 13944 ||| Stepping ~*~*~tactically~*~*~ (stealth).
 13951 | Lair:5   | 13951 ||| Stepping ~*~*~tactically~*~*~ (stealth).
 14025 | Lair:5   | Reached **** piety under Okawaru
 14076 | Lair:5   | 14076 ||| Stepping ~*~*~tactically~*~*~ (stealth).
 14109 | Lair:5   | 14109 ||| INVOKING Heroism.
 14118 | Lair:5   | Received a gift from Okawaru
 14261 | Lair:5   | 14261 ||| INVOKING Heroism.
 14262 | Lair:5   | 14262 ||| Stepping ~*~*~tactically~*~*~ (stealth).
 14263 | Lair:5   | 14263 ||| Stepping ~*~*~tactically~*~*~ (outnumbered).
 14266 | Lair:5   | Reached XP level 14. HP: 140/140 MP: 13/16
 14279 | Lair:5   | 14279 ||| Stepping ~*~*~tactically~*~*~ (stealth).
 14296 | Lair:5   | Found an ornate altar of the Wu Jian Council.
 14297 | Lair:5   | 14297 ||| Stepping ~*~*~tactically~*~*~ (stealth).
 14303 | Lair:5   | Found a hide-covered altar of Uskayaw.
 14306 | Lair:5   | 14306 ||| Stepping ~*~*~tactically~*~*~ (stealth).
 14308 | Lair:5   | 14308 ||| INVOKING Heroism.
 14850 | Lair:5   | 14850 ||| Stepping ~*~*~tactically~*~*~ (stealth).
 14851 | Lair:5   | 14851 ||| Stepping ~*~*~tactically~*~*~ (stealth).
 14959 | Lair:5   | 14959 ||| FLEEEEING.
 14991 | Lair:5   | 14991 ||| DRINKING 8 potions of curing.
 14991 | Lair:5   | 14991 ||| (to cure confusion)
 15001 | Lair:5   | 15001 ||| INVOKING Heroism.
 15060 | Lair:5   | 15060 ||| Stepping ~*~*~tactically~*~*~ (stealth).
 15063 | Lair:5   | 15063 ||| INVOKING Heroism.
 15072 | Lair:5   | Received a gift from Okawaru
 15126 | Lair:5   | 15126 ||| Stepping ~*~*~tactically~*~*~ (stealth).
 15273 | Lair:5   | 15273 ||| PLANNING D:1-11
 15273 | Lair:5   | 15273 ||| DROPPING ring of ice.
 15274 | Lair:5   | 15274 ||| READING 3 scrolls labelled ECORUSS HACKO.
 15275 | Lair:5   | 15275 ||| DROPPING 2 scrolls of blinking.
 15333 | Lair:3   | Reached skill level 6 in Invocations
 15710 | D:9      | 15710 ||| Stepping ~*~*~tactically~*~*~ (stealth).
 15718 | D:9      | 15718 ||| INVOKING Heroism.
 15722 | D:9      | 15722 ||| Stepping ~*~*~tactically~*~*~ (outnumbered).
 15723 | D:9      | 15723 ||| Stepping ~*~*~tactically~*~*~ (outnumbered).
 15724 | D:9      | 15724 ||| Stepping ~*~*~tactically~*~*~ (outnumbered).
 15746 | D:9      | Found a broken altar of Ashenzari.
 15757 | D:9      | Found a sacrificial altar of Ru.
 15790 | D:9      | You fall into a shaft and drop 1 floor!
 15790 | D:10     | Entered Level 10 of the Dungeon
 15790 | D:10     | Was forgiven by Ignis
 15799 | D:10     | 15799 ||| DROPPING ring of see invisible.
 16196 | D:9      | Found Zolici's General Store.
 16222 | D:9      | 16222 ||| Stepping ~*~*~tactically~*~*~ (stealth).
 16223 | D:9      | 16223 ||| Stepping ~*~*~tactically~*~*~ (stealth).
 16434 | D:9      | 16434 ||| INVOKING Heroism.
 16441 | D:9      | Received a gift from Okawaru
 16466 | D:9      | 16466 ||| Stepping ~*~*~tactically~*~*~ (stealth).
 16467 | D:9      | 16467 ||| Stepping ~*~*~tactically~*~*~ (stealth).
 16468 | D:9      | 16468 ||| Stepping ~*~*~tactically~*~*~ (stealth).
 16469 | D:9      | 16469 ||| Stepping ~*~*~tactically~*~*~ (stealth).
 16471 | D:9      | 16471 ||| Stepping ~*~*~tactically~*~*~ (outnumbered).
 16473 | D:9      | 16473 ||| Stepping ~*~*~tactically~*~*~ (outnumbered).
 16475 | D:9      | 16475 ||| Stepping ~*~*~tactically~*~*~ (outnumbered).
 16477 | D:9      | 16477 ||| Stepping ~*~*~tactically~*~*~ (outnumbered).
 16490 | D:9      | 16490 ||| Stepping ~*~*~tactically~*~*~ (outnumbered).
 16496 | D:9      | 16496 ||| Stepping ~*~*~tactically~*~*~ (outnumbered).
 16498 | D:9      | 16498 ||| Stepping ~*~*~tactically~*~*~ (outnumbered).
 16500 | D:9      | 16500 ||| Stepping ~*~*~tactically~*~*~ (outnumbered).
 16503 | D:9      | 16503 ||| Stepping ~*~*~tactically~*~*~ (outnumbered).
 16505 | D:9      | 16505 ||| Stepping ~*~*~tactically~*~*~ (outnumbered).
 16507 | D:9      | 16507 ||| Stepping ~*~*~tactically~*~*~ (outnumbered).
 16509 | D:9      | 16509 ||| Stepping ~*~*~tactically~*~*~ (outnumbered).
 16517 | D:9      | 16517 ||| Stepping ~*~*~tactically~*~*~ (outnumbered).
 16519 | D:9      | 16519 ||| Stepping ~*~*~tactically~*~*~ (outnumbered).
 16526 | D:9      | 16526 ||| Stepping ~*~*~tactically~*~*~ (outnumbered).
 16534 | D:9      | 16534 ||| Stepping ~*~*~tactically~*~*~ (outnumbered).
 16536 | D:9      | 16536 ||| Stepping ~*~*~tactically~*~*~ (outnumbered).
 16538 | D:9      | 16538 ||| Stepping ~*~*~tactically~*~*~ (outnumbered).
 16550 | D:9      | 16550 ||| FLEEEEING.
 16558 | D:9      | 16558 ||| FLEEEEING.
 16605 | D:9      | 16605 ||| Stepping ~*~*~tactically~*~*~ (outnumbered).
 16607 | D:9      | 16607 ||| Stepping ~*~*~tactically~*~*~ (outnumbered).
 16609 | D:9      | 16609 ||| Stepping ~*~*~tactically~*~*~ (outnumbered).
 16611 | D:9      | 16611 ||| Stepping ~*~*~tactically~*~*~ (outnumbered).
 16613 | D:9      | 16613 ||| Stepping ~*~*~tactically~*~*~ (outnumbered).
 16615 | D:9      | 16615 ||| Stepping ~*~*~tactically~*~*~ (outnumbered).
 16617 | D:9      | 16617 ||| Stepping ~*~*~tactically~*~*~ (outnumbered).
 16619 | D:9      | 16619 ||| Stepping ~*~*~tactically~*~*~ (outnumbered).
 16627 | D:9      | 16627 ||| Stepping ~*~*~tactically~*~*~ (outnumbered).
 16629 | D:9      | 16629 ||| Stepping ~*~*~tactically~*~*~ (outnumbered).
 16631 | D:9      | 16631 ||| Stepping ~*~*~tactically~*~*~ (outnumbered).
 16633 | D:9      | 16633 ||| Stepping ~*~*~tactically~*~*~ (outnumbered).
 16642 | D:9      | 16642 ||| Stepping ~*~*~tactically~*~*~ (outnumbered).
 16645 | D:9      | 16645 ||| Stepping ~*~*~tactically~*~*~ (outnumbered).
 16647 | D:9      | 16647 ||| Stepping ~*~*~tactically~*~*~ (outnumbered).
 16649 | D:9      | 16649 ||| Stepping ~*~*~tactically~*~*~ (outnumbered).
 16661 | D:9      | 16661 ||| FLEEEEING.
 16683 | D:9      | 16683 ||| Stepping ~*~*~tactically~*~*~ (outnumbered).
 16692 | D:9      | 16692 ||| Stepping ~*~*~tactically~*~*~ (outnumbered).
 16694 | D:9      | 16694 ||| Stepping ~*~*~tactically~*~*~ (outnumbered).
 16696 | D:9      | 16696 ||| Stepping ~*~*~tactically~*~*~ (outnumbered).
 16698 | D:9      | 16698 ||| Stepping ~*~*~tactically~*~*~ (outnumbered).
 16700 | D:9      | 16700 ||| Stepping ~*~*~tactically~*~*~ (outnumbered).
 16710 | D:9      | 16710 ||| Stepping ~*~*~tactically~*~*~ (outnumbered).
 16718 | D:9      | 16718 ||| Stepping ~*~*~tactically~*~*~ (outnumbered).
 16720 | D:9      | 16720 ||| Stepping ~*~*~tactically~*~*~ (outnumbered).
 16722 | D:9      | 16722 ||| Stepping ~*~*~tactically~*~*~ (outnumbered).
 16727 | D:9      | 16727 ||| Stepping ~*~*~tactically~*~*~ (outnumbered).
 16729 | D:9      | 16729 ||| Stepping ~*~*~tactically~*~*~ (outnumbered).
 16738 | D:9      | 16738 ||| Stepping ~*~*~tactically~*~*~ (outnumbered).
 16748 | D:9      | 16748 ||| FLEEEEING.
 16756 | D:9      | 16756 ||| FLEEEEING.
 16787 | D:9      | 16787 ||| Stepping ~*~*~tactically~*~*~ (outnumbered).
 16795 | D:9      | 16795 ||| Stepping ~*~*~tactically~*~*~ (outnumbered).
 16807 | D:9      | 16807 ||| Stepping ~*~*~tactically~*~*~ (outnumbered).
 16809 | D:9      | 16809 ||| Stepping ~*~*~tactically~*~*~ (outnumbered).
 16811 | D:9      | 16811 ||| Stepping ~*~*~tactically~*~*~ (outnumbered).
 16820 | D:9      | 16820 ||| Stepping ~*~*~tactically~*~*~ (outnumbered).
 16828 | D:9      | 16828 ||| Stepping ~*~*~tactically~*~*~ (outnumbered).
 16830 | D:9      | 16830 ||| Stepping ~*~*~tactically~*~*~ (outnumbered).
 16834 | D:9      | 16834 ||| Stepping ~*~*~tactically~*~*~ (outnumbered).
 16836 | D:9      | 16836 ||| Stepping ~*~*~tactically~*~*~ (outnumbered).
 16838 | D:9      | 16838 ||| Stepping ~*~*~tactically~*~*~ (outnumbered).
 16840 | D:9      | 16840 ||| Stepping ~*~*~tactically~*~*~ (outnumbered).
 16842 | D:9      | 16842 ||| FLEEEEING.
 16856 | D:9      | 16856 ||| FLEEEEING.
 16874 | D:9      | 16874 ||| Stepping ~*~*~tactically~*~*~ (outnumbered).
 16887 | D:9      | 16887 ||| Stepping ~*~*~tactically~*~*~ (outnumbered).
 16889 | D:9      | 16889 ||| Stepping ~*~*~tactically~*~*~ (outnumbered).
 16891 | D:9      | 16891 ||| Stepping ~*~*~tactically~*~*~ (outnumbered).
 16893 | D:9      | 16893 ||| Stepping ~*~*~tactically~*~*~ (outnumbered).
 16896 | D:9      | 16896 ||| Stepping ~*~*~tactically~*~*~ (outnumbered).
 16898 | D:9      | 16898 ||| Stepping ~*~*~tactically~*~*~ (outnumbered).
 16900 | D:9      | 16900 ||| Stepping ~*~*~tactically~*~*~ (outnumbered).
 16902 | D:9      | 16902 ||| Stepping ~*~*~tactically~*~*~ (outnumbered).
 16912 | D:9      | 16912 ||| Stepping ~*~*~tactically~*~*~ (outnumbered).
 16914 | D:9      | 16914 ||| Stepping ~*~*~tactically~*~*~ (outnumbered).
 16924 | D:9      | 16924 ||| Stepping ~*~*~tactically~*~*~ (outnumbered).
 16935 | D:9      | 16935 ||| FLEEEEING.
 16951 | D:9      | 16951 ||| Stepping ~*~*~tactically~*~*~ (outnumbered).
 16953 | D:9      | 16953 ||| FLEEEEING.
 16970 | D:9      | 16970 ||| Stepping ~*~*~tactically~*~*~ (outnumbered).
 16972 | D:9      | 16972 ||| Stepping ~*~*~tactically~*~*~ (outnumbered).
 16978 | D:9      | 16978 ||| Stepping ~*~*~tactically~*~*~ (outnumbered).
 16980 | D:9      | 16980 ||| Stepping ~*~*~tactically~*~*~ (outnumbered).
 16982 | D:9      | 16982 ||| Stepping ~*~*~tactically~*~*~ (outnumbered).
 16984 | D:9      | 16984 ||| Stepping ~*~*~tactically~*~*~ (outnumbered).
 16986 | D:9      | 16986 ||| Stepping ~*~*~tactically~*~*~ (outnumbered).
 16988 | D:9      | 16988 ||| Stepping ~*~*~tactically~*~*~ (outnumbered).
 16998 | D:9      | 16998 ||| Stepping ~*~*~tactically~*~*~ (outnumbered).
 17000 | D:9      | 17000 ||| Stepping ~*~*~tactically~*~*~ (outnumbered).
 17009 | D:9      | 17009 ||| Stepping ~*~*~tactically~*~*~ (outnumbered).
 17020 | D:9      | 17020 ||| Stepping ~*~*~tactically~*~*~ (outnumbered).
 17033 | D:9      | 17033 ||| Stepping ~*~*~tactically~*~*~ (outnumbered).
 17040 | D:9      | 17040 ||| Stepping ~*~*~tactically~*~*~ (outnumbered).
 17042 | D:9      | 17042 ||| Stepping ~*~*~tactically~*~*~ (outnumbered).
 17044 | D:9      | 17044 ||| Stepping ~*~*~tactically~*~*~ (outnumbered).
 17049 | D:9      | 17049 ||| FLEEEEING.
 17075 | D:9      | 17075 ||| FLEEEEING.
 17094 | D:9      | 17094 ||| Stepping ~*~*~tactically~*~*~ (outnumbered).
 17098 | D:9      | 17098 ||| Stepping ~*~*~tactically~*~*~ (outnumbered).
 17100 | D:9      | 17100 ||| Stepping ~*~*~tactically~*~*~ (outnumbered).
 17107 | D:9      | 17107 ||| Stepping ~*~*~tactically~*~*~ (outnumbered).
 17114 | D:9      | 17114 ||| Stepping ~*~*~tactically~*~*~ (outnumbered).
 17121 | D:9      | 17121 ||| Stepping ~*~*~tactically~*~*~ (outnumbered).
 17123 | D:9      | 17123 ||| Stepping ~*~*~tactically~*~*~ (outnumbered).
 17125 | D:9      | 17125 ||| Stepping ~*~*~tactically~*~*~ (outnumbered).
 17134 | D:9      | 17134 ||| Stepping ~*~*~tactically~*~*~ (outnumbered).
 17143 | D:9      | 17143 ||| Stepping ~*~*~tactically~*~*~ (outnumbered).
 17155 | D:9      | 17155 ||| Stepping ~*~*~tactically~*~*~ (outnumbered).
 17157 | D:9      | 17157 ||| Stepping ~*~*~tactically~*~*~ (outnumbered).
 17159 | D:9      | 17159 ||| Stepping ~*~*~tactically~*~*~ (outnumbered).
 17168 | D:9      | 17168 ||| Stepping ~*~*~tactically~*~*~ (outnumbered).
 17176 | D:9      | 17176 ||| Stepping ~*~*~tactically~*~*~ (outnumbered).
 17178 | D:9      | 17178 ||| Stepping ~*~*~tactically~*~*~ (outnumbered).
 17182 | D:9      | 17182 ||| Stepping ~*~*~tactically~*~*~ (outnumbered).
 17189 | D:9      | 17189 ||| Stepping ~*~*~tactically~*~*~ (outnumbered).
 17196 | D:9      | 17196 ||| Stepping ~*~*~tactically~*~*~ (outnumbered).
 17206 | D:9      | 17206 ||| Stepping ~*~*~tactically~*~*~ (outnumbered).
 17208 | D:9      | 17208 ||| Stepping ~*~*~tactically~*~*~ (outnumbered).
 17210 | D:9      | 17210 ||| Stepping ~*~*~tactically~*~*~ (outnumbered).
 17216 | D:9      | 17216 ||| Stepping ~*~*~tactically~*~*~ (outnumbered).
 17222 | D:9      | 17222 ||| Stepping ~*~*~tactically~*~*~ (outnumbered).
 17224 | D:9      | 17224 ||| Stepping ~*~*~tactically~*~*~ (outnumbered).
 17226 | D:9      | 17226 ||| Stepping ~*~*~tactically~*~*~ (outnumbered).
 17228 | D:9      | 17228 ||| Stepping ~*~*~tactically~*~*~ (outnumbered).
 17239 | D:9      | 17239 ||| Stepping ~*~*~tactically~*~*~ (outnumbered).
 17241 | D:9      | 17241 ||| Stepping ~*~*~tactically~*~*~ (outnumbered).
 17243 | D:9      | 17243 ||| Stepping ~*~*~tactically~*~*~ (outnumbered).
 17245 | D:9      | 17245 ||| Stepping ~*~*~tactically~*~*~ (outnumbered).
 17247 | D:9      | 17247 ||| Stepping ~*~*~tactically~*~*~ (outnumbered).
 17249 | D:9      | 17249 ||| Stepping ~*~*~tactically~*~*~ (outnumbered).
 17256 | D:9      | 17256 ||| FLEEEEING.
 17264 | D:9      | 17264 ||| FLEEEEING.
 17296 | D:9      | 17296 ||| Stepping ~*~*~tactically~*~*~ (stealth).
 17298 | D:9      | 17298 ||| Stepping ~*~*~tactically~*~*~ (outnumbered).
 17309 | D:9      | 17309 ||| Stepping ~*~*~tactically~*~*~ (outnumbered).
 17311 | D:9      | 17311 ||| Stepping ~*~*~tactically~*~*~ (outnumbered).
 17323 | D:9      | 17323 ||| Stepping ~*~*~tactically~*~*~ (outnumbered).
 17325 | D:9      | 17325 ||| Stepping ~*~*~tactically~*~*~ (outnumbered).
 17327 | D:9      | 17327 ||| Stepping ~*~*~tactically~*~*~ (outnumbered).
 17333 | D:9      | 17333 ||| Stepping ~*~*~tactically~*~*~ (outnumbered).
 17335 | D:9      | 17335 ||| Stepping ~*~*~tactically~*~*~ (outnumbered).
 17337 | D:9      | 17337 ||| Stepping ~*~*~tactically~*~*~ (outnumbered).
 17345 | D:9      | 17345 ||| Stepping ~*~*~tactically~*~*~ (outnumbered).
 17347 | D:9      | 17347 ||| Stepping ~*~*~tactically~*~*~ (outnumbered).
 17356 | D:9      | 17356 ||| Stepping ~*~*~tactically~*~*~ (outnumbered).
 17358 | D:9      | 17358 ||| Stepping ~*~*~tactically~*~*~ (outnumbered).
 17370 | D:9      | 17370 ||| Stepping ~*~*~tactically~*~*~ (outnumbered).
 17372 | D:9      | 17372 ||| Stepping ~*~*~tactically~*~*~ (outnumbered).
 17380 | D:9      | 17380 ||| Stepping ~*~*~tactically~*~*~ (outnumbered).
 17385 | D:9      | 17385 ||| FLEEEEING.
 17400 | D:9      | 17400 ||| Stepping ~*~*~tactically~*~*~ (outnumbered).
 17409 | D:9      | 17409 ||| FLEEEEING.
 17434 | D:9      | 17434 ||| Stepping ~*~*~tactically~*~*~ (outnumbered).
 17436 | D:9      | 17436 ||| Stepping ~*~*~tactically~*~*~ (outnumbered).
 17438 | D:9      | 17438 ||| Stepping ~*~*~tactically~*~*~ (outnumbered).
 17440 | D:9      | 17440 ||| Stepping ~*~*~tactically~*~*~ (outnumbered).
 17442 | D:9      | 17442 ||| Stepping ~*~*~tactically~*~*~ (outnumbered).
 17444 | D:9      | 17444 ||| Stepping ~*~*~tactically~*~*~ (outnumbered).
 17451 | D:9      | 17451 ||| Stepping ~*~*~tactically~*~*~ (outnumbered).
 17453 | D:9      | 17453 ||| Stepping ~*~*~tactically~*~*~ (outnumbered).
 17455 | D:9      | 17455 ||| Stepping ~*~*~tactically~*~*~ (outnumbered).
 17457 | D:9      | 17457 ||| Stepping ~*~*~tactically~*~*~ (outnumbered).
 17465 | D:9      | 17465 ||| Stepping ~*~*~tactically~*~*~ (outnumbered).
 17478 | D:9      | 17478 ||| Stepping ~*~*~tactically~*~*~ (outnumbered).
 17486 | D:9      | 17486 ||| Stepping ~*~*~tactically~*~*~ (outnumbered).
 17489 | D:9      | 17489 ||| Stepping ~*~*~tactically~*~*~ (outnumbered).
 17499 | D:9      | 17499 ||| Stepping ~*~*~tactically~*~*~ (outnumbered).
 17506 | D:9      | 17506 ||| Stepping ~*~*~tactically~*~*~ (outnumbered).
 17508 | D:9      | 17508 ||| Stepping ~*~*~tactically~*~*~ (outnumbered).
 17519 | D:9      | 17519 ||| Stepping ~*~*~tactically~*~*~ (outnumbered).
 17528 | D:9      | 17528 ||| Stepping ~*~*~tactically~*~*~ (outnumbered).
 17540 | D:9      | 17540 ||| Stepping ~*~*~tactically~*~*~ (outnumbered).
 17552 | D:9      | 17552 ||| Stepping ~*~*~tactically~*~*~ (outnumbered).
 17554 | D:9      | 17554 ||| Stepping ~*~*~tactically~*~*~ (outnumbered).
 17557 | D:9      | 17557 ||| FLEEEEING.
 17578 | D:9      | 17578 ||| Stepping ~*~*~tactically~*~*~ (outnumbered).
 17586 | D:9      | 17586 ||| Stepping ~*~*~tactically~*~*~ (outnumbered).
 17595 | D:9      | 17595 ||| Stepping ~*~*~tactically~*~*~ (outnumbered).
 17605 | D:9      | 17605 ||| Stepping ~*~*~tactically~*~*~ (outnumbered).
 17607 | D:9      | 17607 ||| Stepping ~*~*~tactically~*~*~ (outnumbered).
 17609 | D:9      | 17609 ||| Stepping ~*~*~tactically~*~*~ (outnumbered).
 17611 | D:9      | 17611 ||| Stepping ~*~*~tactically~*~*~ (outnumbered).
 17613 | D:9      | 17613 ||| FLEEEEING.
 17632 | D:9      | 17632 ||| Stepping ~*~*~tactically~*~*~ (outnumbered).
 17634 | D:9      | 17634 ||| Stepping ~*~*~tactically~*~*~ (outnumbered).
 17645 | D:9      | 17645 ||| Stepping ~*~*~tactically~*~*~ (outnumbered).
 17647 | D:9      | 17647 ||| Stepping ~*~*~tactically~*~*~ (outnumbered).
 17649 | D:9      | 17649 ||| Stepping ~*~*~tactically~*~*~ (outnumbered).
 17651 | D:9      | 17651 ||| Stepping ~*~*~tactically~*~*~ (outnumbered).
 17658 | D:9      | 17658 ||| Stepping ~*~*~tactically~*~*~ (outnumbered).
 17660 | D:9      | 17660 ||| Stepping ~*~*~tactically~*~*~ (outnumbered).
 17662 | D:9      | 17662 ||| Stepping ~*~*~tactically~*~*~ (outnumbered).
 17664 | D:9      | 17664 ||| Stepping ~*~*~tactically~*~*~ (outnumbered).
 17666 | D:9      | 17666 ||| Stepping ~*~*~tactically~*~*~ (outnumbered).
 17673 | D:9      | 17673 ||| Stepping ~*~*~tactically~*~*~ (outnumbered).
 17675 | D:9      | 17675 ||| Stepping ~*~*~tactically~*~*~ (outnumbered).
 17677 | D:9      | 17677 ||| Stepping ~*~*~tactically~*~*~ (outnumbered).
 17679 | D:9      | 17679 ||| Stepping ~*~*~tactically~*~*~ (outnumbered).
 17691 | D:9      | 17691 ||| Stepping ~*~*~tactically~*~*~ (outnumbered).
 17693 | D:9      | 17693 ||| Stepping ~*~*~tactically~*~*~ (outnumbered).
 17695 | D:9      | 17695 ||| Stepping ~*~*~tactically~*~*~ (outnumbered).
 17697 | D:9      | 17697 ||| Stepping ~*~*~tactically~*~*~ (outnumbered).
 17699 | D:9      | 17699 ||| Stepping ~*~*~tactically~*~*~ (outnumbered).
 17701 | D:9      | 17701 ||| Stepping ~*~*~tactically~*~*~ (outnumbered).
 17703 | D:9      | 17703 ||| Stepping ~*~*~tactically~*~*~ (outnumbered).
 17705 | D:9      | 17705 ||| Stepping ~*~*~tactically~*~*~ (outnumbered).
 17707 | D:9      | 17707 ||| FLEEEEING.
 17720 | D:9      | 17720 ||| FLEEEEING.
 17734 | D:9      | 17734 ||| Stepping ~*~*~tactically~*~*~ (outnumbered).
 17736 | D:9      | 17736 ||| Stepping ~*~*~tactically~*~*~ (outnumbered).
 17738 | D:9      | 17738 ||| Stepping ~*~*~tactically~*~*~ (outnumbered).
 17740 | D:9      | 17740 ||| Stepping ~*~*~tactically~*~*~ (outnumbered).
 17746 | D:9      | 17746 ||| Stepping ~*~*~tactically~*~*~ (outnumbered).
 17748 | D:9      | 17748 ||| Stepping ~*~*~tactically~*~*~ (outnumbered).
 17750 | D:9      | 17750 ||| Stepping ~*~*~tactically~*~*~ (outnumbered).
 17752 | D:9      | 17752 ||| Stepping ~*~*~tactically~*~*~ (outnumbered).
 17754 | D:9      | 17754 ||| Stepping ~*~*~tactically~*~*~ (outnumbered).
 17756 | D:9      | 17756 ||| Stepping ~*~*~tactically~*~*~ (outnumbered).
 17758 | D:9      | 17758 ||| Stepping ~*~*~tactically~*~*~ (outnumbered).
 17760 | D:9      | 17760 ||| Stepping ~*~*~tactically~*~*~ (outnumbered).
 17765 | D:9      | 17765 ||| Stepping ~*~*~tactically~*~*~ (outnumbered).
 17770 | D:9      | 17770 ||| Stepping ~*~*~tactically~*~*~ (outnumbered).
 17773 | D:9      | 17773 ||| Stepping ~*~*~tactically~*~*~ (outnumbered).
 17775 | D:9      | 17775 ||| Stepping ~*~*~tactically~*~*~ (outnumbered).
 17779 | D:9      | 17779 ||| Stepping ~*~*~tactically~*~*~ (outnumbered).
 17781 | D:9      | 17781 ||| Stepping ~*~*~tactically~*~*~ (outnumbered).
 17783 | D:9      | 17783 ||| Stepping ~*~*~tactically~*~*~ (outnumbered).
 17790 | D:9      | 17790 ||| Stepping ~*~*~tactically~*~*~ (outnumbered).
 17792 | D:9      | 17792 ||| Stepping ~*~*~tactically~*~*~ (outnumbered).
 17799 | D:9      | 17799 ||| Stepping ~*~*~tactically~*~*~ (outnumbered).
 17801 | D:9      | 17801 ||| Stepping ~*~*~tactically~*~*~ (outnumbered).
 17809 | D:9      | 17809 ||| Stepping ~*~*~tactically~*~*~ (outnumbered).
 17811 | D:9      | 17811 ||| Stepping ~*~*~tactically~*~*~ (outnumbered).
 17820 | D:9      | 17820 ||| Stepping ~*~*~tactically~*~*~ (outnumbered).
 17822 | D:9      | 17822 ||| Stepping ~*~*~tactically~*~*~ (outnumbered).
 17824 | D:9      | 17824 ||| Stepping ~*~*~tactically~*~*~ (outnumbered).
 17826 | D:9      | 17826 ||| Stepping ~*~*~tactically~*~*~ (outnumbered).
 17832 | D:9      | 17832 ||| Stepping ~*~*~tactically~*~*~ (outnumbered).
 17843 | D:9      | 17843 ||| Stepping ~*~*~tactically~*~*~ (outnumbered).
 17845 | D:9      | 17845 ||| FLEEEEING.
 17853 | D:9      | 17853 ||| FLEEEEING.
 17883 | D:9      | 17883 ||| Stepping ~*~*~tactically~*~*~ (outnumbered).
 17885 | D:9      | 17885 ||| Stepping ~*~*~tactically~*~*~ (outnumbered).
 17887 | D:9      | 17887 ||| FLEEEEING.
 17912 | D:9      | 17912 ||| Stepping ~*~*~tactically~*~*~ (outnumbered).
 17917 | D:9      | 17917 ||| Stepping ~*~*~tactically~*~*~ (outnumbered).
 17922 | D:9      | 17922 ||| FLEEEEING.
 17935 | D:9      | 17935 ||| Stepping ~*~*~tactically~*~*~ (outnumbered).
 17937 | D:9      | 17937 ||| Stepping ~*~*~tactically~*~*~ (outnumbered).
 17942 | D:9      | 17942 ||| Stepping ~*~*~tactically~*~*~ (outnumbered).
 17951 | D:9      | 17951 ||| FLEEEEING.
 17965 | D:9      | 17965 ||| Stepping ~*~*~tactically~*~*~ (outnumbered).
 17975 | D:9      | 17975 ||| FLEEEEING.
 17988 | D:9      | 17988 ||| Stepping ~*~*~tactically~*~*~ (outnumbered).
 17990 | D:9      | 17990 ||| FLEEEEING.
 17998 | D:9      | 17998 ||| FLEEEEING.
 18035 | D:9      | 18035 ||| Stepping ~*~*~tactically~*~*~ (outnumbered).
 18042 | D:9      | 18042 ||| Stepping ~*~*~tactically~*~*~ (outnumbered).
 18044 | D:9      | 18044 ||| Stepping ~*~*~tactically~*~*~ (outnumbered).
 18046 | D:9      | 18046 ||| Stepping ~*~*~tactically~*~*~ (outnumbered).
 18048 | D:9      | 18048 ||| Stepping ~*~*~tactically~*~*~ (outnumbered).
 18051 | D:9      | 18051 ||| Stepping ~*~*~tactically~*~*~ (outnumbered).
 18053 | D:9      | 18053 ||| Stepping ~*~*~tactically~*~*~ (outnumbered).
 18055 | D:9      | 18055 ||| Stepping ~*~*~tactically~*~*~ (outnumbered).
 18057 | D:9      | 18057 ||| Stepping ~*~*~tactically~*~*~ (outnumbered).
 18067 | D:9      | 18067 ||| Stepping ~*~*~tactically~*~*~ (outnumbered).
 18074 | D:9      | 18074 ||| Stepping ~*~*~tactically~*~*~ (outnumbered).
 18076 | D:9      | 18076 ||| Stepping ~*~*~tactically~*~*~ (outnumbered).
 18078 | D:9      | 18078 ||| Stepping ~*~*~tactically~*~*~ (outnumbered).
 18080 | D:9      | 18080 ||| Stepping ~*~*~tactically~*~*~ (outnumbered).
 18082 | D:9      | 18082 ||| Stepping ~*~*~tactically~*~*~ (outnumbered).
 18084 | D:9      | 18084 ||| FLEEEEING.
 18099 | D:9      | 18099 ||| FLEEEEING.
 18112 | D:9      | 18112 ||| Stepping ~*~*~tactically~*~*~ (outnumbered).
 18119 | D:9      | 18119 ||| Stepping ~*~*~tactically~*~*~ (outnumbered).
 18125 | D:9      | 18125 ||| Stepping ~*~*~tactically~*~*~ (outnumbered).
 18127 | D:9      | 18127 ||| Stepping ~*~*~tactically~*~*~ (outnumbered).
 18136 | D:9      | 18136 ||| Stepping ~*~*~tactically~*~*~ (outnumbered).
 18138 | D:9      | 18138 ||| FLEEEEING.
 18151 | D:9      | 18151 ||| Stepping ~*~*~tactically~*~*~ (outnumbered).
 18153 | D:9      | 18153 ||| Stepping ~*~*~tactically~*~*~ (outnumbered).
 18155 | D:9      | 18155 ||| Stepping ~*~*~tactically~*~*~ (outnumbered).
 18160 | D:9      | 18160 ||| Stepping ~*~*~tactically~*~*~ (outnumbered).
 18162 | D:9      | 18162 ||| Stepping ~*~*~tactically~*~*~ (outnumbered).
 18164 | D:9      | 18164 ||| Stepping ~*~*~tactically~*~*~ (outnumbered).
 18166 | D:9      | 18166 ||| Stepping ~*~*~tactically~*~*~ (outnumbered).
 18173 | D:9      | 18173 ||| Stepping ~*~*~tactically~*~*~ (outnumbered).
 18179 | D:9      | 18179 ||| Stepping ~*~*~tactically~*~*~ (outnumbered).
 18190 | D:9      | 18190 ||| Stepping ~*~*~tactically~*~*~ (outnumbered).
 18192 | D:9      | 18192 ||| Stepping ~*~*~tactically~*~*~ (outnumbered).
 18194 | D:9      | 18194 ||| Stepping ~*~*~tactically~*~*~ (outnumbered).
 18196 | D:9      | 18196 ||| FLEEEEING.
 18215 | D:9      | 18215 ||| Stepping ~*~*~tactically~*~*~ (outnumbered).
 18217 | D:9      | 18217 ||| Stepping ~*~*~tactically~*~*~ (outnumbered).
 18223 | D:9      | 18223 ||| Stepping ~*~*~tactically~*~*~ (outnumbered).
 18230 | D:9      | 18230 ||| Stepping ~*~*~tactically~*~*~ (outnumbered).
 18236 | D:9      | 18236 ||| Stepping ~*~*~tactically~*~*~ (outnumbered).
 18238 | D:9      | 18238 ||| Stepping ~*~*~tactically~*~*~ (outnumbered).
 18243 | D:9      | 18243 ||| Stepping ~*~*~tactically~*~*~ (outnumbered).
 18245 | D:9      | 18245 ||| FLEEEEING.
 18260 | D:9      | 18260 ||| Stepping ~*~*~tactically~*~*~ (outnumbered).
 18262 | D:9      | 18262 ||| Stepping ~*~*~tactically~*~*~ (outnumbered).
 18264 | D:9      | 18264 ||| Stepping ~*~*~tactically~*~*~ (outnumbered).
 18269 | D:9      | 18269 ||| Stepping ~*~*~tactically~*~*~ (outnumbered).
 18271 | D:9      | 18271 ||| Stepping ~*~*~tactically~*~*~ (outnumbered).
 18280 | D:9      | 18280 ||| Stepping ~*~*~tactically~*~*~ (outnumbered).
 18282 | D:9      | 18282 ||| Stepping ~*~*~tactically~*~*~ (outnumbered).
 18284 | D:9      | 18284 ||| Stepping ~*~*~tactically~*~*~ (outnumbered).
 18286 | D:9      | 18286 ||| Stepping ~*~*~tactically~*~*~ (outnumbered).
 18293 | D:9      | 18293 ||| Stepping ~*~*~tactically~*~*~ (outnumbered).
 18297 | D:9      | 18297 ||| Stepping ~*~*~tactically~*~*~ (outnumbered).
 18300 | D:9      | 18300 ||| Stepping ~*~*~tactically~*~*~ (outnumbered).
 18302 | D:9      | 18302 ||| Stepping ~*~*~tactically~*~*~ (outnumbered).
 18304 | D:9      | 18304 ||| Stepping ~*~*~tactically~*~*~ (outnumbered).
 18306 | D:9      | 18306 ||| Stepping ~*~*~tactically~*~*~ (outnumbered).
 18308 | D:9      | 18308 ||| Stepping ~*~*~tactically~*~*~ (outnumbered).
 18310 | D:9      | 18310 ||| Stepping ~*~*~tactically~*~*~ (outnumbered).
 18312 | D:9      | 18312 ||| Stepping ~*~*~tactically~*~*~ (outnumbered).
 18314 | D:9      | 18314 ||| Stepping ~*~*~tactically~*~*~ (outnumbered).
 18316 | D:9      | 18316 ||| Stepping ~*~*~tactically~*~*~ (outnumbered).
 18322 | D:9      | 18322 ||| Stepping ~*~*~tactically~*~*~ (outnumbered).
 18324 | D:9      | 18324 ||| Stepping ~*~*~tactically~*~*~ (outnumbered).
 18326 | D:9      | 18326 ||| Stepping ~*~*~tactically~*~*~ (outnumbered).
 18328 | D:9      | 18328 ||| Stepping ~*~*~tactically~*~*~ (outnumbered).
 18337 | D:9      | 18337 ||| Stepping ~*~*~tactically~*~*~ (outnumbered).
 18339 | D:9      | 18339 ||| FLEEEEING.
 18357 | D:9      | 18357 ||| Stepping ~*~*~tactically~*~*~ (outnumbered).
 18365 | D:9      | 18365 ||| FLEEEEING.
 18381 | D:9      | 18381 ||| Stepping ~*~*~tactically~*~*~ (outnumbered).
 18383 | D:9      | 18383 ||| Stepping ~*~*~tactically~*~*~ (outnumbered).
 18390 | D:9      | 18390 ||| Stepping ~*~*~tactically~*~*~ (outnumbered).
 18397 | D:9      | 18397 ||| Stepping ~*~*~tactically~*~*~ (outnumbered).
 18399 | D:9      | 18399 ||| Stepping ~*~*~tactically~*~*~ (outnumbered).
 18401 | D:9      | 18401 ||| Stepping ~*~*~tactically~*~*~ (outnumbered).
 18403 | D:9      | 18403 ||| Stepping ~*~*~tactically~*~*~ (outnumbered).
 18410 | D:9      | 18410 ||| Stepping ~*~*~tactically~*~*~ (outnumbered).
 18412 | D:9      | 18412 ||| FLEEEEING.
 18426 | D:9      | 18426 ||| Stepping ~*~*~tactically~*~*~ (outnumbered).
 18428 | D:9      | 18428 ||| Stepping ~*~*~tactically~*~*~ (outnumbered).
 18431 | D:9      | 18431 ||| Stepping ~*~*~tactically~*~*~ (outnumbered).
 18433 | D:9      | 18433 ||| Stepping ~*~*~tactically~*~*~ (outnumbered).
 18435 | D:9      | 18435 ||| FLEEEEING.
 18443 | D:9      | 18443 ||| FLEEEEING.
 18479 | D:9      | 18479 ||| Stepping ~*~*~tactically~*~*~ (outnumbered).
 18489 | D:9      | 18489 ||| Stepping ~*~*~tactically~*~*~ (outnumbered).
 18491 | D:9      | 18491 ||| Stepping ~*~*~tactically~*~*~ (outnumbered).
 18493 | D:9      | 18493 ||| Stepping ~*~*~tactically~*~*~ (outnumbered).
 18495 | D:9      | 18495 ||| Stepping ~*~*~tactically~*~*~ (outnumbered).
 18497 | D:9      | 18497 ||| Stepping ~*~*~tactically~*~*~ (outnumbered).
 18504 | D:9      | 18504 ||| Stepping ~*~*~tactically~*~*~ (outnumbered).
 18506 | D:9      | 18506 ||| Stepping ~*~*~tactically~*~*~ (outnumbered).
 18510 | D:9      | 18510 ||| Stepping ~*~*~tactically~*~*~ (outnumbered).
 18512 | D:9      | 18512 ||| Stepping ~*~*~tactically~*~*~ (outnumbered).
 18514 | D:9      | 18514 ||| Stepping ~*~*~tactically~*~*~ (outnumbered).
 18516 | D:9      | 18516 ||| Stepping ~*~*~tactically~*~*~ (outnumbered).
 18518 | D:9      | 18518 ||| Stepping ~*~*~tactically~*~*~ (outnumbered).
 18527 | D:9      | 18527 ||| Stepping ~*~*~tactically~*~*~ (outnumbered).
 18529 | D:9      | 18529 ||| Stepping ~*~*~tactically~*~*~ (outnumbered).
 18538 | D:9      | 18538 ||| Stepping ~*~*~tactically~*~*~ (outnumbered).
 18542 | D:9      | 18542 ||| Stepping ~*~*~tactically~*~*~ (outnumbered).
 18551 | D:9      | 18551 ||| Stepping ~*~*~tactically~*~*~ (outnumbered).
 18556 | D:9      | 18556 ||| Stepping ~*~*~tactically~*~*~ (outnumbered).
 18558 | D:9      | 18558 ||| Stepping ~*~*~tactically~*~*~ (outnumbered).
 18562 | D:9      | 18562 ||| Stepping ~*~*~tactically~*~*~ (outnumbered).
 18564 | D:9      | 18564 ||| Stepping ~*~*~tactically~*~*~ (outnumbered).
 18566 | D:9      | 18566 ||| Stepping ~*~*~tactically~*~*~ (outnumbered).
 18568 | D:9      | 18568 ||| Stepping ~*~*~tactically~*~*~ (outnumbered).
 18570 | D:9      | 18570 ||| Stepping ~*~*~tactically~*~*~ (outnumbered).
 18572 | D:9      | 18572 ||| Stepping ~*~*~tactically~*~*~ (outnumbered).
 18574 | D:9      | 18574 ||| Stepping ~*~*~tactically~*~*~ (outnumbered).
 18587 | D:9      | 18587 ||| Stepping ~*~*~tactically~*~*~ (outnumbered).
 18589 | D:9      | 18589 ||| Stepping ~*~*~tactically~*~*~ (outnumbered).
 18597 | D:9      | 18597 ||| Stepping ~*~*~tactically~*~*~ (outnumbered).
 18606 | D:9      | 18606 ||| Stepping ~*~*~tactically~*~*~ (outnumbered).
 18611 | D:9      | 18611 ||| Stepping ~*~*~tactically~*~*~ (outnumbered).
 18619 | D:9      | 18619 ||| Stepping ~*~*~tactically~*~*~ (outnumbered).
 18628 | D:9      | 18628 ||| Stepping ~*~*~tactically~*~*~ (outnumbered).
 18630 | D:9      | 18630 ||| Stepping ~*~*~tactically~*~*~ (outnumbered).
 18632 | D:9      | 18632 ||| Stepping ~*~*~tactically~*~*~ (outnumbered).
 18634 | D:9      | 18634 ||| Stepping ~*~*~tactically~*~*~ (outnumbered).
 18636 | D:9      | 18636 ||| Stepping ~*~*~tactically~*~*~ (outnumbered).
 18638 | D:9      | 18638 ||| Stepping ~*~*~tactically~*~*~ (outnumbered).
 18640 | D:9      | 18640 ||| Stepping ~*~*~tactically~*~*~ (outnumbered).
 18650 | D:9      | 18650 ||| Stepping ~*~*~tactically~*~*~ (outnumbered).
 18652 | D:9      | 18652 ||| Stepping ~*~*~tactically~*~*~ (outnumbered).
 18654 | D:9      | 18654 ||| Stepping ~*~*~tactically~*~*~ (outnumbered).
 18663 | D:9      | 18663 ||| Stepping ~*~*~tactically~*~*~ (outnumbered).
 18670 | D:9      | 18670 ||| Stepping ~*~*~tactically~*~*~ (outnumbered).
 18677 | D:9      | 18677 ||| Stepping ~*~*~tactically~*~*~ (outnumbered).
 18688 | D:9      | 18688 ||| Stepping ~*~*~tactically~*~*~ (outnumbered).
 18690 | D:9      | 18690 ||| Stepping ~*~*~tactically~*~*~ (outnumbered).
 18695 | D:9      | 18695 ||| Stepping ~*~*~tactically~*~*~ (outnumbered).
 18699 | D:9      | 18699 ||| Stepping ~*~*~tactically~*~*~ (outnumbered).
 18708 | D:9      | 18708 ||| Stepping ~*~*~tactically~*~*~ (outnumbered).
 18710 | D:9      | 18710 ||| Stepping ~*~*~tactically~*~*~ (outnumbered).
 18723 | D:9      | 18723 ||| Stepping ~*~*~tactically~*~*~ (outnumbered).
 18725 | D:9      | 18725 ||| Stepping ~*~*~tactically~*~*~ (outnumbered).
 18727 | D:9      | 18727 ||| Stepping ~*~*~tactically~*~*~ (outnumbered).
 18735 | D:9      | 18735 ||| Stepping ~*~*~tactically~*~*~ (outnumbered).
 18742 | D:9      | 18742 ||| Stepping ~*~*~tactically~*~*~ (outnumbered).
 18749 | D:9      | 18749 ||| Stepping ~*~*~tactically~*~*~ (outnumbered).
 18760 | D:9      | 18760 ||| Stepping ~*~*~tactically~*~*~ (outnumbered).
 18762 | D:9      | 18762 ||| Stepping ~*~*~tactically~*~*~ (outnumbered).
 18764 | D:9      | 18764 ||| Stepping ~*~*~tactically~*~*~ (outnumbered).
 18766 | D:9      | 18766 ||| Stepping ~*~*~tactically~*~*~ (outnumbered).
 18768 | D:9      | 18768 ||| Stepping ~*~*~tactically~*~*~ (outnumbered).
 18770 | D:9      | 18770 ||| Stepping ~*~*~tactically~*~*~ (outnumbered).
 18772 | D:9      | 18772 ||| Stepping ~*~*~tactically~*~*~ (outnumbered).
 18774 | D:9      | 18774 ||| Stepping ~*~*~tactically~*~*~ (outnumbered).
 18776 | D:9      | 18776 ||| Stepping ~*~*~tactically~*~*~ (outnumbered).
 18780 | D:9      | 18780 ||| Stepping ~*~*~tactically~*~*~ (outnumbered).
 18782 | D:9      | 18782 ||| Stepping ~*~*~tactically~*~*~ (outnumbered).
 18785 | D:9      | 18785 ||| Stepping ~*~*~tactically~*~*~ (outnumbered).
 18787 | D:9      | 18787 ||| Stepping ~*~*~tactically~*~*~ (outnumbered).
 18789 | D:9      | 18789 ||| Stepping ~*~*~tactically~*~*~ (outnumbered).
 18791 | D:9      | 18791 ||| Stepping ~*~*~tactically~*~*~ (outnumbered).
 18793 | D:9      | 18793 ||| Stepping ~*~*~tactically~*~*~ (outnumbered).
 18795 | D:9      | 18795 ||| Stepping ~*~*~tactically~*~*~ (outnumbered).
 18802 | D:9      | 18802 ||| Stepping ~*~*~tactically~*~*~ (outnumbered).
 18805 | D:9      | 18805 ||| Stepping ~*~*~tactically~*~*~ (outnumbered).
 18810 | D:9      | 18810 ||| Stepping ~*~*~tactically~*~*~ (outnumbered).
 18821 | D:9      | 18821 ||| Stepping ~*~*~tactically~*~*~ (outnumbered).
 18830 | D:9      | 18830 ||| Stepping ~*~*~tactically~*~*~ (outnumbered).
 18835 | D:9      | 18835 ||| Stepping ~*~*~tactically~*~*~ (outnumbered).
 18837 | D:9      | 18837 ||| Stepping ~*~*~tactically~*~*~ (outnumbered).
 18846 | D:9      | 18846 ||| Stepping ~*~*~tactically~*~*~ (outnumbered).
 18851 | D:9      | 18851 ||| Stepping ~*~*~tactically~*~*~ (outnumbered).
 18853 | D:9      | 18853 ||| Stepping ~*~*~tactically~*~*~ (outnumbered).
 18855 | D:9      | 18855 ||| Stepping ~*~*~tactically~*~*~ (outnumbered).
 18857 | D:9      | 18857 ||| Stepping ~*~*~tactically~*~*~ (outnumbered).
 18865 | D:9      | 18865 ||| Stepping ~*~*~tactically~*~*~ (outnumbered).
 18874 | D:9      | 18874 ||| Stepping ~*~*~tactically~*~*~ (outnumbered).
 18876 | D:9      | 18876 ||| Stepping ~*~*~tactically~*~*~ (outnumbered).
 18884 | D:9      | 18884 ||| Stepping ~*~*~tactically~*~*~ (outnumbered).
 18890 | D:9      | 18890 ||| Stepping ~*~*~tactically~*~*~ (outnumbered).
 18899 | D:9      | 18899 ||| Stepping ~*~*~tactically~*~*~ (outnumbered).
 18908 | D:9      | 18908 ||| Stepping ~*~*~tactically~*~*~ (outnumbered).
 18910 | D:9      | 18910 ||| Stepping ~*~*~tactically~*~*~ (outnumbered).
 18912 | D:9      | 18912 ||| Stepping ~*~*~tactically~*~*~ (outnumbered).
 18921 | D:9      | 18921 ||| Stepping ~*~*~tactically~*~*~ (outnumbered).
 18923 | D:9      | 18923 ||| FLEEEEING.
 18940 | D:9      | 18940 ||| Stepping ~*~*~tactically~*~*~ (outnumbered).
 18942 | D:9      | 18942 ||| Stepping ~*~*~tactically~*~*~ (outnumbered).
 18944 | D:9      | 18944 ||| Stepping ~*~*~tactically~*~*~ (outnumbered).
 18946 | D:9      | 18946 ||| FLEEEEING.
 18968 | D:9      | 18968 ||| Stepping ~*~*~tactically~*~*~ (outnumbered).
 18970 | D:9      | 18970 ||| Stepping ~*~*~tactically~*~*~ (outnumbered).
 18972 | D:9      | 18972 ||| Stepping ~*~*~tactically~*~*~ (outnumbered).
 18974 | D:9      | 18974 ||| FLEEEEING.
 18993 | D:9      | 18993 ||| Stepping ~*~*~tactically~*~*~ (outnumbered).
 19000 | D:9      | 19000 ||| Stepping ~*~*~tactically~*~*~ (outnumbered).
 19002 | D:9      | 19002 ||| Stepping ~*~*~tactically~*~*~ (outnumbered).
 19004 | D:9      | 19004 ||| Stepping ~*~*~tactically~*~*~ (outnumbered).
 19016 | D:9      | 19016 ||| Stepping ~*~*~tactically~*~*~ (outnumbered).
 19027 | D:9      | 19027 ||| Stepping ~*~*~tactically~*~*~ (outnumbered).
 19029 | D:9      | 19029 ||| Stepping ~*~*~tactically~*~*~ (outnumbered).
 19031 | D:9      | 19031 ||| Stepping ~*~*~tactically~*~*~ (outnumbered).
 19033 | D:9      | 19033 ||| Stepping ~*~*~tactically~*~*~ (outnumbered).
 19044 | D:9      | 19044 ||| FLEEEEING.
 19052 | D:9      | 19052 ||| FLEEEEING.
 19086 | D:9      | 19086 ||| Stepping ~*~*~tactically~*~*~ (outnumbered).
 19092 | D:9      | 19092 ||| Stepping ~*~*~tactically~*~*~ (outnumbered).
 19104 | D:9      | 19104 ||| Stepping ~*~*~tactically~*~*~ (outnumbered).
 19106 | D:9      | 19106 ||| Stepping ~*~*~tactically~*~*~ (outnumbered).
 19108 | D:9      | 19108 ||| Stepping ~*~*~tactically~*~*~ (outnumbered).
 19110 | D:9      | 19110 ||| Stepping ~*~*~tactically~*~*~ (outnumbered).
 19112 | D:9      | 19112 ||| Stepping ~*~*~tactically~*~*~ (outnumbered).
 19114 | D:9      | 19114 ||| Stepping ~*~*~tactically~*~*~ (outnumbered).
 19116 | D:9      | 19116 ||| Stepping ~*~*~tactically~*~*~ (outnumbered).
 19120 | D:9      | 19120 ||| Stepping ~*~*~tactically~*~*~ (outnumbered).
 19122 | D:9      | 19122 ||| Stepping ~*~*~tactically~*~*~ (outnumbered).
 19124 | D:9      | 19124 ||| Stepping ~*~*~tactically~*~*~ (outnumbered).
 19126 | D:9      | 19126 ||| Stepping ~*~*~tactically~*~*~ (outnumbered).
 19128 | D:9      | 19128 ||| FLEEEEING.
 19147 | D:9      | 19147 ||| Stepping ~*~*~tactically~*~*~ (outnumbered).
 19149 | D:9      | 19149 ||| Stepping ~*~*~tactically~*~*~ (outnumbered).
 19151 | D:9      | 19151 ||| Stepping ~*~*~tactically~*~*~ (outnumbered).
 19153 | D:9      | 19153 ||| Stepping ~*~*~tactically~*~*~ (outnumbered).
 19155 | D:9      | 19155 ||| Stepping ~*~*~tactically~*~*~ (outnumbered).
 19157 | D:9      | 19157 ||| Stepping ~*~*~tactically~*~*~ (outnumbered).
 19159 | D:9      | 19159 ||| Stepping ~*~*~tactically~*~*~ (outnumbered).
 19171 | D:9      | 19171 ||| Stepping ~*~*~tactically~*~*~ (outnumbered).
 19182 | D:9      | 19182 ||| Stepping ~*~*~tactically~*~*~ (outnumbered).
 19184 | D:9      | 19184 ||| Stepping ~*~*~tactically~*~*~ (outnumbered).
 19189 | D:9      | 19189 ||| Stepping ~*~*~tactically~*~*~ (outnumbered).
 19193 | D:9      | 19193 ||| Stepping ~*~*~tactically~*~*~ (outnumbered).
 19195 | D:9      | 19195 ||| Stepping ~*~*~tactically~*~*~ (outnumbered).
 19197 | D:9      | 19197 ||| Stepping ~*~*~tactically~*~*~ (outnumbered).
 19199 | D:9      | 19199 ||| Stepping ~*~*~tactically~*~*~ (outnumbered).
 19207 | D:9      | 19207 ||| Stepping ~*~*~tactically~*~*~ (outnumbered).
 19219 | D:9      | 19219 ||| Stepping ~*~*~tactically~*~*~ (outnumbered).
 19224 | D:9      | 19224 ||| Stepping ~*~*~tactically~*~*~ (outnumbered).
 19226 | D:9      | 19226 ||| Stepping ~*~*~tactically~*~*~ (outnumbered).
 19231 | D:9      | 19231 ||| Stepping ~*~*~tactically~*~*~ (outnumbered).
 19233 | D:9      | 19233 ||| Stepping ~*~*~tactically~*~*~ (outnumbered).
 19235 | D:9      | 19235 ||| Stepping ~*~*~tactically~*~*~ (outnumbered).
 19247 | D:9      | 19247 ||| Stepping ~*~*~tactically~*~*~ (outnumbered).
 19257 | D:9      | 19257 ||| Stepping ~*~*~tactically~*~*~ (outnumbered).
 19259 | D:9      | 19259 ||| Stepping ~*~*~tactically~*~*~ (outnumbered).
 19264 | D:9      | 19264 ||| Stepping ~*~*~tactically~*~*~ (outnumbered).
 19266 | D:9      | 19266 ||| FLEEEEING.
 19281 | D:9      | 19281 ||| Stepping ~*~*~tactically~*~*~ (outnumbered).
 19283 | D:9      | 19283 ||| Stepping ~*~*~tactically~*~*~ (outnumbered).
 19285 | D:9      | 19285 ||| Stepping ~*~*~tactically~*~*~ (outnumbered).
 19289 | D:9      | 19289 ||| Stepping ~*~*~tactically~*~*~ (outnumbered).
 19291 | D:9      | 19291 ||| Stepping ~*~*~tactically~*~*~ (outnumbered).
 19293 | D:9      | 19293 ||| Stepping ~*~*~tactically~*~*~ (outnumbered).
 19304 | D:9      | 19304 ||| Stepping ~*~*~tactically~*~*~ (outnumbered).
 19309 | D:9      | 19309 ||| Stepping ~*~*~tactically~*~*~ (outnumbered).
 19319 | D:9      | 19319 ||| FLEEEEING.
 19336 | D:9      | 19336 ||| Stepping ~*~*~tactically~*~*~ (outnumbered).
 19338 | D:9      | 19338 ||| Stepping ~*~*~tactically~*~*~ (outnumbered).
 19340 | D:9      | 19340 ||| Stepping ~*~*~tactically~*~*~ (outnumbered).
 19342 | D:9      | 19342 ||| Stepping ~*~*~tactically~*~*~ (outnumbered).
 19350 | D:9      | 19350 ||| Stepping ~*~*~tactically~*~*~ (outnumbered).
 19352 | D:9      | 19352 ||| Stepping ~*~*~tactically~*~*~ (outnumbered).
 19359 | D:9      | 19359 ||| Stepping ~*~*~tactically~*~*~ (outnumbered).
 19363 | D:9      | 19363 ||| Stepping ~*~*~tactically~*~*~ (outnumbered).
 19365 | D:9      | 19365 ||| Stepping ~*~*~tactically~*~*~ (outnumbered).
 19374 | D:9      | 19374 ||| Stepping ~*~*~tactically~*~*~ (outnumbered).
 19376 | D:9      | 19376 ||| Stepping ~*~*~tactically~*~*~ (outnumbered).
 19378 | D:9      | 19378 ||| FLEEEEING.
 19391 | D:9      | 19391 ||| Stepping ~*~*~tactically~*~*~ (outnumbered).
 19404 | D:9      | 19404 ||| Stepping ~*~*~tactically~*~*~ (outnumbered).
 19410 | D:9      | 19410 ||| Stepping ~*~*~tactically~*~*~ (outnumbered).
 19412 | D:9      | 19412 ||| Stepping ~*~*~tactically~*~*~ (outnumbered).
 19424 | D:9      | 19424 ||| Stepping ~*~*~tactically~*~*~ (outnumbered).
 19426 | D:9      | 19426 ||| Stepping ~*~*~tactically~*~*~ (outnumbered).
 19428 | D:9      | 19428 ||| Stepping ~*~*~tactically~*~*~ (outnumbered).
 19430 | D:9      | 19430 ||| Stepping ~*~*~tactically~*~*~ (outnumbered).
 19434 | D:9      | 19434 ||| Stepping ~*~*~tactically~*~*~ (outnumbered).
 19442 | D:9      | 19442 ||| Stepping ~*~*~tactically~*~*~ (outnumbered).
 19455 | D:9      | 19455 ||| Stepping ~*~*~tactically~*~*~ (outnumbered).
 19457 | D:9      | 19457 ||| Stepping ~*~*~tactically~*~*~ (outnumbered).
 19462 | D:9      | 19462 ||| Stepping ~*~*~tactically~*~*~ (outnumbered).
 19474 | D:9      | 19474 ||| Stepping ~*~*~tactically~*~*~ (outnumbered).
 19480 | D:9      | 19480 ||| Stepping ~*~*~tactically~*~*~ (outnumbered).
 19492 | D:9      | 19492 ||| Stepping ~*~*~tactically~*~*~ (outnumbered).
 19494 | D:9      | 19494 ||| Stepping ~*~*~tactically~*~*~ (outnumbered).
 19503 | D:9      | 19503 ||| FLEEEEING.
 19524 | D:9      | 19524 ||| Stepping ~*~*~tactically~*~*~ (outnumbered).
 19526 | D:9      | 19526 ||| Stepping ~*~*~tactically~*~*~ (outnumbered).
 19528 | D:9      | 19528 ||| Stepping ~*~*~tactically~*~*~ (outnumbered).
 19533 | D:9      | 19533 ||| Stepping ~*~*~tactically~*~*~ (outnumbered).
 19535 | D:9      | 19535 ||| Stepping ~*~*~tactically~*~*~ (outnumbered).
 19537 | D:9      | 19537 ||| Stepping ~*~*~tactically~*~*~ (outnumbered).
 19548 | D:9      | 19548 ||| Stepping ~*~*~tactically~*~*~ (outnumbered).
 19550 | D:9      | 19550 ||| Stepping ~*~*~tactically~*~*~ (outnumbered).
 19559 | D:9      | 19559 ||| Stepping ~*~*~tactically~*~*~ (outnumbered).
 19566 | D:9      | 19566 ||| Stepping ~*~*~tactically~*~*~ (outnumbered).
 19568 | D:9      | 19568 ||| FLEEEEING.
 19583 | D:9      | 19583 ||| Stepping ~*~*~tactically~*~*~ (outnumbered).
 19585 | D:9      | 19585 ||| Stepping ~*~*~tactically~*~*~ (outnumbered).
 19587 | D:9      | 19587 ||| Stepping ~*~*~tactically~*~*~ (outnumbered).
 19589 | D:9      | 19589 ||| Stepping ~*~*~tactically~*~*~ (outnumbered).
 19591 | D:9      | 19591 ||| Stepping ~*~*~tactically~*~*~ (outnumbered).
 19593 | D:9      | 19593 ||| Stepping ~*~*~tactically~*~*~ (outnumbered).
 19595 | D:9      | 19595 ||| Stepping ~*~*~tactically~*~*~ (outnumbered).
 19603 | D:9      | 19603 ||| Stepping ~*~*~tactically~*~*~ (outnumbered).
 19611 | D:9      | 19611 ||| FLEEEEING.
 19620 | D:9      | 19620 ||| FLEEEEING.
 19656 | D:9      | 19656 ||| Stepping ~*~*~tactically~*~*~ (outnumbered).
 19658 | D:9      | 19658 ||| Stepping ~*~*~tactically~*~*~ (outnumbered).
 19661 | D:9      | 19661 ||| Stepping ~*~*~tactically~*~*~ (outnumbered).
 19663 | D:9      | 19663 ||| Stepping ~*~*~tactically~*~*~ (outnumbered).
 19665 | D:9      | 19665 ||| Stepping ~*~*~tactically~*~*~ (outnumbered).
 19667 | D:9      | 19667 ||| Stepping ~*~*~tactically~*~*~ (outnumbered).
 19669 | D:9      | 19669 ||| FLEEEEING.
 19682 | D:9      | 19682 ||| Stepping ~*~*~tactically~*~*~ (outnumbered).
 19695 | D:9      | 19695 ||| Stepping ~*~*~tactically~*~*~ (outnumbered).
 19703 | D:9      | 19703 ||| Stepping ~*~*~tactically~*~*~ (outnumbered).
 19710 | D:9      | 19710 ||| Stepping ~*~*~tactically~*~*~ (outnumbered).
 19717 | D:9      | 19717 ||| Stepping ~*~*~tactically~*~*~ (outnumbered).
 19719 | D:9      | 19719 ||| Stepping ~*~*~tactically~*~*~ (outnumbered).
 19728 | D:9      | 19728 ||| Stepping ~*~*~tactically~*~*~ (outnumbered).
 19730 | D:9      | 19730 ||| Stepping ~*~*~tactically~*~*~ (outnumbered).
 19732 | D:9      | 19732 ||| Stepping ~*~*~tactically~*~*~ (outnumbered).
 19736 | D:9      | 19736 ||| Stepping ~*~*~tactically~*~*~ (outnumbered).
 19741 | D:9      | 19741 ||| Stepping ~*~*~tactically~*~*~ (outnumbered).
 19743 | D:9      | 19743 ||| Stepping ~*~*~tactically~*~*~ (outnumbered).
 19745 | D:9      | 19745 ||| Stepping ~*~*~tactically~*~*~ (outnumbered).
 19752 | D:9      | 19752 ||| Stepping ~*~*~tactically~*~*~ (outnumbered).
 19757 | D:9      | 19757 ||| FLEEEEING.
 19776 | D:9      | 19776 ||| Stepping ~*~*~tactically~*~*~ (outnumbered).
 19778 | D:9      | 19778 ||| Stepping ~*~*~tactically~*~*~ (outnumbered).
 19780 | D:9      | 19780 ||| Stepping ~*~*~tactically~*~*~ (outnumbered).
 19782 | D:9      | 19782 ||| Stepping ~*~*~tactically~*~*~ (outnumbered).
 19784 | D:9      | 19784 ||| Stepping ~*~*~tactically~*~*~ (outnumbered).
 19788 | D:9      | 19788 ||| Stepping ~*~*~tactically~*~*~ (outnumbered).
 19790 | D:9      | 19790 ||| Stepping ~*~*~tactically~*~*~ (outnumbered).
 19792 | D:9      | 19792 ||| Stepping ~*~*~tactically~*~*~ (outnumbered).
 19794 | D:9      | 19794 ||| Stepping ~*~*~tactically~*~*~ (outnumbered).
 19796 | D:9      | 19796 ||| Stepping ~*~*~tactically~*~*~ (outnumbered).
 19798 | D:9      | 19798 ||| Stepping ~*~*~tactically~*~*~ (outnumbered).
 19810 | D:9      | 19810 ||| Stepping ~*~*~tactically~*~*~ (outnumbered).
 19819 | D:9      | 19819 ||| Stepping ~*~*~tactically~*~*~ (outnumbered).
 19821 | D:9      | 19821 ||| Stepping ~*~*~tactically~*~*~ (outnumbered).
 19823 | D:9      | 19823 ||| Stepping ~*~*~tactically~*~*~ (outnumbered).
 19825 | D:9      | 19825 ||| Stepping ~*~*~tactically~*~*~ (outnumbered).
 19827 | D:9      | 19827 ||| Stepping ~*~*~tactically~*~*~ (outnumbered).
 19829 | D:9      | 19829 ||| Stepping ~*~*~tactically~*~*~ (outnumbered).
 19831 | D:9      | 19831 ||| Stepping ~*~*~tactically~*~*~ (outnumbered).
 19837 | D:9      | 19837 ||| Stepping ~*~*~tactically~*~*~ (outnumbered).
 19839 | D:9      | 19839 ||| Stepping ~*~*~tactically~*~*~ (outnumbered).
 19841 | D:9      | 19841 ||| Stepping ~*~*~tactically~*~*~ (outnumbered).
 19850 | D:9      | 19850 ||| FLEEEEING.
 19864 | D:9      | 19864 ||| Stepping ~*~*~tactically~*~*~ (outnumbered).
 19866 | D:9      | 19866 ||| Stepping ~*~*~tactically~*~*~ (outnumbered).
 19868 | D:9      | 19868 ||| Stepping ~*~*~tactically~*~*~ (outnumbered).
 19870 | D:9      | 19870 ||| FLEEEEING.
 19888 | D:9      | 19888 ||| FLEEEEING.
 19913 | D:9      | 19913 ||| Stepping ~*~*~tactically~*~*~ (outnumbered).
 19921 | D:9      | 19921 ||| FLEEEEING.
 19940 | D:9      | 19940 ||| Stepping ~*~*~tactically~*~*~ (outnumbered).
 19949 | D:9      | 19949 ||| Stepping ~*~*~tactically~*~*~ (outnumbered).
 19951 | D:9      | 19951 ||| Stepping ~*~*~tactically~*~*~ (outnumbered).
 19958 | D:9      | 19958 ||| Stepping ~*~*~tactically~*~*~ (outnumbered).
 19960 | D:9      | 19960 ||| Stepping ~*~*~tactically~*~*~ (outnumbered).
 19962 | D:9      | 19962 ||| Stepping ~*~*~tactically~*~*~ (outnumbered).
 19966 | D:9      | 19966 ||| Stepping ~*~*~tactically~*~*~ (outnumbered).
 19978 | D:9      | 19978 ||| FLEEEEING.
 20003 | D:9      | 20003 ||| Stepping ~*~*~tactically~*~*~ (outnumbered).
 20005 | D:9      | 20005 ||| Stepping ~*~*~tactically~*~*~ (outnumbered).
 20018 | D:9      | 20018 ||| Stepping ~*~*~tactically~*~*~ (outnumbered).
 20024 | D:9      | 20024 ||| Stepping ~*~*~tactically~*~*~ (outnumbered).
 20027 | D:9      | 20027 ||| FLEEEEING.
 20041 | D:9      | 20041 ||| Stepping ~*~*~tactically~*~*~ (outnumbered).
 20050 | D:9      | 20050 ||| Stepping ~*~*~tactically~*~*~ (outnumbered).
 20052 | D:9      | 20052 ||| Stepping ~*~*~tactically~*~*~ (outnumbered).
 20059 | D:9      | 20059 ||| Stepping ~*~*~tactically~*~*~ (outnumbered).
 20061 | D:9      | 20061 ||| Stepping ~*~*~tactically~*~*~ (outnumbered).
 20063 | D:9      | 20063 ||| Stepping ~*~*~tactically~*~*~ (outnumbered).
 20072 | D:9      | 20072 ||| Stepping ~*~*~tactically~*~*~ (outnumbered).
 20074 | D:9      | 20074 ||| Stepping ~*~*~tactically~*~*~ (outnumbered).
 20085 | D:9      | 20085 ||| Stepping ~*~*~tactically~*~*~ (outnumbered).
 20087 | D:9      | 20087 ||| FLEEEEING.
 20105 | D:9      | 20105 ||| Stepping ~*~*~tactically~*~*~ (outnumbered).
 20107 | D:9      | 20107 ||| Stepping ~*~*~tactically~*~*~ (outnumbered).
 20119 | D:9      | 20119 ||| Stepping ~*~*~tactically~*~*~ (outnumbered).
 20127 | D:9      | 20127 ||| Stepping ~*~*~tactically~*~*~ (outnumbered).
 20129 | D:9      | 20129 ||| FLEEEEING.
 20142 | D:9      | 20142 ||| Stepping ~*~*~tactically~*~*~ (outnumbered).
 20145 | D:9      | 20145 ||| Stepping ~*~*~tactically~*~*~ (outnumbered).
 20152 | D:9      | 20152 ||| Stepping ~*~*~tactically~*~*~ (outnumbered).
 20163 | D:9      | 20163 ||| Stepping ~*~*~tactically~*~*~ (outnumbered).
 20165 | D:9      | 20165 ||| FLEEEEING.
 20182 | D:9      | 20182 ||| FLEEEEING.
 20207 | D:9      | 20207 ||| Stepping ~*~*~tactically~*~*~ (outnumbered).
 20214 | D:9      | 20214 ||| FLEEEEING.
 20227 | D:9      | 20227 ||| Stepping ~*~*~tactically~*~*~ (outnumbered).
 20237 | D:9      | 20237 ||| Stepping ~*~*~tactically~*~*~ (outnumbered).
 20239 | D:9      | 20239 ||| Stepping ~*~*~tactically~*~*~ (outnumbered).
 20241 | D:9      | 20241 ||| Stepping ~*~*~tactically~*~*~ (outnumbered).
 20243 | D:9      | 20243 ||| Stepping ~*~*~tactically~*~*~ (outnumbered).
 20250 | D:9      | 20250 ||| Stepping ~*~*~tactically~*~*~ (outnumbered).
 20252 | D:9      | 20252 ||| Stepping ~*~*~tactically~*~*~ (outnumbered).
 20254 | D:9      | 20254 ||| Stepping ~*~*~tactically~*~*~ (outnumbered).
 20256 | D:9      | 20256 ||| FLEEEEING.
 20270 | D:9      | 20270 ||| Stepping ~*~*~tactically~*~*~ (outnumbered).
 20272 | D:9      | 20272 ||| Stepping ~*~*~tactically~*~*~ (outnumbered).
 20280 | D:9      | 20280 ||| Stepping ~*~*~tactically~*~*~ (outnumbered).
 20292 | D:9      | 20292 ||| Stepping ~*~*~tactically~*~*~ (outnumbered).
 20294 | D:9      | 20294 ||| Stepping ~*~*~tactically~*~*~ (outnumbered).
 20296 | D:9      | 20296 ||| FLEEEEING.
 20310 | D:9      | 20310 ||| Stepping ~*~*~tactically~*~*~ (outnumbered).
 20319 | D:9      | 20319 ||| Stepping ~*~*~tactically~*~*~ (outnumbered).
 20321 | D:9      | 20321 ||| Stepping ~*~*~tactically~*~*~ (outnumbered).
 20323 | D:9      | 20323 ||| Stepping ~*~*~tactically~*~*~ (outnumbered).
 20325 | D:9      | 20325 ||| Stepping ~*~*~tactically~*~*~ (outnumbered).
 20327 | D:9      | 20327 ||| FLEEEEING.
 20348 | D:9      | 20348 ||| Stepping ~*~*~tactically~*~*~ (outnumbered).
 20355 | D:9      | 20355 ||| FLEEEEING.
 20378 | D:9      | 20378 ||| Stepping ~*~*~tactically~*~*~ (outnumbered).
 20389 | D:9      | 20389 ||| Stepping ~*~*~tactically~*~*~ (outnumbered).
 20398 | D:9      | 20398 ||| Stepping ~*~*~tactically~*~*~ (outnumbered).
 20400 | D:9      | 20400 ||| Stepping ~*~*~tactically~*~*~ (outnumbered).
 20402 | D:9      | 20402 ||| FLEEEEING.
 20418 | D:9      | 20418 ||| Stepping ~*~*~tactically~*~*~ (outnumbered).
 20420 | D:9      | 20420 ||| Stepping ~*~*~tactically~*~*~ (outnumbered).
 20422 | D:9      | 20422 ||| Stepping ~*~*~tactically~*~*~ (outnumbered).
 20424 | D:9      | 20424 ||| Stepping ~*~*~tactically~*~*~ (outnumbered).
 20434 | D:9      | 20434 ||| Stepping ~*~*~tactically~*~*~ (outnumbered).
 20440 | D:9      | 20440 ||| Stepping ~*~*~tactically~*~*~ (outnumbered).
 20442 | D:9      | 20442 ||| Stepping ~*~*~tactically~*~*~ (outnumbered).
 20444 | D:9      | 20444 ||| Stepping ~*~*~tactically~*~*~ (outnumbered).
 20446 | D:9      | 20446 ||| FLEEEEING.
 20470 | D:9      | 20470 ||| Stepping ~*~*~tactically~*~*~ (outnumbered).
 20479 | D:9      | 20479 ||| Stepping ~*~*~tactically~*~*~ (outnumbered).
 20486 | D:9      | 20486 ||| Stepping ~*~*~tactically~*~*~ (outnumbered).
 20492 | D:9      | 20492 ||| Stepping ~*~*~tactically~*~*~ (outnumbered).
 20500 | D:9      | 20500 ||| Stepping ~*~*~tactically~*~*~ (outnumbered).
 20509 | D:9      | 20509 ||| Stepping ~*~*~tactically~*~*~ (outnumbered).
 20514 | D:9      | 20514 ||| Stepping ~*~*~tactically~*~*~ (outnumbered).
 20526 | D:9      | 20526 ||| FLEEEEING.
 20540 | D:9      | 20540 ||| Stepping ~*~*~tactically~*~*~ (outnumbered).
 20542 | D:9      | 20542 ||| Stepping ~*~*~tactically~*~*~ (outnumbered).
 20544 | D:9      | 20544 ||| Stepping ~*~*~tactically~*~*~ (outnumbered).
 20546 | D:9      | 20546 ||| Stepping ~*~*~tactically~*~*~ (outnumbered).
 20548 | D:9      | 20548 ||| Stepping ~*~*~tactically~*~*~ (outnumbered).
 20553 | D:9      | 20553 ||| Stepping ~*~*~tactically~*~*~ (outnumbered).
 20555 | D:9      | 20555 ||| Stepping ~*~*~tactically~*~*~ (outnumbered).
 20557 | D:9      | 20557 ||| Stepping ~*~*~tactically~*~*~ (outnumbered).
 20559 | D:9      | 20559 ||| Stepping ~*~*~tactically~*~*~ (outnumbered).
 20564 | D:9      | 20564 ||| Stepping ~*~*~tactically~*~*~ (outnumbered).
 20577 | D:9      | 20577 ||| Stepping ~*~*~tactically~*~*~ (outnumbered).
 20579 | D:9      | 20579 ||| Stepping ~*~*~tactically~*~*~ (outnumbered).
 20588 | D:9      | 20588 ||| Stepping ~*~*~tactically~*~*~ (outnumbered).
 20591 | D:9      | 20591 ||| Stepping ~*~*~tactically~*~*~ (outnumbered).
 20593 | D:9      | 20593 ||| Stepping ~*~*~tactically~*~*~ (outnumbered).
 20595 | D:9      | 20595 ||| Stepping ~*~*~tactically~*~*~ (outnumbered).
 20600 | D:9      | 20600 ||| Stepping ~*~*~tactically~*~*~ (outnumbered).
 20602 | D:9      | 20602 ||| Stepping ~*~*~tactically~*~*~ (outnumbered).
 20604 | D:9      | 20604 ||| Stepping ~*~*~tactically~*~*~ (outnumbered).
 20611 | D:9      | 20611 ||| Stepping ~*~*~tactically~*~*~ (outnumbered).
 20613 | D:9      | 20613 ||| Stepping ~*~*~tactically~*~*~ (outnumbered).
 20615 | D:9      | 20615 ||| Stepping ~*~*~tactically~*~*~ (outnumbered).
 20617 | D:9      | 20617 ||| Stepping ~*~*~tactically~*~*~ (outnumbered).
 20619 | D:9      | 20619 ||| Stepping ~*~*~tactically~*~*~ (outnumbered).
 20631 | D:9      | 20631 ||| Stepping ~*~*~tactically~*~*~ (outnumbered).
 20633 | D:9      | 20633 ||| Stepping ~*~*~tactically~*~*~ (outnumbered).
 20638 | D:9      | 20638 ||| Stepping ~*~*~tactically~*~*~ (outnumbered).
 20640 | D:9      | 20640 ||| FLEEEEING.
 20653 | D:9      | 20653 ||| Stepping ~*~*~tactically~*~*~ (outnumbered).
 20655 | D:9      | 20655 ||| Stepping ~*~*~tactically~*~*~ (outnumbered).
 20667 | D:9      | 20667 ||| Stepping ~*~*~tactically~*~*~ (outnumbered).
 20669 | D:9      | 20669 ||| Stepping ~*~*~tactically~*~*~ (outnumbered).
 20671 | D:9      | 20671 ||| Stepping ~*~*~tactically~*~*~ (outnumbered).
 20673 | D:9      | 20673 ||| Stepping ~*~*~tactically~*~*~ (outnumbered).
 20678 | D:9      | 20678 ||| Stepping ~*~*~tactically~*~*~ (outnumbered).
 20680 | D:9      | 20680 ||| FLEEEEING.
 20688 | D:9      | 20688 ||| FLEEEEING.
 20736 | D:9      | 20736 ||| Stepping ~*~*~tactically~*~*~ (outnumbered).
 20738 | D:9      | 20738 ||| Stepping ~*~*~tactically~*~*~ (outnumbered).
 20740 | D:9      | 20740 ||| Stepping ~*~*~tactically~*~*~ (outnumbered).
 20742 | D:9      | 20742 ||| Stepping ~*~*~tactically~*~*~ (outnumbered).
 20748 | D:9      | 20748 ||| Stepping ~*~*~tactically~*~*~ (outnumbered).
 20750 | D:9      | 20750 ||| Stepping ~*~*~tactically~*~*~ (outnumbered).
 20752 | D:9      | 20752 ||| Stepping ~*~*~tactically~*~*~ (outnumbered).
 20754 | D:9      | 20754 ||| FLEEEEING.
 20778 | D:9      | 20778 ||| Stepping ~*~*~tactically~*~*~ (outnumbered).
 20780 | D:9      | 20780 ||| Stepping ~*~*~tactically~*~*~ (outnumbered).
 20782 | D:9      | 20782 ||| Stepping ~*~*~tactically~*~*~ (outnumbered).
 20784 | D:9      | 20784 ||| Stepping ~*~*~tactically~*~*~ (outnumbered).
 20786 | D:9      | 20786 ||| Stepping ~*~*~tactically~*~*~ (outnumbered).
 20788 | D:9      | 20788 ||| Stepping ~*~*~tactically~*~*~ (outnumbered).
 20796 | D:9      | 20796 ||| Stepping ~*~*~tactically~*~*~ (outnumbered).
 20798 | D:9      | 20798 ||| Stepping ~*~*~tactically~*~*~ (outnumbered).
 20804 | D:9      | 20804 ||| Stepping ~*~*~tactically~*~*~ (outnumbered).
 20817 | D:9      | 20817 ||| Stepping ~*~*~tactically~*~*~ (outnumbered).
 20819 | D:9      | 20819 ||| Stepping ~*~*~tactically~*~*~ (outnumbered).
 20831 | D:9      | 20831 ||| Stepping ~*~*~tactically~*~*~ (outnumbered).
 20833 | D:9      | 20833 ||| Stepping ~*~*~tactically~*~*~ (outnumbered).
 20841 | D:9      | 20841 ||| Stepping ~*~*~tactically~*~*~ (outnumbered).
 20843 | D:9      | 20843 ||| Stepping ~*~*~tactically~*~*~ (outnumbered).
 20854 | D:9      | 20854 ||| Stepping ~*~*~tactically~*~*~ (outnumbered).
 20856 | D:9      | 20856 ||| Stepping ~*~*~tactically~*~*~ (outnumbered).
 20858 | D:9      | 20858 ||| Stepping ~*~*~tactically~*~*~ (outnumbered).
 20860 | D:9      | 20860 ||| Stepping ~*~*~tactically~*~*~ (outnumbered).
 20863 | D:9      | 20863 ||| FLEEEEING.
 20884 | D:9      | 20884 ||| Stepping ~*~*~tactically~*~*~ (outnumbered).
 20888 | D:9      | 20888 ||| Stepping ~*~*~tactically~*~*~ (outnumbered).
 20890 | D:9      | 20890 ||| Stepping ~*~*~tactically~*~*~ (outnumbered).
 20892 | D:9      | 20892 ||| Stepping ~*~*~tactically~*~*~ (outnumbered).
 20894 | D:9      | 20894 ||| Stepping ~*~*~tactically~*~*~ (outnumbered).
 20896 | D:9      | 20896 ||| Stepping ~*~*~tactically~*~*~ (outnumbered).
 20898 | D:9      | 20898 ||| FLEEEEING.
 20915 | D:9      | 20915 ||| Stepping ~*~*~tactically~*~*~ (outnumbered).
 20917 | D:9      | 20917 ||| Stepping ~*~*~tactically~*~*~ (outnumbered).
 20919 | D:9      | 20919 ||| Stepping ~*~*~tactically~*~*~ (outnumbered).
 20929 | D:9      | 20929 ||| Stepping ~*~*~tactically~*~*~ (outnumbered).
 20934 | D:9      | 20934 ||| FLEEEEING.
 20957 | D:9      | 20957 ||| Stepping ~*~*~tactically~*~*~ (outnumbered).
 20959 | D:9      | 20959 ||| Stepping ~*~*~tactically~*~*~ (outnumbered).
 20968 | D:9      | 20968 ||| Stepping ~*~*~tactically~*~*~ (outnumbered).
 20973 | D:9      | 20973 ||| Stepping ~*~*~tactically~*~*~ (outnumbered).
 20975 | D:9      | 20975 ||| Stepping ~*~*~tactically~*~*~ (outnumbered).
 20977 | D:9      | 20977 ||| Stepping ~*~*~tactically~*~*~ (outnumbered).
 20979 | D:9      | 20979 ||| Stepping ~*~*~tactically~*~*~ (outnumbered).
 20981 | D:9      | 20981 ||| Stepping ~*~*~tactically~*~*~ (outnumbered).
 20984 | D:9      | 20984 ||| Stepping ~*~*~tactically~*~*~ (outnumbered).
 20986 | D:9      | 20986 ||| Stepping ~*~*~tactically~*~*~ (outnumbered).
 20993 | D:9      | 20993 ||| FLEEEEING.
 21001 | D:9      | 21001 ||| FLEEEEING.
 21029 | D:9      | 21029 ||| Stepping ~*~*~tactically~*~*~ (outnumbered).
 21035 | D:9      | 21035 ||| Stepping ~*~*~tactically~*~*~ (outnumbered).
 21044 | D:9      | 21044 ||| Stepping ~*~*~tactically~*~*~ (outnumbered).
 21054 | D:9      | 21054 ||| Stepping ~*~*~tactically~*~*~ (outnumbered).
 21056 | D:9      | 21056 ||| Stepping ~*~*~tactically~*~*~ (outnumbered).
 21058 | D:9      | 21058 ||| Stepping ~*~*~tactically~*~*~ (outnumbered).
 21060 | D:9      | 21060 ||| Stepping ~*~*~tactically~*~*~ (outnumbered).
 21062 | D:9      | 21062 ||| FLEEEEING.
 21070 | D:9      | 21070 ||| FLEEEEING.
 21094 | D:9      | 21094 ||| Stepping ~*~*~tactically~*~*~ (outnumbered).
 21096 | D:9      | 21096 ||| Stepping ~*~*~tactically~*~*~ (outnumbered).
 21098 | D:9      | 21098 ||| Stepping ~*~*~tactically~*~*~ (outnumbered).
 21101 | D:9      | 21101 ||| Stepping ~*~*~tactically~*~*~ (outnumbered).
 21103 | D:9      | 21103 ||| Stepping ~*~*~tactically~*~*~ (outnumbered).
 21105 | D:9      | 21105 ||| Stepping ~*~*~tactically~*~*~ (outnumbered).
 21111 | D:9      | 21111 ||| Stepping ~*~*~tactically~*~*~ (outnumbered).
 21113 | D:9      | 21113 ||| Stepping ~*~*~tactically~*~*~ (outnumbered).
 21115 | D:9      | 21115 ||| Stepping ~*~*~tactically~*~*~ (outnumbered).
 21127 | D:9      | 21127 ||| Stepping ~*~*~tactically~*~*~ (outnumbered).
 21132 | D:9      | 21132 ||| Stepping ~*~*~tactically~*~*~ (outnumbered).
 21140 | D:9      | 21140 ||| Stepping ~*~*~tactically~*~*~ (outnumbered).
 21142 | D:9      | 21142 ||| Stepping ~*~*~tactically~*~*~ (outnumbered).
 21144 | D:9      | 21144 ||| Stepping ~*~*~tactically~*~*~ (outnumbered).
 21146 | D:9      | 21146 ||| Stepping ~*~*~tactically~*~*~ (outnumbered).
 21148 | D:9      | 21148 ||| Stepping ~*~*~tactically~*~*~ (outnumbered).
 21159 | D:9      | 21159 ||| Stepping ~*~*~tactically~*~*~ (outnumbered).
 21165 | D:9      | 21165 ||| Stepping ~*~*~tactically~*~*~ (outnumbered).
 21167 | D:9      | 21167 ||| Stepping ~*~*~tactically~*~*~ (outnumbered).
 21173 | D:9      | 21173 ||| Stepping ~*~*~tactically~*~*~ (outnumbered).
 21183 | D:9      | 21183 ||| Stepping ~*~*~tactically~*~*~ (outnumbered).
 21189 | D:9      | 21189 ||| Stepping ~*~*~tactically~*~*~ (outnumbered).
 21191 | D:9      | 21191 ||| Stepping ~*~*~tactically~*~*~ (outnumbered).
 21193 | D:9      | 21193 ||| Stepping ~*~*~tactically~*~*~ (outnumbered).
 21195 | D:9      | 21195 ||| FLEEEEING.
 21209 | D:9      | 21209 ||| FLEEEEING.
 21217 | D:9      | 21217 ||| FLEEEEING.
 21272 | D:9      | 21272 ||| Stepping ~*~*~tactically~*~*~ (stealth).
 21273 | D:9      | 21273 ||| Stepping ~*~*~tactically~*~*~ (stealth).
 21275 | D:9      | 21275 ||| Stepping ~*~*~tactically~*~*~ (outnumbered).
 21277 | D:9      | 21277 ||| Stepping ~*~*~tactically~*~*~ (outnumbered).
 21279 | D:9      | 21279 ||| Stepping ~*~*~tactically~*~*~ (outnumbered).
 21281 | D:9      | 21281 ||| Stepping ~*~*~tactically~*~*~ (outnumbered).
 21287 | D:9      | 21287 ||| Stepping ~*~*~tactically~*~*~ (outnumbered).
 21289 | D:9      | 21289 ||| Stepping ~*~*~tactically~*~*~ (outnumbered).
 21300 | D:9      | 21300 ||| Stepping ~*~*~tactically~*~*~ (outnumbered).
 21302 | D:9      | 21302 ||| FLEEEEING.
 21325 | D:9      | 21325 ||| FLEEEEING.
 21348 | D:9      | 21348 ||| Stepping ~*~*~tactically~*~*~ (outnumbered).
 21355 | D:9      | 21355 ||| Stepping ~*~*~tactically~*~*~ (outnumbered).
 21362 | D:9      | 21362 ||| FLEEEEING.
 21378 | D:9      | 21378 ||| Stepping ~*~*~tactically~*~*~ (outnumbered).
 21380 | D:9      | 21380 ||| Stepping ~*~*~tactically~*~*~ (outnumbered).
 21382 | D:9      | 21382 ||| Stepping ~*~*~tactically~*~*~ (outnumbered).
 21384 | D:9      | 21384 ||| Stepping ~*~*~tactically~*~*~ (outnumbered).
 21391 | D:9      | 21391 ||| Stepping ~*~*~tactically~*~*~ (outnumbered).
 21393 | D:9      | 21393 ||| Stepping ~*~*~tactically~*~*~ (outnumbered).
 21395 | D:9      | 21395 ||| Stepping ~*~*~tactically~*~*~ (outnumbered).
 21403 | D:9      | 21403 ||| Stepping ~*~*~tactically~*~*~ (outnumbered).
 21405 | D:9      | 21405 ||| Stepping ~*~*~tactically~*~*~ (outnumbered).
 21413 | D:9      | 21413 ||| Stepping ~*~*~tactically~*~*~ (outnumbered).
 21416 | D:9      | 21416 ||| Stepping ~*~*~tactically~*~*~ (outnumbered).
 21418 | D:9      | 21418 ||| Stepping ~*~*~tactically~*~*~ (outnumbered).
 21420 | D:9      | 21420 ||| Stepping ~*~*~tactically~*~*~ (outnumbered).
 21422 | D:9      | 21422 ||| Stepping ~*~*~tactically~*~*~ (outnumbered).
 21429 | D:9      | 21429 ||| FLEEEEING.
 21437 | D:9      | 21437 ||| FLEEEEING.
 21458 | D:9      | 21458 ||| Stepping ~*~*~tactically~*~*~ (outnumbered).
 21466 | D:9      | 21466 ||| Stepping ~*~*~tactically~*~*~ (outnumbered).
 21468 | D:9      | 21468 ||| Stepping ~*~*~tactically~*~*~ (outnumbered).
 21473 | D:9      | 21473 ||| Stepping ~*~*~tactically~*~*~ (outnumbered).
 21480 | D:9      | 21480 ||| Stepping ~*~*~tactically~*~*~ (outnumbered).
 21482 | D:9      | 21482 ||| Stepping ~*~*~tactically~*~*~ (outnumbered).
 21484 | D:9      | 21484 ||| Stepping ~*~*~tactically~*~*~ (outnumbered).
 21494 | D:9      | 21494 ||| Stepping ~*~*~tactically~*~*~ (outnumbered).
 21496 | D:9      | 21496 ||| Stepping ~*~*~tactically~*~*~ (outnumbered).
 21498 | D:9      | 21498 ||| Stepping ~*~*~tactically~*~*~ (outnumbered).
 21500 | D:9      | 21500 ||| Stepping ~*~*~tactically~*~*~ (outnumbered).
 21503 | D:9      | 21503 ||| Stepping ~*~*~tactically~*~*~ (outnumbered).
 21505 | D:9      | 21505 ||| Stepping ~*~*~tactically~*~*~ (outnumbered).
 21514 | D:9      | 21514 ||| Stepping ~*~*~tactically~*~*~ (outnumbered).
 21516 | D:9      | 21516 ||| FLEEEEING.
 21531 | D:9      | 21531 ||| FLEEEEING.
 21546 | D:9      | 21546 ||| Stepping ~*~*~tactically~*~*~ (outnumbered).
 21548 | D:9      | 21548 ||| Stepping ~*~*~tactically~*~*~ (outnumbered).
 21550 | D:9      | 21550 ||| Stepping ~*~*~tactically~*~*~ (outnumbered).
 21552 | D:9      | 21552 ||| Stepping ~*~*~tactically~*~*~ (outnumbered).
 21554 | D:9      | 21554 ||| Stepping ~*~*~tactically~*~*~ (outnumbered).
 21556 | D:9      | 21556 ||| Stepping ~*~*~tactically~*~*~ (outnumbered).
 21559 | D:9      | 21559 ||| Stepping ~*~*~tactically~*~*~ (outnumbered).
 21561 | D:9      | 21561 ||| Stepping ~*~*~tactically~*~*~ (outnumbered).
 21563 | D:9      | 21563 ||| Stepping ~*~*~tactically~*~*~ (outnumbered).
 21572 | D:9      | 21572 ||| Stepping ~*~*~tactically~*~*~ (outnumbered).
 21585 | D:9      | 21585 ||| Stepping ~*~*~tactically~*~*~ (outnumbered).
 21592 | D:9      | 21592 ||| Stepping ~*~*~tactically~*~*~ (outnumbered).
 21596 | D:9      | 21596 ||| Stepping ~*~*~tactically~*~*~ (outnumbered).
 21598 | D:9      | 21598 ||| Stepping ~*~*~tactically~*~*~ (outnumbered).
 21600 | D:9      | 21600 ||| Stepping ~*~*~tactically~*~*~ (outnumbered).
 21611 | D:9      | 21611 ||| Stepping ~*~*~tactically~*~*~ (outnumbered).
 21613 | D:9      | 21613 ||| Stepping ~*~*~tactically~*~*~ (outnumbered).
 21615 | D:9      | 21615 ||| Stepping ~*~*~tactically~*~*~ (outnumbered).
 21626 | D:9      | 21626 ||| Stepping ~*~*~tactically~*~*~ (outnumbered).
 21628 | D:9      | 21628 ||| Stepping ~*~*~tactically~*~*~ (outnumbered).
 21630 | D:9      | 21630 ||| Stepping ~*~*~tactically~*~*~ (outnumbered).
 21642 | D:9      | 21642 ||| Stepping ~*~*~tactically~*~*~ (outnumbered).
 21651 | D:9      | 21651 ||| Stepping ~*~*~tactically~*~*~ (outnumbered).
 21660 | D:9      | 21660 ||| Stepping ~*~*~tactically~*~*~ (outnumbered).
 21662 | D:9      | 21662 ||| Stepping ~*~*~tactically~*~*~ (outnumbered).
 21664 | D:9      | 21664 ||| Stepping ~*~*~tactically~*~*~ (outnumbered).
 21666 | D:9      | 21666 ||| Stepping ~*~*~tactically~*~*~ (outnumbered).
 21668 | D:9      | 21668 ||| Stepping ~*~*~tactically~*~*~ (outnumbered).
 21673 | D:9      | 21673 ||| Stepping ~*~*~tactically~*~*~ (outnumbered).
 21675 | D:9      | 21675 ||| Stepping ~*~*~tactically~*~*~ (outnumbered).
 21677 | D:9      | 21677 ||| Stepping ~*~*~tactically~*~*~ (outnumbered).
 21679 | D:9      | 21679 ||| Stepping ~*~*~tactically~*~*~ (outnumbered).
 21681 | D:9      | 21681 ||| Stepping ~*~*~tactically~*~*~ (outnumbered).
 21683 | D:9      | 21683 ||| Stepping ~*~*~tactically~*~*~ (outnumbered).
 21692 | D:9      | 21692 ||| Stepping ~*~*~tactically~*~*~ (outnumbered).
 21694 | D:9      | 21694 ||| Stepping ~*~*~tactically~*~*~ (outnumbered).
 21696 | D:9      | 21696 ||| FLEEEEING.
 21704 | D:9      | 21704 ||| FLEEEEING.
 21736 | D:9      | 21736 ||| Stepping ~*~*~tactically~*~*~ (outnumbered).
 21742 | D:9      | 21742 ||| Stepping ~*~*~tactically~*~*~ (outnumbered).
 21744 | D:9      | 21744 ||| Stepping ~*~*~tactically~*~*~ (outnumbered).
 21750 | D:9      | 21750 ||| Stepping ~*~*~tactically~*~*~ (outnumbered).
 21760 | D:9      | 21760 ||| Stepping ~*~*~tactically~*~*~ (outnumbered).
 21762 | D:9      | 21762 ||| Stepping ~*~*~tactically~*~*~ (outnumbered).
 21773 | D:9      | 21773 ||| FLEEEEING.
 21790 | D:9      | 21790 ||| Stepping ~*~*~tactically~*~*~ (outnumbered).
 21792 | D:9      | 21792 ||| Stepping ~*~*~tactically~*~*~ (outnumbered).
 21794 | D:9      | 21794 ||| Stepping ~*~*~tactically~*~*~ (outnumbered).
 21796 | D:9      | 21796 ||| Stepping ~*~*~tactically~*~*~ (outnumbered).
 21805 | D:9      | 21805 ||| Stepping ~*~*~tactically~*~*~ (outnumbered).
 21807 | D:9      | 21807 ||| Stepping ~*~*~tactically~*~*~ (outnumbered).
 21809 | D:9      | 21809 ||| Stepping ~*~*~tactically~*~*~ (outnumbered).
 21811 | D:9      | 21811 ||| Stepping ~*~*~tactically~*~*~ (outnumbered).
 21813 | D:9      | 21813 ||| Stepping ~*~*~tactically~*~*~ (outnumbered).
 21822 | D:9      | 21822 ||| Stepping ~*~*~tactically~*~*~ (outnumbered).
 21832 | D:9      | 21832 ||| Stepping ~*~*~tactically~*~*~ (outnumbered).
 21835 | D:9      | 21835 ||| Stepping ~*~*~tactically~*~*~ (outnumbered).
 21837 | D:9      | 21837 ||| Stepping ~*~*~tactically~*~*~ (outnumbered).
 21839 | D:9      | 21839 ||| Stepping ~*~*~tactically~*~*~ (outnumbered).
 21848 | D:9      | 21848 ||| Stepping ~*~*~tactically~*~*~ (outnumbered).
 21852 | D:9      | 21852 ||| Stepping ~*~*~tactically~*~*~ (outnumbered).
 21857 | D:9      | 21857 ||| Stepping ~*~*~tactically~*~*~ (outnumbered).
 21859 | D:9      | 21859 ||| FLEEEEING.
 21874 | D:9      | 21874 ||| Stepping ~*~*~tactically~*~*~ (outnumbered).
 21876 | D:9      | 21876 ||| Stepping ~*~*~tactically~*~*~ (outnumbered).
 21878 | D:9      | 21878 ||| Stepping ~*~*~tactically~*~*~ (outnumbered).
 21880 | D:9      | 21880 ||| Stepping ~*~*~tactically~*~*~ (outnumbered).
 21888 | D:9      | 21888 ||| Stepping ~*~*~tactically~*~*~ (outnumbered).
 21890 | D:9      | 21890 ||| Stepping ~*~*~tactically~*~*~ (outnumbered).
 21898 | D:9      | 21898 ||| Stepping ~*~*~tactically~*~*~ (outnumbered).
 21900 | D:9      | 21900 ||| Stepping ~*~*~tactically~*~*~ (outnumbered).
 21902 | D:9      | 21902 ||| Stepping ~*~*~tactically~*~*~ (outnumbered).
 21904 | D:9      | 21904 ||| Stepping ~*~*~tactically~*~*~ (outnumbered).
 21906 | D:9      | 21906 ||| Stepping ~*~*~tactically~*~*~ (outnumbered).
 21908 | D:9      | 21908 ||| Stepping ~*~*~tactically~*~*~ (outnumbered).
 21918 | D:9      | 21918 ||| Stepping ~*~*~tactically~*~*~ (outnumbered).
 21920 | D:9      | 21920 ||| Stepping ~*~*~tactically~*~*~ (outnumbered).
 21922 | D:9      | 21922 ||| Stepping ~*~*~tactically~*~*~ (outnumbered).
 21930 | D:9      | 21930 ||| Stepping ~*~*~tactically~*~*~ (outnumbered).
 21935 | D:9      | 21935 ||| Stepping ~*~*~tactically~*~*~ (outnumbered).
 21937 | D:9      | 21937 ||| Stepping ~*~*~tactically~*~*~ (outnumbered).
 21941 | D:9      | 21941 ||| Stepping ~*~*~tactically~*~*~ (outnumbered).
 21950 | D:9      | 21950 ||| Stepping ~*~*~tactically~*~*~ (outnumbered).
 21953 | D:9      | 21953 ||| Stepping ~*~*~tactically~*~*~ (outnumbered).
 21959 | D:9      | 21959 ||| Stepping ~*~*~tactically~*~*~ (outnumbered).
 21961 | D:9      | 21961 ||| Stepping ~*~*~tactically~*~*~ (outnumbered).
 21963 | D:9      | 21963 ||| Stepping ~*~*~tactically~*~*~ (outnumbered).
 21965 | D:9      | 21965 ||| Stepping ~*~*~tactically~*~*~ (outnumbered).
 21974 | D:9      | 21974 ||| Stepping ~*~*~tactically~*~*~ (outnumbered).
 21976 | D:9      | 21976 ||| Stepping ~*~*~tactically~*~*~ (outnumbered).
 21978 | D:9      | 21978 ||| Stepping ~*~*~tactically~*~*~ (outnumbered).
 21981 | D:9      | 21981 ||| Stepping ~*~*~tactically~*~*~ (outnumbered).
 21983 | D:9      | 21983 ||| Stepping ~*~*~tactically~*~*~ (outnumbered).
 21985 | D:9      | 21985 ||| Stepping ~*~*~tactically~*~*~ (outnumbered).
 21987 | D:9      | 21987 ||| Stepping ~*~*~tactically~*~*~ (outnumbered).
 21995 | D:9      | 21995 ||| FLEEEEING.
 22018 | D:9      | 22018 ||| Stepping ~*~*~tactically~*~*~ (outnumbered).
 22020 | D:9      | 22020 ||| Stepping ~*~*~tactically~*~*~ (outnumbered).
 22025 | D:9      | 22025 ||| Stepping ~*~*~tactically~*~*~ (outnumbered).
 22033 | D:9      | 22033 ||| Stepping ~*~*~tactically~*~*~ (outnumbered).
 22042 | D:9      | 22042 ||| Stepping ~*~*~tactically~*~*~ (outnumbered).
 22052 | D:9      | 22052 ||| Stepping ~*~*~tactically~*~*~ (outnumbered).
 22055 | D:9      | 22055 ||| Stepping ~*~*~tactically~*~*~ (outnumbered).
 22060 | D:9      | 22060 ||| Stepping ~*~*~tactically~*~*~ (outnumbered).
 22062 | D:9      | 22062 ||| Stepping ~*~*~tactically~*~*~ (outnumbered).
 22071 | D:9      | 22071 ||| Stepping ~*~*~tactically~*~*~ (outnumbered).
 22075 | D:9      | 22075 ||| Stepping ~*~*~tactically~*~*~ (outnumbered).
 22077 | D:9      | 22077 ||| Stepping ~*~*~tactically~*~*~ (outnumbered).
 22079 | D:9      | 22079 ||| FLEEEEING.
 22093 | D:9      | 22093 ||| FLEEEEING.
 22123 | D:9      | 22123 ||| Stepping ~*~*~tactically~*~*~ (outnumbered).
 22132 | D:9      | 22132 ||| Stepping ~*~*~tactically~*~*~ (outnumbered).
 22134 | D:9      | 22134 ||| Stepping ~*~*~tactically~*~*~ (outnumbered).
 22136 | D:9      | 22136 ||| Stepping ~*~*~tactically~*~*~ (outnumbered).
 22138 | D:9      | 22138 ||| Stepping ~*~*~tactically~*~*~ (outnumbered).
 22140 | D:9      | 22140 ||| Stepping ~*~*~tactically~*~*~ (outnumbered).
 22144 | D:9      | 22144 ||| FLEEEEING.
 22166 | D:9      | 22166 ||| Stepping ~*~*~tactically~*~*~ (outnumbered).
 22173 | D:9      | 22173 ||| Stepping ~*~*~tactically~*~*~ (outnumbered).
 22175 | D:9      | 22175 ||| Stepping ~*~*~tactically~*~*~ (outnumbered).
 22177 | D:9      | 22177 ||| Stepping ~*~*~tactically~*~*~ (outnumbered).
 22179 | D:9      | 22179 ||| Stepping ~*~*~tactically~*~*~ (outnumbered).
 22191 | D:9      | 22191 ||| Stepping ~*~*~tactically~*~*~ (outnumbered).
 22193 | D:9      | 22193 ||| Stepping ~*~*~tactically~*~*~ (outnumbered).
 22195 | D:9      | 22195 ||| Stepping ~*~*~tactically~*~*~ (outnumbered).
 22197 | D:9      | 22197 ||| Stepping ~*~*~tactically~*~*~ (outnumbered).
 22209 | D:9      | 22209 ||| Stepping ~*~*~tactically~*~*~ (outnumbered).
 22211 | D:9      | 22211 ||| Stepping ~*~*~tactically~*~*~ (outnumbered).
 22213 | D:9      | 22213 ||| Stepping ~*~*~tactically~*~*~ (outnumbered).
 22215 | D:9      | 22215 ||| Stepping ~*~*~tactically~*~*~ (outnumbered).
 22219 | D:9      | 22219 ||| Stepping ~*~*~tactically~*~*~ (outnumbered).
 22231 | D:9      | 22231 ||| Stepping ~*~*~tactically~*~*~ (outnumbered).
 22239 | D:9      | 22239 ||| Stepping ~*~*~tactically~*~*~ (outnumbered).
 22241 | D:9      | 22241 ||| Stepping ~*~*~tactically~*~*~ (outnumbered).
 22246 | D:9      | 22246 ||| Stepping ~*~*~tactically~*~*~ (outnumbered).
 22249 | D:9      | 22249 ||| Stepping ~*~*~tactically~*~*~ (outnumbered).
 22251 | D:9      | 22251 ||| Stepping ~*~*~tactically~*~*~ (outnumbered).
 22259 | D:9      | 22259 ||| Stepping ~*~*~tactically~*~*~ (outnumbered).
 22261 | D:9      | 22261 ||| Stepping ~*~*~tactically~*~*~ (outnumbered).
 22270 | D:9      | 22270 ||| Stepping ~*~*~tactically~*~*~ (outnumbered).
 22281 | D:9      | 22281 ||| Stepping ~*~*~tactically~*~*~ (outnumbered).
 22283 | D:9      | 22283 ||| Stepping ~*~*~tactically~*~*~ (outnumbered).
 22285 | D:9      | 22285 ||| Stepping ~*~*~tactically~*~*~ (outnumbered).
 22287 | D:9      | 22287 ||| FLEEEEING.
 22307 | D:9      | 22307 ||| Stepping ~*~*~tactically~*~*~ (outnumbered).
 22309 | D:9      | 22309 ||| Stepping ~*~*~tactically~*~*~ (outnumbered).
 22311 | D:9      | 22311 ||| Stepping ~*~*~tactically~*~*~ (outnumbered).
 22313 | D:9      | 22313 ||| Stepping ~*~*~tactically~*~*~ (outnumbered).
 22315 | D:9      | 22315 ||| Stepping ~*~*~tactically~*~*~ (outnumbered).
 22317 | D:9      | 22317 ||| Stepping ~*~*~tactically~*~*~ (outnumbered).
 22319 | D:9      | 22319 ||| FLEEEEING.
 22336 | D:9      | 22336 ||| FLEEEEING.
 22350 | D:9      | 22350 ||| Stepping ~*~*~tactically~*~*~ (outnumbered).
 22353 | D:9      | 22353 ||| Stepping ~*~*~tactically~*~*~ (outnumbered).
 22364 | D:9      | 22364 ||| Stepping ~*~*~tactically~*~*~ (outnumbered).
 22366 | D:9      | 22366 ||| Stepping ~*~*~tactically~*~*~ (outnumbered).
 22368 | D:9      | 22368 ||| Stepping ~*~*~tactically~*~*~ (outnumbered).
 22373 | D:9      | 22373 ||| Stepping ~*~*~tactically~*~*~ (outnumbered).
 22385 | D:9      | 22385 ||| Stepping ~*~*~tactically~*~*~ (outnumbered).
 22387 | D:9      | 22387 ||| Stepping ~*~*~tactically~*~*~ (outnumbered).
 22396 | D:9      | 22396 ||| Stepping ~*~*~tactically~*~*~ (outnumbered).
 22404 | D:9      | 22404 ||| Stepping ~*~*~tactically~*~*~ (outnumbered).
 22406 | D:9      | 22406 ||| Stepping ~*~*~tactically~*~*~ (outnumbered).
 22408 | D:9      | 22408 ||| Stepping ~*~*~tactically~*~*~ (outnumbered).
 22411 | D:9      | 22411 ||| Stepping ~*~*~tactically~*~*~ (outnumbered).
 22413 | D:9      | 22413 ||| Stepping ~*~*~tactically~*~*~ (outnumbered).
 22415 | D:9      | 22415 ||| Stepping ~*~*~tactically~*~*~ (outnumbered).
 22417 | D:9      | 22417 ||| FLEEEEING.
 22431 | D:9      | 22431 ||| FLEEEEING.
 22447 | D:9      | 22447 ||| Stepping ~*~*~tactically~*~*~ (outnumbered).
 22454 | D:9      | 22454 ||| Stepping ~*~*~tactically~*~*~ (outnumbered).
 22456 | D:9      | 22456 ||| Stepping ~*~*~tactically~*~*~ (outnumbered).
 22465 | D:9      | 22465 ||| Stepping ~*~*~tactically~*~*~ (outnumbered).
 22467 | D:9      | 22467 ||| Stepping ~*~*~tactically~*~*~ (outnumbered).
 22469 | D:9      | 22469 ||| Stepping ~*~*~tactically~*~*~ (outnumbered).
 22471 | D:9      | 22471 ||| Stepping ~*~*~tactically~*~*~ (outnumbered).
 22473 | D:9      | 22473 ||| Stepping ~*~*~tactically~*~*~ (outnumbered).
 22475 | D:9      | 22475 ||| Stepping ~*~*~tactically~*~*~ (outnumbered).
 22477 | D:9      | 22477 ||| Stepping ~*~*~tactically~*~*~ (outnumbered).
 22479 | D:9      | 22479 ||| Stepping ~*~*~tactically~*~*~ (outnumbered).
 22481 | D:9      | 22481 ||| Stepping ~*~*~tactically~*~*~ (outnumbered).
 22493 | D:9      | 22493 ||| Stepping ~*~*~tactically~*~*~ (outnumbered).
 22497 | D:9      | 22497 ||| Stepping ~*~*~tactically~*~*~ (outnumbered).
 22502 | D:9      | 22502 ||| Stepping ~*~*~tactically~*~*~ (outnumbered).
 22504 | D:9      | 22504 ||| Stepping ~*~*~tactically~*~*~ (outnumbered).
 22506 | D:9      | 22506 ||| Stepping ~*~*~tactically~*~*~ (outnumbered).
 22508 | D:9      | 22508 ||| Stepping ~*~*~tactically~*~*~ (outnumbered).
 22510 | D:9      | 22510 ||| Stepping ~*~*~tactically~*~*~ (outnumbered).
 22516 | D:9      | 22516 ||| Stepping ~*~*~tactically~*~*~ (outnumbered).
 22518 | D:9      | 22518 ||| Stepping ~*~*~tactically~*~*~ (outnumbered).
 22531 | D:9      | 22531 ||| Stepping ~*~*~tactically~*~*~ (outnumbered).
 22540 | D:9      | 22540 ||| Stepping ~*~*~tactically~*~*~ (outnumbered).
 22542 | D:9      | 22542 ||| Stepping ~*~*~tactically~*~*~ (outnumbered).
 22553 | D:9      | 22553 ||| Stepping ~*~*~tactically~*~*~ (outnumbered).
 22555 | D:9      | 22555 ||| Stepping ~*~*~tactically~*~*~ (outnumbered).
 22557 | D:9      | 22557 ||| Stepping ~*~*~tactically~*~*~ (outnumbered).
 22567 | D:9      | 22567 ||| Stepping ~*~*~tactically~*~*~ (outnumbered).
 22570 | D:9      | 22570 ||| Stepping ~*~*~tactically~*~*~ (outnumbered).
 22577 | D:9      | 22577 ||| Stepping ~*~*~tactically~*~*~ (outnumbered).
 22579 | D:9      | 22579 ||| Stepping ~*~*~tactically~*~*~ (outnumbered).
 22581 | D:9      | 22581 ||| Stepping ~*~*~tactically~*~*~ (outnumbered).
 22583 | D:9      | 22583 ||| Stepping ~*~*~tactically~*~*~ (outnumbered).
 22585 | D:9      | 22585 ||| Stepping ~*~*~tactically~*~*~ (outnumbered).
 22587 | D:9      | 22587 ||| Stepping ~*~*~tactically~*~*~ (outnumbered).
 22599 | D:9      | 22599 ||| Stepping ~*~*~tactically~*~*~ (outnumbered).
 22606 | D:9      | 22606 ||| Stepping ~*~*~tactically~*~*~ (outnumbered).
 22609 | D:9      | 22609 ||| Stepping ~*~*~tactically~*~*~ (outnumbered).
 22611 | D:9      | 22611 ||| Stepping ~*~*~tactically~*~*~ (outnumbered).
 22613 | D:9      | 22613 ||| Stepping ~*~*~tactically~*~*~ (outnumbered).
 22615 | D:9      | 22615 ||| Stepping ~*~*~tactically~*~*~ (outnumbered).
 22617 | D:9      | 22617 ||| Stepping ~*~*~tactically~*~*~ (outnumbered).
 22619 | D:9      | 22619 ||| Stepping ~*~*~tactically~*~*~ (outnumbered).
 22627 | D:9      | 22627 ||| Stepping ~*~*~tactically~*~*~ (outnumbered).
 22629 | D:9      | 22629 ||| Stepping ~*~*~tactically~*~*~ (outnumbered).
 22638 | D:9      | 22638 ||| FLEEEEING.
 22658 | D:9      | 22658 ||| Stepping ~*~*~tactically~*~*~ (outnumbered).
 22660 | D:9      | 22660 ||| Stepping ~*~*~tactically~*~*~ (outnumbered).
 22662 | D:9      | 22662 ||| Stepping ~*~*~tactically~*~*~ (outnumbered).
 22673 | D:9      | 22673 ||| Stepping ~*~*~tactically~*~*~ (outnumbered).
 22675 | D:9      | 22675 ||| Stepping ~*~*~tactically~*~*~ (outnumbered).
 22677 | D:9      | 22677 ||| Stepping ~*~*~tactically~*~*~ (outnumbered).
 22679 | D:9      | 22679 ||| Stepping ~*~*~tactically~*~*~ (outnumbered).
 22681 | D:9      | 22681 ||| Stepping ~*~*~tactically~*~*~ (outnumbered).
 22689 | D:9      | 22689 ||| Stepping ~*~*~tactically~*~*~ (outnumbered).
 22696 | D:9      | 22696 ||| FLEEEEING.
 22713 | D:9      | 22713 ||| Stepping ~*~*~tactically~*~*~ (outnumbered).
 22718 | D:9      | 22718 ||| Stepping ~*~*~tactically~*~*~ (outnumbered).
 22720 | D:9      | 22720 ||| Stepping ~*~*~tactically~*~*~ (outnumbered).
 22733 | D:9      | 22733 ||| FLEEEEING.
 22749 | D:9      | 22749 ||| Stepping ~*~*~tactically~*~*~ (outnumbered).
 22751 | D:9      | 22751 ||| Stepping ~*~*~tactically~*~*~ (outnumbered).
 22753 | D:9      | 22753 ||| Stepping ~*~*~tactically~*~*~ (outnumbered).
 22764 | D:9      | 22764 ||| Stepping ~*~*~tactically~*~*~ (outnumbered).
 22776 | D:9      | 22776 ||| Stepping ~*~*~tactically~*~*~ (outnumbered).
 22778 | D:9      | 22778 ||| Stepping ~*~*~tactically~*~*~ (outnumbered).
 22785 | D:9      | 22785 ||| Stepping ~*~*~tactically~*~*~ (outnumbered).
 22787 | D:9      | 22787 ||| Stepping ~*~*~tactically~*~*~ (outnumbered).
 22789 | D:9      | 22789 ||| Stepping ~*~*~tactically~*~*~ (outnumbered).
 22791 | D:9      | 22791 ||| Stepping ~*~*~tactically~*~*~ (outnumbered).
 22793 | D:9      | 22793 ||| Stepping ~*~*~tactically~*~*~ (outnumbered).
 22795 | D:9      | 22795 ||| Stepping ~*~*~tactically~*~*~ (outnumbered).
 22797 | D:9      | 22797 ||| Stepping ~*~*~tactically~*~*~ (outnumbered).
 22804 | D:9      | 22804 ||| Stepping ~*~*~tactically~*~*~ (outnumbered).
 22813 | D:9      | 22813 ||| Stepping ~*~*~tactically~*~*~ (outnumbered).
 22815 | D:9      | 22815 ||| Stepping ~*~*~tactically~*~*~ (outnumbered).
 22827 | D:9      | 22827 ||| FLEEEEING.
 22846 | D:9      | 22846 ||| Stepping ~*~*~tactically~*~*~ (outnumbered).
 22848 | D:9      | 22848 ||| Stepping ~*~*~tactically~*~*~ (outnumbered).
 22850 | D:9      | 22850 ||| Stepping ~*~*~tactically~*~*~ (outnumbered).
 22862 | D:9      | 22862 ||| Stepping ~*~*~tactically~*~*~ (outnumbered).
 22869 | D:9      | 22869 ||| Stepping ~*~*~tactically~*~*~ (outnumbered).
 22872 | D:9      | 22872 ||| Stepping ~*~*~tactically~*~*~ (outnumbered).
 22874 | D:9      | 22874 ||| Stepping ~*~*~tactically~*~*~ (outnumbered).
 22881 | D:9      | 22881 ||| Stepping ~*~*~tactically~*~*~ (outnumbered).
 22886 | D:9      | 22886 ||| Stepping ~*~*~tactically~*~*~ (outnumbered).
 22895 | D:9      | 22895 ||| FLEEEEING.
 22903 | D:9      | 22903 ||| FLEEEEING.
 22948 | D:9      | 22948 ||| Stepping ~*~*~tactically~*~*~ (stealth).
 22950 | D:9      | 22950 ||| Stepping ~*~*~tactically~*~*~ (outnumbered).
 22952 | D:9      | 22952 ||| Stepping ~*~*~tactically~*~*~ (outnumbered).
 22954 | D:9      | 22954 ||| Stepping ~*~*~tactically~*~*~ (outnumbered).
 22956 | D:9      | 22956 ||| Stepping ~*~*~tactically~*~*~ (outnumbered).
 22958 | D:9      | 22958 ||| Stepping ~*~*~tactically~*~*~ (outnumbered).
 22965 | D:9      | 22965 ||| FLEEEEING.
 22979 | D:9      | 22979 ||| Stepping ~*~*~tactically~*~*~ (outnumbered).
 22986 | D:9      | 22986 ||| Stepping ~*~*~tactically~*~*~ (outnumbered).
 22990 | D:9      | 22990 ||| Stepping ~*~*~tactically~*~*~ (outnumbered).
 23000 | D:9      | 23000 ||| Stepping ~*~*~tactically~*~*~ (outnumbered).
 23011 | D:9      | 23011 ||| Stepping ~*~*~tactically~*~*~ (outnumbered).
 23013 | D:9      | 23013 ||| Stepping ~*~*~tactically~*~*~ (outnumbered).
 23015 | D:9      | 23015 ||| Stepping ~*~*~tactically~*~*~ (outnumbered).
 23017 | D:9      | 23017 ||| Stepping ~*~*~tactically~*~*~ (outnumbered).
 23019 | D:9      | 23019 ||| Stepping ~*~*~tactically~*~*~ (outnumbered).
 23024 | D:9      | 23024 ||| Stepping ~*~*~tactically~*~*~ (outnumbered).
 23033 | D:9      | 23033 ||| Stepping ~*~*~tactically~*~*~ (outnumbered).
 23035 | D:9      | 23035 ||| Stepping ~*~*~tactically~*~*~ (outnumbered).
 23037 | D:9      | 23037 ||| Stepping ~*~*~tactically~*~*~ (outnumbered).
 23039 | D:9      | 23039 ||| Stepping ~*~*~tactically~*~*~ (outnumbered).
 23041 | D:9      | 23041 ||| Stepping ~*~*~tactically~*~*~ (outnumbered).
 23043 | D:9      | 23043 ||| Stepping ~*~*~tactically~*~*~ (outnumbered).
 23045 | D:9      | 23045 ||| Stepping ~*~*~tactically~*~*~ (outnumbered).
 23047 | D:9      | 23047 ||| Stepping ~*~*~tactically~*~*~ (outnumbered).
 23052 | D:9      | 23052 ||| Stepping ~*~*~tactically~*~*~ (outnumbered).
 23054 | D:9      | 23054 ||| Stepping ~*~*~tactically~*~*~ (outnumbered).
 23056 | D:9      | 23056 ||| Stepping ~*~*~tactically~*~*~ (outnumbered).
 23058 | D:9      | 23058 ||| Stepping ~*~*~tactically~*~*~ (outnumbered).
 23060 | D:9      | 23060 ||| Stepping ~*~*~tactically~*~*~ (outnumbered).
 23062 | D:9      | 23062 ||| Stepping ~*~*~tactically~*~*~ (outnumbered).
 23071 | D:9      | 23071 ||| Stepping ~*~*~tactically~*~*~ (outnumbered).
 23073 | D:9      | 23073 ||| Stepping ~*~*~tactically~*~*~ (outnumbered).
 23075 | D:9      | 23075 ||| Stepping ~*~*~tactically~*~*~ (outnumbered).
 23082 | D:9      | 23082 ||| FLEEEEING.
 23108 | D:9      | 23108 ||| Stepping ~*~*~tactically~*~*~ (outnumbered).
 23110 | D:9      | 23110 ||| Stepping ~*~*~tactically~*~*~ (outnumbered).
 23112 | D:9      | 23112 ||| FLEEEEING.
 23128 | D:9      | 23128 ||| Stepping ~*~*~tactically~*~*~ (outnumbered).
 23130 | D:9      | 23130 ||| Stepping ~*~*~tactically~*~*~ (outnumbered).
 23132 | D:9      | 23132 ||| Stepping ~*~*~tactically~*~*~ (outnumbered).
 23134 | D:9      | 23134 ||| Stepping ~*~*~tactically~*~*~ (outnumbered).
 23136 | D:9      | 23136 ||| Stepping ~*~*~tactically~*~*~ (outnumbered).
 23138 | D:9      | 23138 ||| Stepping ~*~*~tactically~*~*~ (outnumbered).
 23140 | D:9      | 23140 ||| Stepping ~*~*~tactically~*~*~ (outnumbered).
 23144 | D:9      | 23144 ||| Stepping ~*~*~tactically~*~*~ (outnumbered).
 23146 | D:9      | 23146 ||| Stepping ~*~*~tactically~*~*~ (outnumbered).
 23148 | D:9      | 23148 ||| Stepping ~*~*~tactically~*~*~ (outnumbered).
 23150 | D:9      | 23150 ||| Stepping ~*~*~tactically~*~*~ (outnumbered).
 23161 | D:9      | 23161 ||| Stepping ~*~*~tactically~*~*~ (outnumbered).
 23163 | D:9      | 23163 ||| Stepping ~*~*~tactically~*~*~ (outnumbered).
 23165 | D:9      | 23165 ||| Stepping ~*~*~tactically~*~*~ (outnumbered).
 23173 | D:9      | 23173 ||| Stepping ~*~*~tactically~*~*~ (outnumbered).
 23175 | D:9      | 23175 ||| Stepping ~*~*~tactically~*~*~ (outnumbered).
 23182 | D:9      | 23182 ||| Stepping ~*~*~tactically~*~*~ (outnumbered).
 23184 | D:9      | 23184 ||| Stepping ~*~*~tactically~*~*~ (outnumbered).
 23186 | D:9      | 23186 ||| Stepping ~*~*~tactically~*~*~ (outnumbered).
 23188 | D:9      | 23188 ||| Stepping ~*~*~tactically~*~*~ (outnumbered).
 23190 | D:9      | 23190 ||| FLEEEEING.
 23198 | D:9      | 23198 ||| FLEEEEING.
 23234 | D:9      | 23234 ||| Stepping ~*~*~tactically~*~*~ (outnumbered).
 23247 | D:9      | 23247 ||| Stepping ~*~*~tactically~*~*~ (outnumbered).
 23253 | D:9      | 23253 ||| Stepping ~*~*~tactically~*~*~ (outnumbered).
 23262 | D:9      | 23262 ||| Stepping ~*~*~tactically~*~*~ (outnumbered).
 23264 | D:9      | 23264 ||| Stepping ~*~*~tactically~*~*~ (outnumbered).
 23267 | D:9      | 23267 ||| Stepping ~*~*~tactically~*~*~ (outnumbered).
 23269 | D:9      | 23269 ||| Stepping ~*~*~tactically~*~*~ (outnumbered).
 23271 | D:9      | 23271 ||| Stepping ~*~*~tactically~*~*~ (outnumbered).
 23273 | D:9      | 23273 ||| Stepping ~*~*~tactically~*~*~ (outnumbered).
 23275 | D:9      | 23275 ||| Stepping ~*~*~tactically~*~*~ (outnumbered).
 23277 | D:9      | 23277 ||| Stepping ~*~*~tactically~*~*~ (outnumbered).
 23284 | D:9      | 23284 ||| Stepping ~*~*~tactically~*~*~ (outnumbered).
 23286 | D:9      | 23286 ||| Stepping ~*~*~tactically~*~*~ (outnumbered).
 23288 | D:9      | 23288 ||| Stepping ~*~*~tactically~*~*~ (outnumbered).
 23290 | D:9      | 23290 ||| Stepping ~*~*~tactically~*~*~ (outnumbered).
 23299 | D:9      | 23299 ||| Stepping ~*~*~tactically~*~*~ (outnumbered).
 23311 | D:9      | 23311 ||| Stepping ~*~*~tactically~*~*~ (outnumbered).
 23319 | D:9      | 23319 ||| Stepping ~*~*~tactically~*~*~ (outnumbered).
 23324 | D:9      | 23324 ||| Stepping ~*~*~tactically~*~*~ (outnumbered).
 23334 | D:9      | 23334 ||| Stepping ~*~*~tactically~*~*~ (outnumbered).
 23336 | D:9      | 23336 ||| Stepping ~*~*~tactically~*~*~ (outnumbered).
 23338 | D:9      | 23338 ||| Stepping ~*~*~tactically~*~*~ (outnumbered).
 23345 | D:9      | 23345 ||| Stepping ~*~*~tactically~*~*~ (outnumbered).
 23347 | D:9      | 23347 ||| Stepping ~*~*~tactically~*~*~ (outnumbered).
 23349 | D:9      | 23349 ||| Stepping ~*~*~tactically~*~*~ (outnumbered).
 23351 | D:9      | 23351 ||| Stepping ~*~*~tactically~*~*~ (outnumbered).
 23353 | D:9      | 23353 ||| Stepping ~*~*~tactically~*~*~ (outnumbered).
 23362 | D:9      | 23362 ||| Stepping ~*~*~tactically~*~*~ (outnumbered).
 23364 | D:9      | 23364 ||| Stepping ~*~*~tactically~*~*~ (outnumbered).
 23373 | D:9      | 23373 ||| Stepping ~*~*~tactically~*~*~ (outnumbered).
 23375 | D:9      | 23375 ||| Stepping ~*~*~tactically~*~*~ (outnumbered).
 23377 | D:9      | 23377 ||| Stepping ~*~*~tactically~*~*~ (outnumbered).
 23379 | D:9      | 23379 ||| Stepping ~*~*~tactically~*~*~ (outnumbered).
 23388 | D:9      | 23388 ||| Stepping ~*~*~tactically~*~*~ (outnumbered).
 23391 | D:9      | 23391 ||| Stepping ~*~*~tactically~*~*~ (outnumbered).
 23393 | D:9      | 23393 ||| Stepping ~*~*~tactically~*~*~ (outnumbered).
 23395 | D:9      | 23395 ||| Stepping ~*~*~tactically~*~*~ (outnumbered).
 23399 | D:9      | 23399 ||| Stepping ~*~*~tactically~*~*~ (outnumbered).
 23401 | D:9      | 23401 ||| Stepping ~*~*~tactically~*~*~ (outnumbered).
 23405 | D:9      | 23405 ||| Stepping ~*~*~tactically~*~*~ (outnumbered).
 23409 | D:9      | 23409 ||| Stepping ~*~*~tactically~*~*~ (outnumbered).
 23419 | D:9      | 23419 ||| Stepping ~*~*~tactically~*~*~ (outnumbered).
 23424 | D:9      | 23424 ||| Stepping ~*~*~tactically~*~*~ (outnumbered).
 23432 | D:9      | 23432 ||| Stepping ~*~*~tactically~*~*~ (outnumbered).
 23434 | D:9      | 23434 ||| Stepping ~*~*~tactically~*~*~ (outnumbered).
 23438 | D:9      | 23438 ||| Stepping ~*~*~tactically~*~*~ (outnumbered).
 23444 | D:9      | 23444 ||| Stepping ~*~*~tactically~*~*~ (outnumbered).
 23449 | D:9      | 23449 ||| Stepping ~*~*~tactically~*~*~ (outnumbered).
 23451 | D:9      | 23451 ||| Stepping ~*~*~tactically~*~*~ (outnumbered).
 23458 | D:9      | 23458 ||| Stepping ~*~*~tactically~*~*~ (outnumbered).
 23460 | D:9      | 23460 ||| Stepping ~*~*~tactically~*~*~ (outnumbered).
 23462 | D:9      | 23462 ||| Stepping ~*~*~tactically~*~*~ (outnumbered).
 23464 | D:9      | 23464 ||| Stepping ~*~*~tactically~*~*~ (outnumbered).
 23475 | D:9      | 23475 ||| Stepping ~*~*~tactically~*~*~ (outnumbered).
 23477 | D:9      | 23477 ||| Stepping ~*~*~tactically~*~*~ (outnumbered).
 23486 | D:9      | 23486 ||| Stepping ~*~*~tactically~*~*~ (outnumbered).
 23488 | D:9      | 23488 ||| Stepping ~*~*~tactically~*~*~ (outnumbered).
 23490 | D:9      | 23490 ||| Stepping ~*~*~tactically~*~*~ (outnumbered).
 23492 | D:9      | 23492 ||| Stepping ~*~*~tactically~*~*~ (outnumbered).
 23496 | D:9      | 23496 ||| Stepping ~*~*~tactically~*~*~ (outnumbered).
 23502 | D:9      | 23502 ||| Stepping ~*~*~tactically~*~*~ (outnumbered).
 23504 | D:9      | 23504 ||| Stepping ~*~*~tactically~*~*~ (outnumbered).
 23511 | D:9      | 23511 ||| Stepping ~*~*~tactically~*~*~ (outnumbered).
 23513 | D:9      | 23513 ||| Stepping ~*~*~tactically~*~*~ (outnumbered).
 23518 | D:9      | 23518 ||| FLEEEEING.
 23534 | D:9      | 23534 ||| Stepping ~*~*~tactically~*~*~ (outnumbered).
 23536 | D:9      | 23536 ||| Stepping ~*~*~tactically~*~*~ (outnumbered).
 23546 | D:9      | 23546 ||| Stepping ~*~*~tactically~*~*~ (outnumbered).
 23548 | D:9      | 23548 ||| Stepping ~*~*~tactically~*~*~ (outnumbered).
 23558 | D:9      | 23558 ||| Stepping ~*~*~tactically~*~*~ (outnumbered).
 23565 | D:9      | 23565 ||| Stepping ~*~*~tactically~*~*~ (outnumbered).
 23567 | D:9      | 23567 ||| Stepping ~*~*~tactically~*~*~ (outnumbered).
 23574 | D:9      | 23574 ||| FLEEEEING.
 23582 | D:9      | 23582 ||| FLEEEEING.
 23624 | D:9      | 23624 ||| FLEEEEING.
 23640 | D:9      | 23640 ||| Stepping ~*~*~tactically~*~*~ (outnumbered).
 23642 | D:9      | 23642 ||| Stepping ~*~*~tactically~*~*~ (outnumbered).
 23644 | D:9      | 23644 ||| Stepping ~*~*~tactically~*~*~ (outnumbered).
 23646 | D:9      | 23646 ||| Stepping ~*~*~tactically~*~*~ (outnumbered).
 23653 | D:9      | 23653 ||| FLEEEEING.
 23675 | D:9      | 23675 ||| FLEEEEING.
 23692 | D:9      | 23692 ||| Stepping ~*~*~tactically~*~*~ (outnumbered).
 23702 | D:9      | 23702 ||| Stepping ~*~*~tactically~*~*~ (outnumbered).
 23704 | D:9      | 23704 ||| Stepping ~*~*~tactically~*~*~ (outnumbered).
 23710 | D:9      | 23710 ||| Stepping ~*~*~tactically~*~*~ (outnumbered).
 23712 | D:9      | 23712 ||| Stepping ~*~*~tactically~*~*~ (outnumbered).
 23714 | D:9      | 23714 ||| Stepping ~*~*~tactically~*~*~ (outnumbered).
 23716 | D:9      | 23716 ||| Stepping ~*~*~tactically~*~*~ (outnumbered).
 23728 | D:9      | 23728 ||| Stepping ~*~*~tactically~*~*~ (outnumbered).
 23739 | D:9      | 23739 ||| Stepping ~*~*~tactically~*~*~ (outnumbered).
 23750 | D:9      | 23750 ||| Stepping ~*~*~tactically~*~*~ (outnumbered).
 23752 | D:9      | 23752 ||| Stepping ~*~*~tactically~*~*~ (outnumbered).
 23755 | D:9      | 23755 ||| Stepping ~*~*~tactically~*~*~ (outnumbered).
 23757 | D:9      | 23757 ||| Stepping ~*~*~tactically~*~*~ (outnumbered).
 23759 | D:9      | 23759 ||| Stepping ~*~*~tactically~*~*~ (outnumbered).
 23761 | D:9      | 23761 ||| Stepping ~*~*~tactically~*~*~ (outnumbered).
 23763 | D:9      | 23763 ||| Stepping ~*~*~tactically~*~*~ (outnumbered).
 23765 | D:9      | 23765 ||| Stepping ~*~*~tactically~*~*~ (outnumbered).
 23767 | D:9      | 23767 ||| Stepping ~*~*~tactically~*~*~ (outnumbered).
 23772 | D:9      | 23772 ||| Stepping ~*~*~tactically~*~*~ (outnumbered).
 23774 | D:9      | 23774 ||| Stepping ~*~*~tactically~*~*~ (outnumbered).
 23776 | D:9      | 23776 ||| Stepping ~*~*~tactically~*~*~ (outnumbered).
 23778 | D:9      | 23778 ||| Stepping ~*~*~tactically~*~*~ (outnumbered).
 23786 | D:9      | 23786 ||| FLEEEEING.
 23808 | D:9      | 23808 ||| Stepping ~*~*~tactically~*~*~ (outnumbered).
 23819 | D:9      | 23819 ||| Stepping ~*~*~tactically~*~*~ (outnumbered).
 23821 | D:9      | 23821 ||| Stepping ~*~*~tactically~*~*~ (outnumbered).
 23823 | D:9      | 23823 ||| Stepping ~*~*~tactically~*~*~ (outnumbered).
 23825 | D:9      | 23825 ||| Stepping ~*~*~tactically~*~*~ (outnumbered).
 23827 | D:9      | 23827 ||| Stepping ~*~*~tactically~*~*~ (outnumbered).
 23830 | D:9      | 23830 ||| Stepping ~*~*~tactically~*~*~ (outnumbered).
 23840 | D:9      | 23840 ||| Stepping ~*~*~tactically~*~*~ (outnumbered).
 23842 | D:9      | 23842 ||| Stepping ~*~*~tactically~*~*~ (outnumbered).
 23844 | D:9      | 23844 ||| Stepping ~*~*~tactically~*~*~ (outnumbered).
 23846 | D:9      | 23846 ||| Stepping ~*~*~tactically~*~*~ (outnumbered).
 23848 | D:9      | 23848 ||| Stepping ~*~*~tactically~*~*~ (outnumbered).
 23852 | D:9      | 23852 ||| Stepping ~*~*~tactically~*~*~ (outnumbered).
 23854 | D:9      | 23854 ||| Stepping ~*~*~tactically~*~*~ (outnumbered).
 23856 | D:9      | 23856 ||| Stepping ~*~*~tactically~*~*~ (outnumbered).
 23858 | D:9      | 23858 ||| Stepping ~*~*~tactically~*~*~ (outnumbered).
 23860 | D:9      | 23860 ||| Stepping ~*~*~tactically~*~*~ (outnumbered).
 23862 | D:9      | 23862 ||| Stepping ~*~*~tactically~*~*~ (outnumbered).
 23864 | D:9      | 23864 ||| Stepping ~*~*~tactically~*~*~ (outnumbered).
 23866 | D:9      | 23866 ||| Stepping ~*~*~tactically~*~*~ (outnumbered).
 23878 | D:9      | 23878 ||| Stepping ~*~*~tactically~*~*~ (outnumbered).
 23880 | D:9      | 23880 ||| Stepping ~*~*~tactically~*~*~ (outnumbered).
 23882 | D:9      | 23882 ||| Stepping ~*~*~tactically~*~*~ (outnumbered).
 23884 | D:9      | 23884 ||| Stepping ~*~*~tactically~*~*~ (outnumbered).
 23886 | D:9      | 23886 ||| Stepping ~*~*~tactically~*~*~ (outnumbered).
 23888 | D:9      | 23888 ||| Stepping ~*~*~tactically~*~*~ (outnumbered).
 23890 | D:9      | 23890 ||| Stepping ~*~*~tactically~*~*~ (outnumbered).
 23900 | D:9      | 23900 ||| Stepping ~*~*~tactically~*~*~ (outnumbered).
 23902 | D:9      | 23902 ||| Stepping ~*~*~tactically~*~*~ (outnumbered).
 23904 | D:9      | 23904 ||| Stepping ~*~*~tactically~*~*~ (outnumbered).
 23906 | D:9      | 23906 ||| Stepping ~*~*~tactically~*~*~ (outnumbered).
 23908 | D:9      | 23908 ||| Stepping ~*~*~tactically~*~*~ (outnumbered).
 23910 | D:9      | 23910 ||| Stepping ~*~*~tactically~*~*~ (outnumbered).
 23912 | D:9      | 23912 ||| Stepping ~*~*~tactically~*~*~ (outnumbered).
 23917 | D:9      | 23917 ||| Stepping ~*~*~tactically~*~*~ (outnumbered).
 23919 | D:9      | 23919 ||| Stepping ~*~*~tactically~*~*~ (outnumbered).
 23921 | D:9      | 23921 ||| Stepping ~*~*~tactically~*~*~ (outnumbered).
 23928 | D:9      | 23928 ||| Stepping ~*~*~tactically~*~*~ (outnumbered).
 23934 | D:9      | 23934 ||| Stepping ~*~*~tactically~*~*~ (outnumbered).
 23938 | D:9      | 23938 ||| Stepping ~*~*~tactically~*~*~ (outnumbered).
 23940 | D:9      | 23940 ||| Stepping ~*~*~tactically~*~*~ (outnumbered).
 23944 | D:9      | 23944 ||| Stepping ~*~*~tactically~*~*~ (outnumbered).
 23946 | D:9      | 23946 ||| Stepping ~*~*~tactically~*~*~ (outnumbered).
 23951 | D:9      | 23951 ||| Stepping ~*~*~tactically~*~*~ (outnumbered).
 23959 | D:9      | 23959 ||| Stepping ~*~*~tactically~*~*~ (outnumbered).
 23961 | D:9      | 23961 ||| Stepping ~*~*~tactically~*~*~ (outnumbered).
 23963 | D:9      | 23963 ||| Stepping ~*~*~tactically~*~*~ (outnumbered).
 23965 | D:9      | 23965 ||| Stepping ~*~*~tactically~*~*~ (outnumbered).
 23967 | D:9      | 23967 ||| Stepping ~*~*~tactically~*~*~ (outnumbered).
 23969 | D:9      | 23969 ||| Stepping ~*~*~tactically~*~*~ (outnumbered).
 23973 | D:9      | 23973 ||| Stepping ~*~*~tactically~*~*~ (outnumbered).
 23983 | D:9      | 23983 ||| Stepping ~*~*~tactically~*~*~ (outnumbered).
 23990 | D:9      | 23990 ||| Stepping ~*~*~tactically~*~*~ (outnumbered).
 24003 | D:9      | 24003 ||| Stepping ~*~*~tactically~*~*~ (outnumbered).
 24009 | D:9      | 24009 ||| Stepping ~*~*~tactically~*~*~ (outnumbered).
 24017 | D:9      | 24017 ||| Stepping ~*~*~tactically~*~*~ (outnumbered).
 24021 | D:9      | 24021 ||| Stepping ~*~*~tactically~*~*~ (outnumbered).
 24023 | D:9      | 24023 ||| Stepping ~*~*~tactically~*~*~ (outnumbered).
 24025 | D:9      | 24025 ||| Stepping ~*~*~tactically~*~*~ (outnumbered).
 24028 | D:9      | 24028 ||| Stepping ~*~*~tactically~*~*~ (outnumbered).
 24030 | D:9      | 24030 ||| FLEEEEING.
 24047 | D:9      | 24047 ||| Stepping ~*~*~tactically~*~*~ (outnumbered).
 24049 | D:9      | 24049 ||| Stepping ~*~*~tactically~*~*~ (outnumbered).
 24051 | D:9      | 24051 ||| FLEEEEING.
 24065 | D:9      | 24065 ||| Stepping ~*~*~tactically~*~*~ (outnumbered).
 24068 | D:9      | 24068 ||| Stepping ~*~*~tactically~*~*~ (outnumbered).
 24073 | D:9      | 24073 ||| FLEEEEING.
 24097 | D:9      | 24097 ||| FLEEEEING.
 24133 | D:9      | 24133 ||| READING 4 scrolls of teleportation.
 24315 | D:10     | Reached skill level 20 in Unarmed Combat
 24483 | D:10     | 24483 ||| INVOKING Heroism.
 24484 | D:10     | 24484 ||| Stepping ~*~*~tactically~*~*~ (outnumbered).
 24485 | D:10     | 24485 ||| Stepping ~*~*~tactically~*~*~ (outnumbered).
 24486 | D:10     | 24486 ||| Stepping ~*~*~tactically~*~*~ (outnumbered).
 24487 | D:10     | 24487 ||| Stepping ~*~*~tactically~*~*~ (outnumbered).
 24488 | D:10     | 24488 ||| Stepping ~*~*~tactically~*~*~ (outnumbered).
 24489 | D:10     | 24489 ||| Stepping ~*~*~tactically~*~*~ (outnumbered).
 24490 | D:10     | 24490 ||| Stepping ~*~*~tactically~*~*~ (outnumbered).
 24491 | D:10     | 24491 ||| Stepping ~*~*~tactically~*~*~ (outnumbered).
 24492 | D:10     | 24492 ||| Stepping ~*~*~tactically~*~*~ (outnumbered).
 24493 | D:10     | 24493 ||| Stepping ~*~*~tactically~*~*~ (outnumbered).
 24494 | D:10     | 24494 ||| Stepping ~*~*~tactically~*~*~ (outnumbered).
 24495 | D:10     | 24495 ||| Stepping ~*~*~tactically~*~*~ (outnumbered).
 24496 | D:10     | 24496 ||| Stepping ~*~*~tactically~*~*~ (outnumbered).
 24497 | D:10     | 24497 ||| Stepping ~*~*~tactically~*~*~ (outnumbered).
 24501 | D:10     | 24501 ||| Stepping ~*~*~tactically~*~*~ (stealth).
 24504 | D:10     | 24504 ||| Stepping ~*~*~tactically~*~*~ (outnumbered).
 24505 | D:10     | 24505 ||| Stepping ~*~*~tactically~*~*~ (outnumbered).
 24506 | D:10     | 24506 ||| Stepping ~*~*~tactically~*~*~ (outnumbered).
 24509 | D:10     | 24509 ||| Stepping ~*~*~tactically~*~*~ (outnumbered).
 24510 | D:10     | 24510 ||| Stepping ~*~*~tactically~*~*~ (outnumbered).
 24511 | D:10     | 24511 ||| Stepping ~*~*~tactically~*~*~ (outnumbered).
 24512 | D:10     | 24512 ||| Stepping ~*~*~tactically~*~*~ (outnumbered).
 24513 | D:10     | 24513 ||| Stepping ~*~*~tactically~*~*~ (outnumbered).
 24515 | D:10     | 24515 ||| Stepping ~*~*~tactically~*~*~ (outnumbered).
 24743 | D:10     | 24743 ||| INVOKING Heroism.
 24744 | D:10     | Received a gift from Okawaru
 24747 | D:10     | 24747 ||| Stepping ~*~*~tactically~*~*~ (outnumbered).
 24748 | D:10     | 24748 ||| Stepping ~*~*~tactically~*~*~ (outnumbered).
 24749 | D:10     | 24749 ||| Stepping ~*~*~tactically~*~*~ (outnumbered).
 24750 | D:10     | 24750 ||| Stepping ~*~*~tactically~*~*~ (outnumbered).
 24751 | D:10     | 24751 ||| Stepping ~*~*~tactically~*~*~ (outnumbered).
 24752 | D:10     | 24752 ||| Stepping ~*~*~tactically~*~*~ (outnumbered).
 24753 | D:10     | 24753 ||| Stepping ~*~*~tactically~*~*~ (outnumbered).
 24759 | D:10     | 24759 ||| Stepping ~*~*~tactically~*~*~ (outnumbered).
 24763 | D:10     | 24763 ||| Stepping ~*~*~tactically~*~*~ (outnumbered).
 24764 | D:10     | 24764 ||| Stepping ~*~*~tactically~*~*~ (outnumbered).
 24765 | D:10     | 24765 ||| Stepping ~*~*~tactically~*~*~ (outnumbered).
 24766 | D:10     | 24766 ||| Stepping ~*~*~tactically~*~*~ (outnumbered).
 24767 | D:10     | 24767 ||| Stepping ~*~*~tactically~*~*~ (outnumbered).
 24768 | D:10     | 24768 ||| Stepping ~*~*~tactically~*~*~ (outnumbered).
 24769 | D:10     | 24769 ||| Stepping ~*~*~tactically~*~*~ (outnumbered).
 24770 | D:10     | 24770 ||| Stepping ~*~*~tactically~*~*~ (outnumbered).
 24771 | D:10     | 24771 ||| Stepping ~*~*~tactically~*~*~ (outnumbered).
 24774 | D:10     | 24774 ||| Stepping ~*~*~tactically~*~*~ (outnumbered).
 25160 | D:11     | 25160 ||| INVOKING Heroism.
 25265 | D:11     | 25265 ||| INVOKING Heroism.
 25277 | D:11     | 25277 ||| Stepping ~*~*~tactically~*~*~ (outnumbered).
 25278 | D:11     | 25278 ||| Stepping ~*~*~tactically~*~*~ (outnumbered).
 25279 | D:11     | 25279 ||| Stepping ~*~*~tactically~*~*~ (outnumbered).
 25280 | D:11     | 25280 ||| Stepping ~*~*~tactically~*~*~ (outnumbered).
 25281 | D:11     | 25281 ||| Stepping ~*~*~tactically~*~*~ (outnumbered).
 25282 | D:11     | 25282 ||| Stepping ~*~*~tactically~*~*~ (outnumbered).
 25287 | D:11     | 25287 ||| Stepping ~*~*~tactically~*~*~ (outnumbered).
 25288 | D:11     | 25288 ||| Stepping ~*~*~tactically~*~*~ (outnumbered).
 25289 | D:11     | 25289 ||| Stepping ~*~*~tactically~*~*~ (outnumbered).
 25290 | D:11     | 25290 ||| Stepping ~*~*~tactically~*~*~ (outnumbered).
 25293 | D:11     | 25293 ||| Stepping ~*~*~tactically~*~*~ (outnumbered).
 25294 | D:11     | 25294 ||| Stepping ~*~*~tactically~*~*~ (outnumbered).
 25295 | D:11     | 25295 ||| Stepping ~*~*~tactically~*~*~ (outnumbered).
 25296 | D:11     | 25296 ||| Stepping ~*~*~tactically~*~*~ (outnumbered).
 25297 | D:11     | 25297 ||| Stepping ~*~*~tactically~*~*~ (outnumbered).
 25298 | D:11     | 25298 ||| Stepping ~*~*~tactically~*~*~ (outnumbered).
 25300 | D:11     | 25300 ||| FLEEEEING.
 25303 | D:11     | HP: 34/140 [skeletal warrior/+0 mace (7)]
 25304 | D:11     | 25304 ||| READING 5 scrolls of teleportation.
 25309 | D:11     | HP: 34/140 [manticore/volley of spikes (7)]
 25310 | D:11     | 25310 ||| READING 4 scrolls of teleportation.
 25311 | D:11     | 25311 ||| DRINKING 3 potions of heal wounds.
 25313 | D:11     | 25313 ||| DRINKING 2 potions of heal wounds.
 25315 | D:11     | 25315 ||| INVOKING Heroism.
 25791 | D:11     | 25791 ||| FLEEEEING.
 25792 | D:11     | 25792 ||| FLEEEEING.
 25793 | D:11     | 25793 ||| FLEEEEING.
 25794 | D:11     | 25794 ||| FLEEEEING.
 25810 | D:11     | 25810 ||| FLEEEEING.
 25814 | D:11     | 25814 ||| FLEEEEING.
 25894 | D:11     | 25894 ||| Stepping ~*~*~tactically~*~*~ (stealth).
 25908 | D:11     | Reached skill level 9 in Throwing
 25918 | D:11     | Received a gift from Okawaru
 25919 | D:11     | 25919 ||| Stepping ~*~*~tactically~*~*~ (hiding).
 25921 | D:11     | 25921 ||| INVOKING Heroism.
 25928 | D:11     | 25928 ||| Stepping ~*~*~tactically~*~*~ (outnumbered).
 25940 | D:11     | Received a gift from Okawaru
 25940 | D:11     | Reached ***** piety under Okawaru
 25942 | D:11     | 25942 ||| Stepping ~*~*~tactically~*~*~ (outnumbered).
 25943 | D:11     | 25943 ||| Stepping ~*~*~tactically~*~*~ (outnumbered).
 25947 | D:11     | 25947 ||| INVOKING Heroism.
 25956 | D:11     | HP: 27/140 [deep elf pyromancer/bolt of fire (20)]
 25957 | D:11     | 25957 ||| READING 3 scrolls of teleportation.
 25958 | D:11     | 25958 ||| DRINKING potion of heal wounds.
 26066 | D:11     | 26066 ||| INVOKING Heroism.
 26111 | D:11     | 26111 ||| Stepping ~*~*~tactically~*~*~ (stealth).
 26143 | D:11     | 26143 ||| Stepping ~*~*~tactically~*~*~ (stealth).
 26148 | D:11     | 26148 ||| Stepping ~*~*~tactically~*~*~ (stealth).
 26155 | D:11     | 26155 ||| Stepping ~*~*~tactically~*~*~ (stealth).
 26158 | D:11     | 26158 ||| Stepping ~*~*~tactically~*~*~ (stealth).
 26162 | D:11     | 26162 ||| Stepping ~*~*~tactically~*~*~ (stealth).
 26190 | D:11     | 26190 ||| INVOKING Heroism.
 26191 | D:11     | 26191 ||| INVOKING Finesse.
 26194 | D:11     | Received a gift from Okawaru
 26223 | D:11     | 26223 ||| Stepping ~*~*~tactically~*~*~ (hiding).
 26228 | D:11     | Reached XP level 15. HP: 107/146 MP: 15/20
 26228 | D:11     | 26228 ||| Stepping ~*~*~tactically~*~*~ (outnumbered).
 26234 | D:11     | 26234 ||| INVOKING Heroism.
 26409 | D:11     | Found a bloodstained altar of Trog.
 26476 | D:11     | 26476 ||| FLEEEEING.
 26477 | D:11     | 26477 ||| FLEEEEING.
 26478 | D:11     | 26478 ||| FLEEEEING.
 26479 | D:11     | 26479 ||| FLEEEEING.
 26480 | D:11     | 26480 ||| FLEEEEING.
 26481 | D:11     | 26481 ||| FLEEEEING.
 26482 | D:11     | 26482 ||| FLEEEEING.
 26511 | D:11     | 26511 ||| Stepping ~*~*~tactically~*~*~ (stealth).
 26512 | D:11     | 26512 ||| Stepping ~*~*~tactically~*~*~ (stealth).
 26515 | D:11     | 26515 ||| Stepping ~*~*~tactically~*~*~ (hiding).
 26522 | D:11     | 26522 ||| INVOKING Heroism.
 26563 | D:11     | Found a staircase to the Orcish Mines.
 26664 | D:11     | 26664 ||| INVOKING Heroism.
 26704 | D:11     | 26704 ||| PLANNING D
 26704 | D:11     | 26704 ||| DROPPING ring of protection from fire.
 26705 | D:11     | 26705 ||| UPGRADING to ring of the Hare {EV+8}.
 26707 | D:11     | 26707 ||| DROPPING +4 ring of evasion.
 26770 | D:12     | 26770 ||| Stepping ~*~*~tactically~*~*~ (stealth).
 26773 | D:12     | 26773 ||| Stepping ~*~*~tactically~*~*~ (stealth).
 26778 | D:12     | 26778 ||| Stepping ~*~*~tactically~*~*~ (stealth).
 26779 | D:12     | 26779 ||| INVOKING Heroism.
 26785 | D:12     | 26785 ||| Stepping ~*~*~tactically~*~*~ (outnumbered).
 26790 | D:12     | 26790 ||| Stepping ~*~*~tactically~*~*~ (outnumbered).
 26791 | D:12     | 26791 ||| Stepping ~*~*~tactically~*~*~ (outnumbered).
 26908 | D:12     | 26908 ||| INVOKING Heroism.
 26910 | D:12     | 26910 ||| Stepping ~*~*~tactically~*~*~ (outnumbered).
 26911 | D:12     | 26911 ||| Stepping ~*~*~tactically~*~*~ (outnumbered).
 26918 | D:12     | 26918 ||| Stepping ~*~*~tactically~*~*~ (hiding).
 26936 | D:12     | 26936 ||| Stepping ~*~*~tactically~*~*~ (stealth).
 26938 | D:12     | 26938 ||| Stepping ~*~*~tactically~*~*~ (stealth).
 27076 | D:12     | 27076 ||| INVOKING Heroism.
 27089 | D:12     | 27089 ||| INVOKING Finesse.
 27090 | D:12     | 27090 ||| Stepping ~*~*~tactically~*~*~ (outnumbered).
 27093 | D:12     | 27093 ||| Stepping ~*~*~tactically~*~*~ (outnumbered).
 27094 | D:12     | 27094 ||| Stepping ~*~*~tactically~*~*~ (outnumbered).
 27101 | D:12     | 27101 ||| Stepping ~*~*~tactically~*~*~ (outnumbered).
 27103 | D:12     | Reached skill level 9 in Invocations
 27104 | D:12     | 27104 ||| Stepping ~*~*~tactically~*~*~ (outnumbered).
 27335 | D:12     | 27335 ||| Stepping ~*~*~tactically~*~*~ (stealth).
 27336 | D:12     | 27336 ||| Stepping ~*~*~tactically~*~*~ (stealth).
 27342 | D:12     | 27342 ||| Stepping ~*~*~tactically~*~*~ (stealth).
 27344 | D:12     | 27344 ||| Stepping ~*~*~tactically~*~*~ (stealth).
 27346 | D:12     | 27346 ||| Stepping ~*~*~tactically~*~*~ (stealth).
 27348 | D:12     | 27348 ||| Stepping ~*~*~tactically~*~*~ (stealth).
 27350 | D:12     | 27350 ||| Stepping ~*~*~tactically~*~*~ (stealth).
 27352 | D:12     | 27352 ||| Stepping ~*~*~tactically~*~*~ (stealth).
 27384 | D:12     | 27384 ||| Stepping ~*~*~tactically~*~*~ (stealth).
 27387 | D:12     | 27387 ||| Stepping ~*~*~tactically~*~*~ (stealth).
 27548 | D:12     | 27548 ||| DROPPING amulet of faith.
 27549 | D:12     | 27549 ||| DROPPING ring of flight.
 27608 | D:12     | 27608 ||| READING 3 scrolls of teleportation.
 27609 | D:12     | 27609 ||| STAIRDANCE
 27649 | D:13     | 27649 ||| Stepping ~*~*~tactically~*~*~ (hiding).
 27650 | D:13     | 27650 ||| Stepping ~*~*~tactically~*~*~ (stealth).
 27653 | D:13     | 27653 ||| Stepping ~*~*~tactically~*~*~ (stealth).
 27664 | D:13     | 27664 ||| Stepping ~*~*~tactically~*~*~ (stealth).
 27685 | D:13     | 27685 ||| Stepping ~*~*~tactically~*~*~ (hiding).
 27699 | D:13     | Reached skill level 21 in Unarmed Combat
 27754 | D:13     | Noticed Mallanif's ghost (journeyman GnTm)
 27761 | D:13     | Found a transporter.
 27763 | D:13     | Found a transporter.
 27887 | D:13     | 27887 ||| Stepping ~*~*~tactically~*~*~ (hiding).
 27889 | D:13     | Noticed Frances
 27890 | D:13     | 27890 ||| INVOKING Heroism.
 27891 | D:13     | 27891 ||| INVOKING Finesse.
 27902 | D:13     | Killed Frances
 28005 | D:13     | 28005 ||| INVOKING Heroism.
 28047 | D:13     | 28047 ||| INVOKING Heroism.
 28054 | D:13     | 28054 ||| Stepping ~*~*~tactically~*~*~ (hiding).
 28058 | D:13     | Received a gift from Okawaru
 28174 | D:13     | 28174 ||| READING 2 scrolls of teleportation.
 28186 | D:12     | Noticed Azrael
 28187 | D:12     | 28187 ||| INVOKING Heroism.
 28188 | D:12     | 28188 ||| INVOKING Finesse.
 28212 | D:12     | Killed Azrael
 28221 | D:12     | HP: 36/149 [red devil/+0 trident (9)]
 28222 | D:12     | 28222 ||| READING scroll of teleportation.
 28223 | D:12     | 28223 ||| DRINKING potion of heal wounds.
 28304 | D:12     | 28304 ||| Stepping randomly (stuck).
 28342 | D:14     | 28342 ||| Stepping ~*~*~tactically~*~*~ (hiding).
 28447 | D:14     | Received a gift from Okawaru
 28568 | D:14     | 28568 ||| INVOKING Heroism.
 28576 | D:14     | 28576 ||| Stepping ~*~*~tactically~*~*~ (outnumbered).
 28577 | D:14     | 28577 ||| Stepping ~*~*~tactically~*~*~ (outnumbered).
 28578 | D:14     | 28578 ||| Stepping ~*~*~tactically~*~*~ (outnumbered).
 28579 | D:14     | 28579 ||| Stepping ~*~*~tactically~*~*~ (outnumbered).
 28580 | D:14     | 28580 ||| Stepping ~*~*~tactically~*~*~ (outnumbered).
 28581 | D:14     | 28581 ||| INVOKING Heroism.
 28582 | D:14     | 28582 ||| Stepping ~*~*~tactically~*~*~ (outnumbered).
 28583 | D:14     | 28583 ||| Stepping ~*~*~tactically~*~*~ (outnumbered).
 28584 | D:14     | 28584 ||| Stepping ~*~*~tactically~*~*~ (outnumbered).
 28585 | D:14     | 28585 ||| Stepping ~*~*~tactically~*~*~ (outnumbered).
 28586 | D:14     | 28586 ||| Stepping ~*~*~tactically~*~*~ (outnumbered).
 28587 | D:14     | 28587 ||| Stepping ~*~*~tactically~*~*~ (outnumbered).
 28670 | D:14     | 28670 ||| INVOKING Heroism.
 28671 | D:14     | 28671 ||| INVOKING Finesse.
 28927 | D:14     | Received a gift from Okawaru
 28949 | D:14     | Found a gate to the Vaults.
 29097 | D:14     | 29097 ||| INVOKING Heroism.
 29187 | D:14     | 29187 ||| Stepping ~*~*~tactically~*~*~ (stealth).
 29192 | D:14     | 29192 ||| INVOKING Heroism.
 29200 | D:14     | 29200 ||| Stepping ~*~*~tactically~*~*~ (outnumbered).
 29202 | D:14     | 29202 ||| Stepping ~*~*~tactically~*~*~ (hiding).
 29342 | D:14     | 29342 ||| INVOKING Heroism.
 29359 | D:14     | 29359 ||| Stepping ~*~*~tactically~*~*~ (stealth).
 29361 | D:14     | 29361 ||| Stepping ~*~*~tactically~*~*~ (outnumbered).
 29362 | D:14     | 29362 ||| Stepping ~*~*~tactically~*~*~ (outnumbered).
 29363 | D:14     | 29363 ||| Stepping ~*~*~tactically~*~*~ (outnumbered).
 29364 | D:14     | 29364 ||| Stepping ~*~*~tactically~*~*~ (outnumbered).
 29365 | D:14     | 29365 ||| Stepping ~*~*~tactically~*~*~ (outnumbered).
 29366 | D:14     | 29366 ||| STAIRDANCE
 29368 | D:13     | 29368 ||| Stepping ~*~*~tactically~*~*~ (outnumbered).
 29369 | D:13     | 29369 ||| Stepping ~*~*~tactically~*~*~ (outnumbered).
 29370 | D:13     | 29370 ||| Stepping ~*~*~tactically~*~*~ (outnumbered).
 29374 | D:13     | 29374 ||| DROPPING ring of fire.
 29380 | D:14     | 29380 ||| Stepping ~*~*~tactically~*~*~ (outnumbered).
 29381 | D:14     | 29381 ||| Stepping ~*~*~tactically~*~*~ (outnumbered).
 29403 | D:14     | 29403 ||| INVOKING Heroism.
 29404 | D:14     | 29404 ||| Stepping ~*~*~tactically~*~*~ (outnumbered).
 29772 | D:15     | Entered Level 15 of the Dungeon
 29799 | D:15     | Received a gift from Okawaru
 29811 | D:15     | 29811 ||| Stepping ~*~*~tactically~*~*~ (hiding).
 29812 | D:15     | 29812 ||| Stepping ~*~*~tactically~*~*~ (hiding).
 29813 | D:15     | 29813 ||| Stepping ~*~*~tactically~*~*~ (hiding).
 29815 | D:15     | 29815 ||| INVOKING Heroism.
 29924 | D:15     | Found a transporter.
 29945 | D:15     | 29945 ||| Stepping ~*~*~tactically~*~*~ (stealth).
 29946 | D:15     | 29946 ||| INVOKING Heroism.
 29964 | D:15     | Paralysed by a great orb of eyes for 4 turns
 29969 | D:15     | 29969 ||| DRINKING 14 potions of curing.
 29969 | D:15     | 29969 ||| (to cure confusion)
 29975 | D:15     | Received a gift from Okawaru
 30065 | D:15     | Reached skill level 22 in Unarmed Combat
 30065 | D:15     | 30065 ||| Stepping ~*~*~tactically~*~*~ (hiding).
 30066 | D:15     | 30066 ||| Stepping ~*~*~tactically~*~*~ (hiding).
 30128 | D:15     | Found a basalt altar of Yredelemnul.
 30167 | D:15     | 30167 ||| INVOKING Heroism.
 30168 | D:15     | 30168 ||| Stepping ~*~*~tactically~*~*~ (stealth).
 30169 | D:15     | 30169 ||| INVOKING Finesse.
 30172 | D:15     | Received a gift from Okawaru
 30173 | D:15     | Reached XP level 16. HP: 152/158 MP: 14/22
 30216 | D:15     | 30216 ||| Stepping ~*~*~tactically~*~*~ (stealth).
 30310 | D:15     | Found a sparkling altar of Nemelex Xobeh.
 30387 | D:15     | 30387 ||| INVOKING Heroism.
 30388 | D:15     | 30388 ||| INVOKING Finesse.
 30391 | D:15     | 30391 ||| Stepping ~*~*~tactically~*~*~ (stealth).
 30457 | D:15     | Reached skill level 3 in Dodging
 30474 | D:15     | 30474 ||| Stepping ~*~*~tactically~*~*~ (stealth).
 30478 | D:15     | 30478 ||| Stepping ~*~*~tactically~*~*~ (hiding).
 30484 | D:15     | 30484 ||| INVOKING Heroism.
 30554 | D:15     | 30554 ||| Stepping ~*~*~tactically~*~*~ (outnumbered).
 30565 | D:15     | 30565 ||| INVOKING Heroism.
 30633 | D:15     | Identified the ring "Suggan" {rF+ AC+4 Dex+3}
 30642 | D:15     | 30642 ||| INVOKING Heroism.
 30653 | D:15     | Found a staircase to the Depths.
 30671 | D:15     | 30671 ||| Stepping ~*~*~tactically~*~*~ (outnumbered).
 30704 | D:15     | 30704 ||| INVOKING Heroism.
 30705 | D:15     | 30705 ||| INVOKING Finesse.
 30768 | D:15     | 30768 ||| INVOKING Heroism.
 30786 | D:15     | Identified the ring "Kuhoev" {Ice Will- Dex+8 Stlth-}
 30799 | D:15     | 30799 ||| INVOKING Finesse.
 30806 | D:15     | Received a gift from Okawaru
 30840 | D:15     | 30840 ||| INVOKING Heroism.
 30879 | D:15     | Found a transporter.
 30897 | D:15     | 30897 ||| INVOKING Heroism.
 30898 | D:15     | 30898 ||| Stepping ~*~*~tactically~*~*~ (outnumbered).
 30906 | D:15     | Identified the +3 robe of the Yeti {rC++ Will+ Int+2}
                  | (Okawaru gifted it to you on level 15 of the Dungeon)
 30906 | D:15     | Received a gift from Okawaru
 30944 | D:15     | 30944 ||| Stepping ~*~*~tactically~*~*~ (hiding).
 31068 | D:15     | 31068 ||| Stepping ~*~*~tactically~*~*~ (outnumbered).
 31074 | D:15     | 31074 ||| Stepping ~*~*~tactically~*~*~ (outnumbered).
 31092 | D:15     | Identified the ring "Vileaced" {Drain rPois rC+ Str+4
                  | Int+7}
 31131 | D:15     | 31131 ||| INVOKING Heroism.
 31132 | D:15     | 31132 ||| INVOKING Finesse.
 31136 | D:15     | 31136 ||| Stepping ~*~*~tactically~*~*~ (outnumbered).
 31219 | D:15     | Found a glowing golden altar of the Shining One.
 31221 | D:15     | 31221 ||| Stepping ~*~*~tactically~*~*~ (stealth).
 31223 | D:15     | 31223 ||| Stepping ~*~*~tactically~*~*~ (stealth).
 31335 | D:15     | 31335 ||| PLANNING ORC
 31335 | D:15     | 31335 ||| DROPPING orb of energy.
 31336 | D:15     | 31336 ||| UPGRADING to +0 kite shield.
 31341 | D:15     | 31341 ||| DROPPING ring of protection from fire.
 31342 | D:15     | 31342 ||| UPGRADING to ring of poison resistance.
 31344 | D:15     | 31344 ||| UPGRADING to ring "Suggan" {rF+ AC+4 Dex+3}.
 31346 | D:15     | 31346 ||| DROPPING +4 ring of protection.
 31347 | D:15     | 31347 ||| UPGRADING to ring "Vileaced" {Drain rPois rC+
                  | Str+4 Int+7}.
 31349 | D:15     | 31349 ||| DROPPING ring of poison resistance.
 31350 | D:15     | 31350 ||| DROPPING +4 ring of slaying {mikee}.
 31351 | D:15     | 31351 ||| UPGRADING to ring of the Hare {EV+8}.
 31353 | D:15     | 31353 ||| READING scroll labelled ZIENOYTUNO.
 31421 | D:15     | 31421 ||| READING 22 scrolls of identify.
 31421 | D:15     | 31421 ||| IDENTIFYING black potion
 31568 | Orc:1    | Entered Level 1 of the Orcish Mines
 31598 | Orc:1    | 31598 ||| Stepping ~*~*~tactically~*~*~ (stealth).
 31600 | Orc:1    | 31600 ||| Stepping ~*~*~tactically~*~*~ (stealth).
 31602 | Orc:1    | 31602 ||| Stepping ~*~*~tactically~*~*~ (stealth).
 31603 | Orc:1    | 31603 ||| Stepping ~*~*~tactically~*~*~ (stealth).
 31604 | Orc:1    | 31604 ||| Stepping ~*~*~tactically~*~*~ (stealth).
 31613 | Orc:1    | 31613 ||| INVOKING Heroism.
 31619 | Orc:1    | 31619 ||| Stepping ~*~*~tactically~*~*~ (outnumbered).
 31620 | Orc:1    | 31620 ||| Stepping ~*~*~tactically~*~*~ (outnumbered).
 31621 | Orc:1    | 31621 ||| Stepping ~*~*~tactically~*~*~ (outnumbered).
 31622 | Orc:1    | 31622 ||| Stepping ~*~*~tactically~*~*~ (outnumbered).
 31623 | Orc:1    | 31623 ||| Stepping ~*~*~tactically~*~*~ (outnumbered).
 31624 | Orc:1    | 31624 ||| Stepping ~*~*~tactically~*~*~ (outnumbered).
 31625 | Orc:1    | 31625 ||| Stepping ~*~*~tactically~*~*~ (outnumbered).
 31626 | Orc:1    | 31626 ||| Stepping ~*~*~tactically~*~*~ (outnumbered).
 31627 | Orc:1    | 31627 ||| Stepping ~*~*~tactically~*~*~ (outnumbered).
 31631 | Orc:1    | 31631 ||| Stepping ~*~*~tactically~*~*~ (outnumbered).
 31632 | Orc:1    | 31632 ||| Stepping ~*~*~tactically~*~*~ (outnumbered).
 31633 | Orc:1    | 31633 ||| Stepping ~*~*~tactically~*~*~ (outnumbered).
 31634 | Orc:1    | 31634 ||| Stepping ~*~*~tactically~*~*~ (hiding).
 31635 | Orc:1    | 31635 ||| Stepping ~*~*~tactically~*~*~ (outnumbered).
 31636 | Orc:1    | 31636 ||| Stepping ~*~*~tactically~*~*~ (outnumbered).
 31637 | Orc:1    | 31637 ||| Stepping ~*~*~tactically~*~*~ (outnumbered).
 31638 | Orc:1    | 31638 ||| Stepping ~*~*~tactically~*~*~ (outnumbered).
 31640 | Orc:1    | 31640 ||| Stepping ~*~*~tactically~*~*~ (outnumbered).
 31642 | Orc:1    | 31642 ||| Stepping ~*~*~tactically~*~*~ (outnumbered).
 31643 | Orc:1    | 31643 ||| Stepping ~*~*~tactically~*~*~ (outnumbered).
 31644 | Orc:1    | 31644 ||| Stepping ~*~*~tactically~*~*~ (outnumbered).
 31645 | Orc:1    | 31645 ||| Stepping ~*~*~tactically~*~*~ (outnumbered).
 31646 | Orc:1    | 31646 ||| Stepping ~*~*~tactically~*~*~ (outnumbered).
 31647 | Orc:1    | 31647 ||| Stepping ~*~*~tactically~*~*~ (outnumbered).
 31650 | Orc:1    | 31650 ||| INVOKING Heroism.
 31836 | Orc:1    | 31836 ||| INVOKING Heroism.
 31840 | Orc:1    | 31840 ||| Stepping ~*~*~tactically~*~*~ (outnumbered).
 31841 | Orc:1    | 31841 ||| Stepping ~*~*~tactically~*~*~ (outnumbered).
 31842 | Orc:1    | 31842 ||| Stepping ~*~*~tactically~*~*~ (outnumbered).
 31843 | Orc:1    | 31843 ||| Stepping ~*~*~tactically~*~*~ (outnumbered).
 31847 | Orc:1    | 31847 ||| Stepping ~*~*~tactically~*~*~ (outnumbered).
 31866 | Orc:1    | 31866 ||| INVOKING Finesse.
 31868 | Orc:1    | Reached skill level 1 in Shields
 32043 | Orc:2    | Entered Level 2 of the Orcish Mines
 32219 | Orc:2    | 32219 ||| Stepping ~*~*~tactically~*~*~ (hiding).
 32221 | Orc:2    | 32221 ||| Stepping ~*~*~tactically~*~*~ (hiding).
 32259 | Orc:2    | 32259 ||| INVOKING Heroism.
 32263 | Orc:2    | 32263 ||| Stepping ~*~*~tactically~*~*~ (outnumbered).
 32265 | Orc:2    | 32265 ||| Stepping ~*~*~tactically~*~*~ (outnumbered).
 32269 | Orc:2    | 32269 ||| Stepping ~*~*~tactically~*~*~ (outnumbered).
 32273 | Orc:2    | 32273 ||| Stepping ~*~*~tactically~*~*~ (outnumbered).
 32283 | Orc:2    | HP: 34/162 [orc priest/divine providence (15)]
 32284 | Orc:2    | 32284 ||| READING 2 scrolls of teleportation.
 32285 | Orc:2    | 32285 ||| DRINKING potion of heal wounds.
 32286 | Orc:2    | 32286 ||| INVOKING Heroism.
 32288 | Orc:2    | HP: 36/162 [orc warrior/+0 war axe[an orc warlord] (5)]
 32289 | Orc:2    | Reached skill level 3 in Shields
 32423 | Orc:2    | Found a staircase to the Elven Halls.
 32472 | Orc:2    | 32472 ||| Stepping ~*~*~tactically~*~*~ (hiding).
 32473 | Orc:2    | 32473 ||| INVOKING Heroism.
 32497 | Orc:2    | 32497 ||| Stepping ~*~*~tactically~*~*~ (outnumbered).
 32499 | Orc:2    | 32499 ||| Stepping ~*~*~tactically~*~*~ (outnumbered).
 32500 | Orc:2    | 32500 ||| Stepping ~*~*~tactically~*~*~ (outnumbered).
 32501 | Orc:2    | 32501 ||| Stepping ~*~*~tactically~*~*~ (outnumbered).
 32503 | Orc:2    | 32503 ||| Stepping ~*~*~tactically~*~*~ (hiding).
 32504 | Orc:2    | 32504 ||| Stepping ~*~*~tactically~*~*~ (hiding).
 32505 | Orc:2    | 32505 ||| Stepping ~*~*~tactically~*~*~ (hiding).
 32511 | Orc:2    | 32511 ||| Stepping ~*~*~tactically~*~*~ (outnumbered).
 32512 | Orc:2    | 32512 ||| Stepping ~*~*~tactically~*~*~ (outnumbered).
 32513 | Orc:2    | 32513 ||| Stepping ~*~*~tactically~*~*~ (outnumbered).
 32514 | Orc:2    | 32514 ||| Stepping ~*~*~tactically~*~*~ (hiding).
 32520 | Orc:2    | 32520 ||| Stepping ~*~*~tactically~*~*~ (outnumbered).
 32523 | Orc:2    | 32523 ||| INVOKING Heroism.
 32568 | Orc:2    | 32568 ||| INVOKING Heroism.
 32623 | Orc:2    | 32623 ||| Stepping ~*~*~tactically~*~*~ (stealth).
 32624 | Orc:2    | 32624 ||| Stepping ~*~*~tactically~*~*~ (stealth).
 32625 | Orc:2    | 32625 ||| Stepping ~*~*~tactically~*~*~ (stealth).
 32626 | Orc:2    | 32626 ||| Stepping ~*~*~tactically~*~*~ (stealth).
 32632 | Orc:2    | 32632 ||| INVOKING Heroism.
 32645 | Orc:2    | 32645 ||| Stepping ~*~*~tactically~*~*~ (outnumbered).
 32646 | Orc:2    | 32646 ||| Stepping ~*~*~tactically~*~*~ (outnumbered).
 32647 | Orc:2    | 32647 ||| Stepping ~*~*~tactically~*~*~ (outnumbered).
 32648 | Orc:2    | 32648 ||| Stepping ~*~*~tactically~*~*~ (outnumbered).
 32649 | Orc:2    | 32649 ||| Stepping ~*~*~tactically~*~*~ (hiding).
 32656 | Orc:2    | 32656 ||| Stepping ~*~*~tactically~*~*~ (outnumbered).
 32657 | Orc:2    | 32657 ||| Stepping ~*~*~tactically~*~*~ (outnumbered).
 32658 | Orc:2    | 32658 ||| Stepping ~*~*~tactically~*~*~ (outnumbered).
 32678 | Orc:2    | 32678 ||| INVOKING Heroism.
 32682 | Orc:2    | Reached skill level 6 in Shields
 32703 | Orc:2    | 32703 ||| Stepping ~*~*~tactically~*~*~ (stealth).
 32704 | Orc:2    | 32704 ||| Stepping ~*~*~tactically~*~*~ (stealth).
 32730 | Orc:2    | 32730 ||| Stepping ~*~*~tactically~*~*~ (stealth).
 32733 | Orc:2    | 32733 ||| Stepping ~*~*~tactically~*~*~ (stealth).
 32734 | Orc:2    | 32734 ||| Stepping ~*~*~tactically~*~*~ (stealth).
 32735 | Orc:2    | 32735 ||| Stepping ~*~*~tactically~*~*~ (stealth).
 32736 | Orc:2    | 32736 ||| FLEEEEING.
 32737 | Orc:2    | 32737 ||| FLEEEEING.
 32739 | Orc:2    | 32739 ||| Stepping ~*~*~tactically~*~*~ (outnumbered).
 32740 | Orc:2    | 32740 ||| FLEEEEING.
 32741 | Orc:2    | 32741 ||| FLEEEEING.
 32742 | Orc:2    | 32742 ||| FLEEEEING.
 32743 | Orc:2    | 32743 ||| FLEEEEING.
 32744 | Orc:2    | 32744 ||| FLEEEEING.
 32745 | Orc:2    | 32745 ||| FLEEEEING.
 32746 | Orc:2    | 32746 ||| FLEEEEING.
 32747 | Orc:2    | 32747 ||| FLEEEEING.
 32748 | Orc:2    | 32748 ||| FLEEEEING.
 32749 | Orc:2    | 32749 ||| FLEEEEING.
 32750 | Orc:2    | 32750 ||| FLEEEEING.
 32751 | Orc:2    | 32751 ||| FLEEEEING.
 32752 | Orc:2    | 32752 ||| FLEEEEING.
 32753 | Orc:2    | 32753 ||| FLEEEEING.
 32754 | Orc:2    | 32754 ||| FLEEEEING.
 32755 | Orc:2    | 32755 ||| FLEEEEING.
 32757 | Orc:2    | 32757 ||| Stepping ~*~*~tactically~*~*~ (outnumbered).
 32758 | Orc:2    | 32758 ||| Stepping ~*~*~tactically~*~*~ (outnumbered).
 32760 | Orc:2    | 32760 ||| Stepping ~*~*~tactically~*~*~ (outnumbered).
 32761 | Orc:2    | 32761 ||| FLEEEEING.
 32762 | Orc:2    | 32762 ||| FLEEEEING.
 32763 | Orc:2    | 32763 ||| FLEEEEING.
 32764 | Orc:2    | 32764 ||| FLEEEEING.
 32765 | Orc:2    | 32765 ||| FLEEEEING.
 32766 | Orc:2    | 32766 ||| FLEEEEING.
 32767 | Orc:2    | 32767 ||| FLEEEEING.
 32768 | Orc:2    | 32768 ||| FLEEEEING.
 32769 | Orc:2    | 32769 ||| FLEEEEING.
 32771 | Orc:2    | 32771 ||| Stepping ~*~*~tactically~*~*~ (outnumbered).
 32825 | Orc:2    | 32825 ||| Stepping ~*~*~tactically~*~*~ (stealth).
 32835 | Orc:2    | 32835 ||| Stepping ~*~*~tactically~*~*~ (hiding).
 32870 | Orc:2    | 32870 ||| Stepping ~*~*~tactically~*~*~ (stealth).
 32875 | Orc:2    | 32875 ||| Stepping ~*~*~tactically~*~*~ (stealth).
 32876 | Orc:2    | 32876 ||| Stepping ~*~*~tactically~*~*~ (stealth).
 33041 | Orc:2    | 33041 ||| Stepping ~*~*~tactically~*~*~ (stealth).
 33104 | Orc:2    | Found Meph's Armour Boutique.
 33115 | Orc:2    | Found Heecraf's Assorted Antiques.
 33121 | Orc:2    | 33121 ||| BUYING potion of might (104 gold).
 33121 | Orc:2    | Bought a potion of might for 104 gold pieces
 33121 | Orc:2    | 33121 ||| BUYING scroll labelled SISCHU HARAF (26 gold).
 33121 | Orc:2    | Bought a scroll labelled SISCHU HARAF for 26 gold pieces
 33121 | Orc:2    | 33121 ||| BUYING scroll of teleportation (78 gold).
 33121 | Orc:2    | Bought a scroll of teleportation for 78 gold pieces
 33188 | Orc:2    | Found Buapp's Distillery.
 33193 | Orc:2    | Found Ysorib's Weapon Shop.
 33194 | Orc:2    | 33194 ||| BUYING 2 potions of haste (320 gold).
 33194 | Orc:2    | Bought 2 potions of haste for 320 gold pieces
 33194 | Orc:2    | 33194 ||| BUYING potion of curing (48 gold).
 33194 | Orc:2    | Bought a potion of curing for 48 gold pieces
 33194 | Orc:2    | 33194 ||| BUYING potion of curing (48 gold).
 33194 | Orc:2    | Bought a potion of curing for 48 gold pieces
 33194 | Orc:2    | 33194 ||| BUYING potion of might (64 gold).
 33194 | Orc:2    | Bought a potion of might for 64 gold pieces
 33194 | Orc:2    | 33194 ||| BUYING potion of mutation (128 gold).
 33194 | Orc:2    | Bought a potion of mutation for 128 gold pieces
 33194 | Orc:2    | 33194 ||| BUYING potion of resistance (160 gold).
 33194 | Orc:2    | Bought a potion of resistance for 160 gold pieces
 33271 | Orc:2    | 33271 ||| PLANNING SWAMP:1-3
 33271 | Orc:2    | 33271 ||| READING scroll labelled SISCHU HARAF.
 33271 | Orc:2    | 33271 ||| ACQUIRING amulet of Music {Spirit rF++}
 33271 | Orc:2    | Acquired the amulet of Music {Spirit rF++}
 33482 | Swamp:1  | Entered Level 1 of the Swamp
 33485 | Swamp:1  | 33485 ||| INVOKING Heroism.
 33490 | Swamp:1  | Noticed Louise
 33512 | Swamp:1  | Killed Louise
 33597 | Swamp:1  | 33597 ||| Stepping ~*~*~tactically~*~*~ (hiding).
 33614 | Swamp:1  | 33614 ||| Stepping ~*~*~tactically~*~*~ (hiding).
 33724 | Swamp:1  | 33724 ||| INVOKING Heroism.
 33729 | Swamp:1  | Received a gift from Okawaru
 33916 | Swamp:1  | 33916 ||| INVOKING Heroism.
 33925 | Swamp:1  | Reached XP level 17. HP: 115/170 MP: 21/23
 33927 | Swamp:1  | 33927 ||| Stepping ~*~*~tactically~*~*~ (stealth).
 34046 | Swamp:1  | 34046 ||| Stepping ~*~*~tactically~*~*~ (stealth).
 34048 | Swamp:1  | 34048 ||| Stepping ~*~*~tactically~*~*~ (stealth).
 34051 | Swamp:1  | 34051 ||| Stepping ~*~*~tactically~*~*~ (stealth).
 34103 | Swamp:1  | 34103 ||| Stepping ~*~*~tactically~*~*~ (stealth).
 34112 | Swamp:1  | 34112 ||| Stepping ~*~*~tactically~*~*~ (stealth).
 34114 | Swamp:1  | 34114 ||| Stepping ~*~*~tactically~*~*~ (stealth).
 34119 | Swamp:1  | 34119 ||| Stepping ~*~*~tactically~*~*~ (stealth).
 34132 | Swamp:1  | 34132 ||| Stepping ~*~*~tactically~*~*~ (stealth).
 34142 | Swamp:1  | 34142 ||| Stepping ~*~*~tactically~*~*~ (stealth).
 34144 | Swamp:1  | 34144 ||| Stepping ~*~*~tactically~*~*~ (stealth).
 34265 | Swamp:1  | 34265 ||| Stepping ~*~*~tactically~*~*~ (outnumbered).
 34267 | Swamp:1  | 34267 ||| Stepping ~*~*~tactically~*~*~ (outnumbered).
 34268 | Swamp:1  | 34268 ||| Stepping ~*~*~tactically~*~*~ (outnumbered).
 34273 | Swamp:1  | Received a gift from Okawaru
 34388 | Swamp:1  | 34388 ||| Stepping ~*~*~tactically~*~*~ (stealth).
 34390 | Swamp:1  | 34390 ||| Stepping ~*~*~tactically~*~*~ (stealth).
 34397 | Swamp:1  | 34397 ||| Stepping ~*~*~tactically~*~*~ (cloud).
 34429 | Swamp:1  | 34429 ||| INVOKING Heroism.
 34474 | Swamp:1  | 34474 ||| Stepping ~*~*~tactically~*~*~ (hiding).
 34576 | Swamp:1  | 34576 ||| Stepping ~*~*~tactically~*~*~ (hiding).
 34695 | Swamp:1  | 34695 ||| Stepping ~*~*~tactically~*~*~ (hiding).
 34797 | Swamp:1  | 34797 ||| Stepping ~*~*~tactically~*~*~ (hiding).
 34899 | Swamp:1  | 34899 ||| INVOKING Heroism.
 34937 | Swamp:1  | 34937 ||| Stepping ~*~*~tactically~*~*~ (stealth).
 34939 | Swamp:1  | 34939 ||| Stepping ~*~*~tactically~*~*~ (stealth).
 34942 | Swamp:1  | 34942 ||| INVOKING Heroism.
 35090 | Swamp:1  | 35090 ||| UPGRADING to +0 tower shield.
 35100 | Swamp:1  | 35100 ||| DROPPING +0 kite shield.
 35169 | Swamp:2  | 35169 ||| INVOKING Heroism.
 35337 | Swamp:2  | 35337 ||| FLEEEEING.
 35338 | Swamp:2  | 35338 ||| FLEEEEING.
 35339 | Swamp:2  | 35339 ||| FLEEEEING.
 35389 | Swamp:2  | 35389 ||| Stepping ~*~*~tactically~*~*~ (outnumbered).
 35393 | Swamp:2  | 35393 ||| Stepping ~*~*~tactically~*~*~ (outnumbered).
 35395 | Swamp:2  | 35395 ||| INVOKING Heroism.
 35399 | Swamp:2  | Reached skill level 9 in Shields
 35452 | Swamp:2  | 35452 ||| INVOKING Heroism.
 35459 | Swamp:2  | 35459 ||| Stepping ~*~*~tactically~*~*~ (stealth).
 35478 | Swamp:2  | 35478 ||| Stepping ~*~*~tactically~*~*~ (stealth).
 35502 | Swamp:2  | Received a gift from Okawaru
 35521 | Swamp:2  | 35521 ||| Stepping ~*~*~tactically~*~*~ (stealth).
 35522 | Swamp:2  | 35522 ||| Stepping ~*~*~tactically~*~*~ (stealth).
 35524 | Swamp:2  | 35524 ||| Stepping ~*~*~tactically~*~*~ (stealth).
 35569 | Swamp:2  | 35569 ||| FLEEEEING.
 35570 | Swamp:2  | 35570 ||| FLEEEEING.
 35710 | Swamp:2  | 35710 ||| Stepping ~*~*~tactically~*~*~ (cloud).
 35733 | Swamp:2  | 35733 ||| Stepping ~*~*~tactically~*~*~ (stealth).
 35734 | Swamp:2  | 35734 ||| Stepping ~*~*~tactically~*~*~ (stealth).
 35808 | Swamp:2  | 35808 ||| INVOKING Heroism.
 35859 | Swamp:2  | 35859 ||| INVOKING Heroism.
 35873 | Swamp:2  | HP: 39/170 [freezing wraith (4)]
 35874 | Swamp:2  | 35874 ||| READING 3 scrolls of teleportation.
 36058 | Swamp:2  | 36058 ||| Stepping ~*~*~tactically~*~*~ (stealth).
 36074 | Swamp:2  | 36074 ||| Stepping ~*~*~tactically~*~*~ (stealth).
 36076 | Swamp:2  | 36076 ||| Stepping ~*~*~tactically~*~*~ (stealth).
 36078 | Swamp:2  | 36078 ||| Stepping ~*~*~tactically~*~*~ (stealth).
 36080 | Swamp:2  | 36080 ||| Stepping ~*~*~tactically~*~*~ (stealth).
 36082 | Swamp:2  | 36082 ||| Stepping ~*~*~tactically~*~*~ (stealth).
 36084 | Swamp:2  | 36084 ||| Stepping ~*~*~tactically~*~*~ (stealth).
 36099 | Swamp:2  | 36099 ||| Stepping ~*~*~tactically~*~*~ (stealth).
 36101 | Swamp:2  | 36101 ||| Stepping ~*~*~tactically~*~*~ (stealth).
 36103 | Swamp:2  | 36103 ||| Stepping ~*~*~tactically~*~*~ (stealth).
 36179 | Swamp:2  | Found the +5 glaive of the Guard {elec, spectral, AC+5}
 36295 | Swamp:2  | 36295 ||| Stepping ~*~*~tactically~*~*~ (stealth).
 36304 | Swamp:2  | 36304 ||| INVOKING Heroism.
 36318 | Swamp:2  | HP: 39/165 [lightning spire/bolt of electricity (10)]
 36319 | Swamp:2  | 36319 ||| READING 2 scrolls of teleportation.
 36554 | Swamp:2  | 36554 ||| Stepping ~*~*~tactically~*~*~ (stealth).
 36583 | Swamp:2  | 36583 ||| INVOKING Heroism.
 36793 | Swamp:2  | 36793 ||| READING 2 scrolls of acquirement.
 36793 | Swamp:2  | 36793 ||| ACQUIRING +0 tower shield of Classification
                  | {Rampage rN+ Str+4 Dex+3}
 36793 | Swamp:2  | Acquired the +0 tower shield of Classification {Rampage rN+
                  | Str+4 Dex+3}
 36795 | Swamp:2  | 36795 ||| UPGRADING to +0 tower shield of Classification
                  | {Rampage rN+ Str+4 Dex+3}.
 36805 | Swamp:2  | 36805 ||| DROPPING +0 tower shield.
 36806 | Swamp:2  | 36806 ||| READING scroll of acquirement.
 36806 | Swamp:2  | 36806 ||| ACQUIRING +1 robe of the Unseen Realm {Str+6
                  | Dex+2}
 36806 | Swamp:2  | Acquired the +1 robe of the Unseen Realm {Str+6 Dex+2}
 36984 | Swamp:2  | 36984 ||| INVOKING Heroism.
 37041 | Swamp:2  | 37041 ||| INVOKING Heroism.
 37051 | Swamp:2  | HP: 40/170 [lightning spire/bolt of electricity (11)]
 37052 | Swamp:2  | 37052 ||| READING scroll of teleportation.
 37198 | Swamp:2  | 37198 ||| INVOKING Heroism.
 37224 | Swamp:2  | HP: 38/170 [lightning spire/bolt of electricity (16)]
 37231 | Swamp:2  | HP: 26/170 [lightning spire/bolt of electricity (7)]
 37236 | Swamp:2  | HP: 6/170 [lightning spire/bolt of electricity (8)]
 37237 | Swamp:2  | HP: 2/170 [lightning spire/bolt of electricity (6)]
 37239 | Swamp:2  | Killed from afar by a lightning spire

Levels and vault maps discovered:
D:1:      roderic_chinese_lattice_arrival, layout_loops_ring,
          dreamdust_ecumenical_altar_grove, serial_shops, shop,
          minmay_pentomino_z2
D:2:      layout_loops_ring, basic_altar, uniq_sigmund
D:3:      layout_loops_cross, eat_drink_and_be_merry_uskayaw,
          grunt_gozag_breadcrumbs, portal_sewer_entry_b
D:4:      layout_basic, grunt_dithmenos_smoke, kennysheep_little_box,
          serial_shops, nicolae_shop_advertising_works
          [nicolae_subvault_shop_adworks], hangedman_abyss_or_decor_stabs,
          uniq_pikel
D:5:      layout_loops_ring, nicolae_hepliaklqana_hazy_memory,
          mainiacjoe_overflow_paths, minmay_guarded_unrand_staff_of_olgreb,
          uniq_menkaure, uniq_crazy_yiuf_cottage
D:6:      layout_loops_ring, grunt_temple_overflow_holy_war,
          mainiacjoe_overflow_small_starburst, temple_statues,
          nicolae_ossuary_entry_plus, minmay_misc_feat_chi
D:7:      cheibrodos_statue_roulette, layout_gridville, bloody_makhleb,
          mainiacjoe_overflow_catwalk, mainiacjoe_overflow_brackets,
          hellmonk_guarded_unrand_night
D:8:      layout_basic, tgw_xom, trog_book, lair_entry_dummy, uniq_gastronok
D:9:      layout_grid_maze, mainiacjoe_overflow_large_starburst, serial_shops,
          nicolae_diamond_shop, minmay_misc_feat_secret_circle,
          hangedman_incinerator
D:10:     layout_long_grid, kennysheep_generic_room_4
D:11:     minmay_the_grid_octo_tiled_octocenter_mashed
          [minmay_the_grid_octo_checkered, minmay_the_grid_octo_vomiting_pacman,
          minmay_the_grid_octo_fan_narrow, minmay_the_grid_octo_clover,
          minmay_the_grid_octo_prize_star, minmay_the_grid_square_5x5_gyroscope,
          minmay_the_grid_square_5x5_plus,
          minmay_the_grid_square_5x5_pentomino_r,
          minmay_the_grid_square_5x5_two_small], layout_irregular_city,
          david_orc_4
D:12:     cheibrodos_quadrivalence, layout_rooms, serial_bayou,
          serial_bayou_pond_b, serial_bayou_pond_c, serial_bayou_ford_a,
          serial_bayou_pond_b, serial_bayou_shore_b, serial_bayou_crossing,
          uniq_azrael
D:13:     layout_basic, gammafunk_ghost_hive, uniq_frances
D:14:     layout_gridville, david_vaults_1, nrook_mini_backslash, special_room
          [special_room_orc]
D:15:     hangedman_spin_cycle
Temple:   hellmonk_temple_beads
Lair:1:   layout_cellular_growth, special_room [special_room_bee],
          gammafunk_ghost_split
Lair:2:   layout_cave_pods, nicolae_swamp_entry_splash_gauntlet,
          nicolae_volcano_entry_two_sided, minmay_shattered_shrine
Lair:3:   layout_regular_city, spider_nest_entry_rubble
Lair:4:   layout_regular_city, dpeg_slime_entry_enclosed, minivault_27,
          grunt_forest_stairs_clearing, serial_bayou_shore_a
Lair:5:   guppyfry_lair_end_dragon, layout_layer_cave,
          hangedman_lair_tendril_chambers, chequers_serial_rivers_micro_e,
          nzn_masters_of_martial_movement
Swamp:1:  nicolae_swamp_standing_stones, layout_basic_swamp,
          evilmike_swamp_ruin_rubble_2, swamp_pool1,
          nicolae_swamp_bloodsuckers_inc, uniq_louise
Swamp:2:  nicolae_swamp_flooded_prison, layout_basic_swamp,
          nicolae_swamp_oxbows, hangedman_swamp_phenomena
Orc:1:    layout_caves, basic_altar
Orc:2:    st_orc_open, layout_diamond_mine

Skill      XL: |  1  2  3  4  5  6  7  8  9 10 11 12 13 14 15 16 17 |
---------------+----------------------------------------------------+-----
Unarmed Combat | 4 6 8 9 11 13 15 16 18 19 20 22 | 22.0
Fighting       | 3 4 5 6 7 8 9 10 11 | 11.1
Dodging        | 1 2 3 |  3.0
Throwing       | 5 7 9 11 | 11.0
Armour         | 1 |  1.6
Invocations    | 4 8 10 | 10.0
Shields        | 7 11 | 11.0
Spellcasting   | |  1.0
Fire Magic     | |  2.1

Action                   |  1- 3 |  4- 6 |  7- 9 | 10-12 | 13-15 | 16-18 || total
-------------------------+-------+-------+-------+-------+-------+-------++-------
Melee: Unarmed           |    92 |   169 |   278 |   380 |   943 |   606 ||  2468
       Punch             |       |     4 |    14 |    31 |   107 |    26 ||   182
Throw: Boomerang         |       |     3 |       |       |     6 |       ||     9
       Large rock        |       |       |       |    30 |   116 |    78 ||   224
Invok: Fiery Armour      |       |       |     3 |    10 |       |       ||    13
       Heroism           |       |       |       |       |    52 |    35 ||    87
       Finesse           |       |       |       |       |     6 |     5 ||    11
  Use: Scroll            |     3 |     7 |    12 |     6 |     9 |     9 ||    46
       Potion            |       |       |     5 |     2 |     7 |     1 ||    15
 Stab: Distracted        |       |       |       |       |     2 |       ||     2
       Sleeping          |       |       |       |       |     1 |     1 ||     2
Armor: Robe              |    11 |    36 |    56 |   165 |   383 |   107 ||   758
Dodge: Dodged            |    28 |    45 |    82 |   165 |   838 |   349 ||  1507
Block: Kite shield       |       |       |       |       |       |   135 ||   135
       Tower shield      |       |       |       |       |       |    80 ||    80

Table legend:
 A = Non-vault XP
 B = Vault XP
 C = Vault XP percentage of total XP
 D = Non-vault monster count
 E = Vault monster count
 F = Vault count percentage of total count
                 A         B        C        D         E       F
            +---------+---------+-------+---------+---------+-------
      Total |  103543 |  150607 |  59.3 |     523 |     406 |  43.7
            +---------+---------+-------+---------+---------+-------
        D:1 |      38 |       4 |   9.5 |      23 |       2 |   8.0
        D:2 |      50 |     231 |  82.2 |      23 |       1 |   4.2
        D:3 |      69 |      23 |  25.0 |      27 |       7 |  20.6
        D:4 |     379 |     685 |  64.4 |      18 |       1 |   5.3
        D:5 |     250 |     172 |  40.8 |      11 |       1 |   8.3
        D:6 |    1389 |       0 |   0.0 |      25 |       0 |   0.0
        D:7 |     803 |    3560 |  81.6 |      15 |      11 |  42.3
        D:8 |     637 |    1521 |  70.5 |      13 |       3 |  18.8
        D:9 |    2104 |    1034 |  33.0 |      26 |       7 |  21.2
       D:10 |    5070 |       0 |   0.0 |      25 |       0 |   0.0
       D:11 |    6833 |   17505 |  71.9 |      14 |      52 |  78.8
       D:12 |    3727 |    8164 |  68.7 |      29 |      20 |  40.8
       D:13 |    6924 |    1463 |  17.4 |      17 |       3 |  15.0
       D:14 |    8823 |    3832 |  30.3 |      26 |      24 |  48.0
       D:15 |     809 |   46955 |  98.3 |       3 |      73 |  96.1
     Lair:1 |    5790 |    1499 |  20.6 |      20 |      20 |  50.0
     Lair:2 |    6480 |    6368 |  49.6 |      24 |      14 |  36.8
     Lair:3 |    9078 |     223 |   2.4 |      22 |       1 |   4.3
     Lair:4 |   10140 |     966 |   8.7 |      33 |       6 |  15.4
     Lair:5 |    7842 |   14806 |  65.4 |      30 |      50 |  62.5
    Swamp:1 |    9119 |    8747 |  49.0 |      17 |      20 |  54.1
    Swamp:2 |   10053 |   16976 |  62.8 |      14 |      28 |  66.7
      Orc:1 |    1937 |       0 |   0.0 |      23 |       0 |   0.0
      Orc:2 |    5199 |   14860 |  74.1 |      45 |      37 |  45.1
    Ossuary |       0 |    1013 | 100.0 |       0 |      25 | 100.0
            +---------+---------+-------+---------+---------+-------
